Workbook

Sheet Indizes_Indices
R1: 1
A2: <KBOB.Titel> | U2: <BAS2025_KURZ>
A5: <KBOB.HIN1> | C5: =IFERROR(VLOOKUP(A5,PPI_IPI_PGA_PGAI!$A:$N,$R$1+1,FALSE),"") -> Hinweis zu den Grenzen der Interpretation der detaillierten KBOB-Indizes | Q5: Sprache / Langue | U5: <KBOB.AB> | KO5: =IFERROR(VLOOKUP($S$11,PPI_IPI_PGA_PGAI!A:N,$R$1+1,FALSE),"") -> Basis Dezember 2025 = 100
A7: <KBOB.HIN2> | D7: =IFERROR(VLOOKUP(A7,PPI_IPI_PGA_PGAI!$A:$N,$R$1+1,FALSE),"") -> Das System des Produzentenpreisindexes ist ein komplexes Konstrukt von rund 1000 Warenkörben und Aggregationen, welches für die | U7: <KBOB.FETT>
A8: <KBOB.HIN3> | D8: =IFERROR(VLOOKUP(A8,PPI_IPI_PGA_PGAI!$A:$N,$R$1+1,FALSE),"") -> Berechnung einer globalen Teuerung auf Produktionsstufe ausgelegt ist. Trotz der stabilen und bewährten Qualitätssicherung kann die | U8: <KBOB.HELL>
A9: <KBOB.HIN4> | D9: =IFERROR(VLOOKUP(A9,PPI_IPI_PGA_PGAI!$A:$N,$R$1+1,FALSE),"") -> Genauigkeit der in der KBOB veröffentlichten, sehr detaillierten Indizes, nicht garantiert werden. Dies liegt daran, dass die Preisstatistik keine
A10: <KBOB.HIN5> | D10: =IFERROR(VLOOKUP(A10,PPI_IPI_PGA_PGAI!$A:$N,$R$1+1,FALSE),"") -> Vollerhebung ist. Die Umfrage basiert auf einer gezielten Stichprobe, die repräsentativ für alle Typen von Akteuren in den verschiedenen
A11: <KBOB.HIN6> | D11: =IFERROR(VLOOKUP(A11,PPI_IPI_PGA_PGAI!$A:$N,$R$1+1,FALSE),"") -> Branchen ist. Auf einer sehr detaillierten Ebene hängt die Qualität der Ergebnisse stark von der Homogenität der Branche | S11: <BAS2025>
A12: <KBOB.HIN7> | D12: =IFERROR(VLOOKUP(A12,PPI_IPI_PGA_PGAI!$A:$N,$R$1+1,FALSE),"") -> und der Antwortquote ab.
A15: <KBOB.INFO1> | C15: =IFERROR(VLOOKUP(A15,PPI_IPI_PGA_PGAI!$A:$N,$R$1+1,FALSE),"") -> Informationen zu den erfassten Produkten
A17: <KBOB.INFO2> | D17: =IFERROR(VLOOKUP(A17,PPI_IPI_PGA_PGAI!$A:$N,$R$1+1,FALSE),"") -> Durch Anklicken des Produktcodes gelangen Sie zur Liste der Produkte, die potenziell dem jeweiligen Index zugeordnet werden können. | P17: <KBOB.12> | Q17: <KBOB.1> | R17: <KBOB.2> | S17: <KBOB.3> | T17: <KBOB.4> | U17: <KBOB.5> | V17: <KBOB.6> | W17: <KBOB.7> | X17: <KBOB.8> | Y17: <KBOB.9> | Z17: <KBOB.10> | AA17: <KBOB.11> | AB17: <KBOB.12> | AC17: <KBOB.1> | AD17: <KBOB.2> | AE17: <KBOB.3> | AF17: <KBOB.4> | AG17: <KBOB.5> | AH17: <KBOB.6> | AI17: <KBOB.7> | AJ17: <KBOB.8> | AK17: <KBOB.9> | AL17: <KBOB.10> | AM17: <KBOB.11> | AN17: <KBOB.12> | AO17: <KBOB.1> | AP17: <KBOB.2> | AQ17: <KBOB.3> | AR17: <KBOB.4> | AS17: <KBOB.5> | AT17: <KBOB.6> | AU17: <KBOB.7> | AV17: <KBOB.8> | AW17: <KBOB.9> | AX17: <KBOB.10> | AY17: <KBOB.11> | AZ17: <KBOB.12> | BA17: <KBOB.1> | BB17: <KBOB.2> | BC17: <KBOB.3> | BD17: <KBOB.4> | BE17: <KBOB.5> | BF17: <KBOB.6> | BG17: <KBOB.7> | BH17: <KBOB.8> | BI17: <KBOB.9> | BJ17: <KBOB.10> | BK17: <KBOB.11> | BL17: <KBOB.12> | BM17: <KBOB.1> | BN17: <KBOB.2> | BO17: <KBOB.3> | BP17: <KBOB.4> | BQ17: <KBOB.5> | BR17: <KBOB.6> | BS17: <KBOB.7> | BT17: <KBOB.8> | BU17: <KBOB.9> | BV17: <KBOB.10> | BW17: <KBOB.11> | BX17: <KBOB.12> | BY17: <KBOB.1> | BZ17: <KBOB.2> | CA17: <KBOB.3> | CB17: <KBOB.4> | CC17: <KBOB.5> | CD17: <KBOB.6> | CE17: <KBOB.7> | CF17: <KBOB.8> | CG17: <KBOB.9> | CH17: <KBOB.10> | CI17: <KBOB.11> | CJ17: <KBOB.12> | CK17: <KBOB.1> | CL17: <KBOB.2> | CM17: <KBOB.3> | CN17: <KBOB.4> | CO17: <KBOB.5> | CP17: <KBOB.6> | CQ17: <KBOB.7> | CR17: <KBOB.8> | CS17: <KBOB.9> | CT17: <KBOB.10> | CU17: <KBOB.11> | CV17: <KBOB.12> | CW17: <KBOB.1> | CX17: <KBOB.2> | CY17: <KBOB.3> | CZ17: <KBOB.4> | DA17: <KBOB.5> | DB17: <KBOB.6> | DC17: <KBOB.7> | DD17: <KBOB.8> | DE17: <KBOB.9> | DF17: <KBOB.10> | DG17: <KBOB.11> | DH17: <KBOB.12> | DI17: <KBOB.1> | DJ17: <KBOB.2> | DK17: <KBOB.3> | DL17: <KBOB.4> | DM17: <KBOB.5> | DN17: <KBOB.6> | DO17: <KBOB.7> | DP17: <KBOB.8> | DQ17: <KBOB.9> | DR17: <KBOB.10> | DS17: <KBOB.11> | DT17: <KBOB.12> | DU17: <KBOB.1> | DV17: <KBOB.2> | DW17: <KBOB.3> | DX17: <KBOB.4> | DY17: <KBOB.5> | DZ17: <KBOB.6> | EA17: <KBOB.7> | EB17: <KBOB.8> | EC17: <KBOB.9> | ED17: <KBOB.10> | EE17: <KBOB.11> | EF17: <KBOB.12> | EG17: <KBOB.1> | EH17: <KBOB.2> | EI17: <KBOB.3> | EJ17: <KBOB.4> | EK17: <KBOB.5> | EL17: <KBOB.6> | EM17: <KBOB.7> | EN17: <KBOB.8> | EO17: <KBOB.9> | EP17: <KBOB.10> | EQ17: <KBOB.11> | ER17: <KBOB.12> | ES17: <KBOB.1> | ET17: <KBOB.2> | EU17: <KBOB.3> | EV17: <KBOB.4> | EW17: <KBOB.5> | EX17: <KBOB.6> | EY17: <KBOB.7> | EZ17: <KBOB.8> | FA17: <KBOB.9> | FB17: <KBOB.10> | FC17: <KBOB.11> | FD17: <KBOB.12> | FE17: <KBOB.1> | FF17: <KBOB.2> | FG17: <KBOB.3> | FH17: <KBOB.4> | FI17: <KBOB.5> | FJ17: <KBOB.6> | FK17: <KBOB.7> | FL17: <KBOB.8> | FM17: <KBOB.9> | FN17: <KBOB.10> | FO17: <KBOB.11> | FP17: <KBOB.12> | FQ17: <KBOB.1> | FR17: <KBOB.2> | FS17: <KBOB.3> | FT17: <KBOB.4> | FU17: <KBOB.5> | FV17: <KBOB.6> | FW17: <KBOB.7> | FX17: <KBOB.8> | FY17: <KBOB.9> | FZ17: <KBOB.10> | GA17: <KBOB.11> | GB17: <KBOB.12> | GC17: <KBOB.1> | GD17: <KBOB.2> | GE17: <KBOB.3> | GF17: <KBOB.4> | GG17: <KBOB.5> | GH17: <KBOB.6> | GI17: <KBOB.7> | GJ17: <KBOB.8> | GK17: <KBOB.9> | GL17: <KBOB.10> | GM17: <KBOB.11> | GN17: <KBOB.12> | GO17: <KBOB.1> | GP17: <KBOB.2> | GQ17: <KBOB.3> | GR17: <KBOB.4> | GS17: <KBOB.5> | GT17: <KBOB.6> | GU17: <KBOB.7> | GV17: <KBOB.8> | GW17: <KBOB.9> | GX17: <KBOB.10> | GY17: <KBOB.11> | GZ17: <KBOB.12> | HA17: <KBOB.1> | HB17: <KBOB.2> | HC17: <KBOB.3> | HD17: <KBOB.4> | HE17: <KBOB.5> | HF17: <KBOB.6> | HG17: <KBOB.7> | HH17: <KBOB.8> | HI17: <KBOB.9> | HJ17: <KBOB.10> | HK17: <KBOB.11> | HL17: <KBOB.12> | HM17: <KBOB.1> | HN17: <KBOB.2> | HO17: <KBOB.3> | HP17: <KBOB.4> | HQ17: <KBOB.5> | HR17: <KBOB.6> | HS17: <KBOB.7> | HT17: <KBOB.8> | HU17: <KBOB.9> | HV17: <KBOB.10> | HW17: <KBOB.11> | HX17: <KBOB.12> | HY17: <KBOB.1> | HZ17: <KBOB.2> | IA17: <KBOB.3> | IB17: <KBOB.4> | IC17: <KBOB.5> | ID17: <KBOB.6> | IE17: <KBOB.7> | IF17: <KBOB.8> | IG17: <KBOB.9> | IH17: <KBOB.10> | II17: <KBOB.11> | IJ17: <KBOB.12> | IK17: <KBOB.1> | IL17: <KBOB.2> | IM17: <KBOB.3> | IN17: <KBOB.4> | IO17: <KBOB.5> | IP17: <KBOB.6> | IQ17: <KBOB.7> | IR17: <KBOB.8> | IS17: <KBOB.9> | IT17: <KBOB.10> | IU17: <KBOB.11> | IV17: <KBOB.12> | IW17: <KBOB.1> | IX17: <KBOB.2> | IY17: <KBOB.3> | IZ17: <KBOB.4> | JA17: <KBOB.5> | JB17: <KBOB.6> | JC17: <KBOB.7> | JD17: <KBOB.8> | JE17: <KBOB.9> | JF17: <KBOB.10> | JG17: <KBOB.11> | JH17: <KBOB.12> | JI17: <KBOB.1> | JJ17: <KBOB.2> | JK17: <KBOB.3> | JL17: <KBOB.4> | JM17: <KBOB.5> | JN17: <KBOB.6> | JO17: <KBOB.7> | JP17: <KBOB.8> | JQ17: <KBOB.9> | JR17: <KBOB.10> | JS17: <KBOB.11> | JT17: <KBOB.12> | JU17: <KBOB.1> | JV17: <KBOB.2> | JW17: <KBOB.3> | JX17: <KBOB.4> | JY17: <KBOB.5> | JZ17: <KBOB.6> | KA17: <KBOB.7> | KB17: <KBOB.8> | KC17: <KBOB.9> | KD17: <KBOB.10> | KE17: <KBOB.11> | KF17: <KBOB.12> | KG17: <KBOB.1> | KH17: <KBOB.2> | KI17: <KBOB.3> | KJ17: <KBOB.4> | KK17: <KBOB.5> | KL17: <KBOB.6> | KM17: <KBOB.7> | KN17: <KBOB.8> | KO17: <KBOB.9> | KP17: <KBOB.4> | KQ17: <KBOB.5> | KR17: <KBOB.6> | KS17: <KBOB.7> | KT17: <KBOB.8> | KU17: <KBOB.9> | KV17: <KBOB.10> | KW17: <KBOB.11> | KX17: <KBOB.12> | KY17: <KBOB.1> | KZ17: <KBOB.2> | LA17: <KBOB.3> | LB17: <KBOB.4> | LC17: <KBOB.5> | LD17: <KBOB.6> | LE17: <KBOB.7> | LF17: <KBOB.8> | LG17: <KBOB.9> | LH17: <KBOB.10> | LI17: <KBOB.11> | LJ17: <KBOB.12> | LK17: <KBOB.1> | LL17: <KBOB.2> | LM17: <KBOB.3> | LN17: <KBOB.4> | LO17: <KBOB.5> | LP17: <KBOB.6> | LQ17: <KBOB.7> | LR17: <KBOB.8> | LS17: <KBOB.9> | LT17: <KBOB.10> | LU17: <KBOB.11> | LV17: <KBOB.12> | LW17: <KBOB.1> | LX17: <KBOB.2> | LY17: <KBOB.3> | LZ17: <KBOB.4> | MA17: <KBOB.5> | MB17: <KBOB.6> | MC17: <KBOB.7> | MD17: <KBOB.8> | ME17: <KBOB.9> | MF17: <KBOB.10> | MG17: <KBOB.11> | MH17: <KBOB.12> | MI17: <KBOB.1> | MJ17: <KBOB.2> | MK17: <KBOB.3> | ML17: <KBOB.4> | MM17: <KBOB.5> | MN17: <KBOB.6> | MO17: <KBOB.7> | MP17: <KBOB.8> | MQ17: <KBOB.9> | MR17: <KBOB.10> | MS17: <KBOB.11> | MT17: <KBOB.12> | MU17: <KBOB.1> | MV17: <KBOB.2> | MW17: <KBOB.3> | MX17: <KBOB.4> | MY17: <KBOB.5> | MZ17: <KBOB.6> | NA17: <KBOB.7> | NB17: <KBOB.8> | NC17: <KBOB.9> | ND17: <KBOB.10> | NE17: <KBOB.11> | NF17: <KBOB.12> | NG17: <KBOB.1> | NH17: <KBOB.2> | NI17: <KBOB.3> | NJ17: <KBOB.4> | NK17: <KBOB.5> | NL17: <KBOB.6> | NM17: <KBOB.7> | NN17: <KBOB.8> | NO17: <KBOB.9> | NP17: <KBOB.10> | NQ17: <KBOB.11> | NR17: <KBOB.12>
D19: <PRODUCT-CODE.NEW> | E19: <PRODUCT-CODE.OLD>
A21: <PRODUCT-CODE> | B21: <KBOB.OLD> | D21: =IFERROR(VLOOKUP(A21,PPI_IPI_PGA_PGAI!$A:$N,$R$1+1,FALSE),"") -> Produktcode | E21: =IFERROR(VLOOKUP(A21,PPI_IPI_PGA_PGAI!$A:$N,$R$1+1,FALSE),"") -> Produktcode | F21: =IFERROR(VLOOKUP(A22,PPI_IPI_PGA_PGAI!$A:$N,$R$1+1,FALSE),"") -> Produktgruppen | P21: =IFERROR(VLOOKUP(P17,PPI_IPI_PGA_PGAI!$A:$N,$R$1+1,FALSE),"") -> Dez. | Q21: =IFERROR(VLOOKUP(Q17,PPI_IPI_PGA_PGAI!$A:$N,$R$1+1,FALSE),"") -> Jan. | R21: =IFERROR(VLOOKUP(R17,PPI_IPI_PGA_PGAI!$A:$N,$R$1+1,FALSE),"") -> Feb. | S21: =IFERROR(VLOOKUP(S17,PPI_IPI_PGA_PGAI!$A:$N,$R$1+1,FALSE),"") -> März | T21: =IFERROR(VLOOKUP(T17,PPI_IPI_PGA_PGAI!$A:$N,$R$1+1,FALSE),"") -> April | U21: =IFERROR(VLOOKUP(U17,PPI_IPI_PGA_PGAI!$A:$N,$R$1+1,FALSE),"") -> Mai | V21: =IFERROR(VLOOKUP(V17,PPI_IPI_PGA_PGAI!$A:$N,$R$1+1,FALSE),"") -> Juni | W21: =IFERROR(VLOOKUP(W17,PPI_IPI_PGA_PGAI!$A:$N,$R$1+1,FALSE),"") -> Juli | ... KO21: =IFERROR(VLOOKUP(KO17,PPI_IPI_PGA_PGAI!$A:$N,$R$1+1,FALSE),"") -> Sept.
A22: <PROD_GROUP> | B22: <KBOB.NEU> | D22: =IFERROR(VLOOKUP(B21,PPI_IPI_PGA_PGAI!$A:$N,$R$1+1,FALSE),"") -> Bisher | E22: =IFERROR(VLOOKUP(B22,PPI_IPI_PGA_PGAI!$A:$N,$R$1+1,FALSE),"") -> Neu | P22: 2002 | Q22: 2003 | R22: 2003 | S22: 2003 | T22: 2003 | U22: 2003 | V22: 2003 | W22: 2003 | X22: 2003 | Y22: 2003 | Z22: 2003 | AA22: 2003 | AB22: 2003 | AC22: 2004 | AD22: 2004 | AE22: 2004 | AF22: 2004 | AG22: 2004 | AH22: 2004 | AI22: 2004 | AJ22: 2004 | AK22: 2004 | AL22: 2004 | AM22: 2004 | AN22: 2004 | AO22: 2005 | AP22: 2005 | AQ22: 2005 | AR22: 2005 | AS22: 2005 | AT22: 2005 | AU22: 2005 | AV22: 2005 | AW22: 2005 | AX22: 2005 | AY22: 2005 | AZ22: 2005 | BA22: 2006 | BB22: 2006 | BC22: 2006 | BD22: 2006 | BE22: 2006 | BF22: 2006 | BG22: 2006 | BH22: 2006 | BI22: 2006 | BJ22: 2006 | BK22: 2006 | BL22: 2006 | BM22: 2007 | BN22: 2007 | BO22: 2007 | BP22: 2007 | BQ22: 2007 | BR22: 2007 | BS22: 2007 | BT22: 2007 | BU22: 2007 | BV22: 2007 | BW22: 2007 | BX22: 2007 | BY22: 2008 | BZ22: 2008 | CA22: 2008 | CB22: 2008 | CC22: 2008 | CD22: 2008 | CE22: 2008 | CF22: 2008 | CG22: 2008 | CH22: 2008 | CI22: 2008 | CJ22: 2008 | CK22: 2009 | CL22: 2009 | CM22: 2009 | CN22: 2009 | CO22: 2009 | CP22: 2009 | CQ22: 2009 | CR22: 2009 | CS22: 2009 | CT22: 2009 | CU22: 2009 | CV22: 2009 | CW22: 2010 | CX22: 2010 | CY22: 2010 | CZ22: 2010 | DA22: 2010 | DB22: 2010 | DC22: 2010 | DD22: 2010 | DE22: 2010 | DF22: 2010 | DG22: 2010 | DH22: 2010 | DI22: 2011 | DJ22: 2011 | DK22: 2011 | DL22: 2011 | DM22: 2011 | DN22: 2011 | DO22: 2011 | DP22: 2011 | DQ22: 2011 | DR22: 2011 | DS22: 2011 | DT22: 2011 | DU22: 2012 | DV22: 2012 | DW22: 2012 | DX22: 2012 | DY22: 2012 | DZ22: 2012 | EA22: 2012 | EB22: 2012 | EC22: 2012 | ED22: 2012 | EE22: 2012 | EF22: 2012 | EG22: 2013 | EH22: 2013 | EI22: 2013 | EJ22: 2013 | EK22: 2013 | EL22: 2013 | EM22: 2013 | EN22: 2013 | EO22: 2013 | EP22: 2013 | EQ22: 2013 | ER22: 2013 | ES22: 2014 | ET22: 2014 | EU22: 2014 | EV22: 2014 | EW22: 2014 | EX22: 2014 | EY22: 2014 | EZ22: 2014 | FA22: 2014 | FB22: 2014 | FC22: 2014 | FD22: 2014 | FE22: 2015 | FF22: 2015 | FG22: 2015 | FH22: 2015 | FI22: 2015 | FJ22: 2015 | FK22: 2015 | FL22: 2015 | FM22: 2015 | FN22: 2015 | FO22: 2015 | FP22: 2015 | FQ22: 2016 | FR22: 2016 | FS22: 2016 | FT22: 2016 | FU22: 2016 | FV22: 2016 | FW22: 2016 | FX22: 2016 | FY22: 2016 | FZ22: 2016 | GA22: 2016 | GB22: 2016 | GC22: 2017 | GD22: 2017 | GE22: 2017 | GF22: 2017 | GG22: 2017 | GH22: 2017 | GI22: 2017 | GJ22: 2017 | GK22: 2017 | GL22: 2017 | GM22: 2017 | GN22: 2017 | GO22: 2018 | GP22: 2018 | GQ22: 2018 | GR22: 2018 | GS22: 2018 | GT22: 2018 | GU22: 2018 | GV22: 2018 | GW22: 2018 | GX22: 2018 | GY22: 2018 | GZ22: 2018 | HA22: 2019 | HB22: 2019 | HC22: 2019 | HD22: 2019 | HE22: 2019 | HF22: 2019 | HG22: 2019 | HH22: 2019 | HI22: 2019 | HJ22: 2019 | HK22: 2019 | HL22: 2019 | HM22: 2020 | HN22: 2020 | HO22: 2020 | HP22: 2020 | HQ22: 2020 | HR22: 2020 | HS22: 2020 | HT22: 2020 | HU22: 2020 | HV22: 2020 | HW22: 2020 | HX22: 2020 | HY22: 2021 | HZ22: 2021 | IA22: 2021 | IB22: 2021 | IC22: 2021 | ID22: 2021 | IE22: 2021 | IF22: 2021 | IG22: 2021 | IH22: 2021 | II22: 2021 | IJ22: 2021 | IK22: 2022 | IL22: 2022 | IM22: 2022 | IN22: 2022 | IO22: 2022 | IP22: 2022 | IQ22: 2022 | IR22: 2022 | IS22: 2022 | IT22: 2022 | IU22: 2022 | IV22: 2022 | IW22: 2023 | IX22: 2023 | IY22: 2023 | IZ22: 2023 | JA22: 2023 | JB22: 2023 | JC22: 2023 | JD22: 2023 | JE22: 2023 | JF22: 2023 | JG22: 2023 | JH22: 2023 | JI22: 2024 | JJ22: 2024 | JK22: 2024 | JL22: 2024 | JM22: 2024 | JN22: 2024 | JO22: 2024 | JP22: 2024 | JQ22: 2024 | JR22: 2024 | JS22: 2024 | JT22: 2024 | JU22: 2025 | JV22: 2025 | JW22: 2025 | JX22: 2025 | JY22: 2025 | JZ22: 2025 | KA22: 2025 | KB22: 2025 | KC22: 2025 | KD22: 2025 | KE22: 2025 | KF22: 2025 | KG22: 2026 | KH22: 2026 | KI22: 2026 | KJ22: 2026 | KK22: 2026 | KL22: 2026 | KM22: 2026 | KN22: 2026 | KO22: 2026
A25: <KBOB.01.3> | E25: 01.3 | F25: =IFERROR(VLOOKUP(A25,PPI_IPI_PGA_PGAI!$A:$N,$R$1+1,FALSE),"") -> Baumschulprodukte | P25: … | Q25: … | R25: … | S25: … | T25: … | U25: … | V25: … | W25: … | X25: … | Y25: … | Z25: … | AA25: … | AB25: … | AC25: … | AD25: … | AE25: … | AF25: … | AG25: … | AH25: … | AI25: … | AJ25: … | AK25: … | AL25: … | AM25: … | AN25: … | AO25: … | AP25: … | AQ25: … | AR25: … | AS25: … | AT25: … | AU25: … | AV25: … | AW25: … | AX25: … | AY25: … | AZ25: … | BA25: … | BB25: … | BC25: … | BD25: … | BE25: … | BF25: … | BG25: … | BH25: … | BI25: … | BJ25: … | BK25: … | BL25: … | BM25: … | BN25: … | BO25: … | BP25: … | BQ25: … | BR25: … | BS25: … | BT25: … | BU25: … | BV25: … | BW25: … | BX25: … | BY25: … | BZ25: … | CA25: … | CB25: … | CC25: … | CD25: … | CE25: … | CF25: … | CG25: … | CH25: … | CI25: … | CJ25: … | CK25: … | CL25: … | CM25: … | CN25: … | CO25: … | CP25: … | CQ25: … | CR25: … | CS25: … | CT25: … | CU25: … | CV25: … | CW25: … | CX25: … | CY25: … | CZ25: … | DA25: … | DB25: … | DC25: … | DD25: … | DE25: … | DF25: … | DG25: … | DH25: 74.5414 | DI25: 74.5414 | DJ25: 74.5414 | DK25: 74.6396 | DL25: 74.6396 | DM25: 74.6396 | DN25: 74.6396 | DO25: 74.6396 | DP25: 74.6396 | DQ25: 74.2601 | DR25: 74.2601 | DS25: 74.2601 | DT25: 74.2601 | DU25: 74.2601 | DV25: 74.2601 | DW25: 73.7906 | DX25: 73.7906 | DY25: 73.7906 | DZ25: 73.7906 | EA25: 73.7906 | EB25: 73.7906 | EC25: 74.6656 | ED25: 74.6656 | EE25: 74.6656 | EF25: 74.6656 | EG25: 74.6656 | EH25: 74.6656 | EI25: 74.1132 | EJ25: 74.1132 | EK25: 74.1132 | EL25: 74.1132 | EM25: 74.1132 | EN25: 74.1132 | EO25: 73.9407 | EP25: 73.9407 | EQ25: 73.9407 | ER25: 73.9407 | ES25: 73.9407 | ET25: 73.9407 | EU25: 73.2055 | EV25: 73.2055 | EW25: 73.2055 | EX25: 73.2055 | EY25: 73.2055 | EZ25: 73.2055 | FA25: 73.8233 | FB25: 73.8233 | FC25: 73.8233 | FD25: 73.8233 | FE25: 73.8233 | FF25: 73.8233 | FG25: 71.4961 | FH25: 71.4961 | FI25: 71.4961 | FJ25: 71.4961 | FK25: 71.4961 | FL25: 71.4961 | FM25: 69.7335 | FN25: 69.7335 | FO25: 69.7335 | FP25: 69.7335 | FQ25: 69.7335 | FR25: 69.7335 | FS25: 70.1407 | FT25: 70.1407 | FU25: 70.1407 | FV25: 70.1407 | FW25: 70.1407 | FX25: 70.1407 | FY25: 70.3944 | FZ25: 70.3944 | GA25: 70.3944 | GB25: 70.3944 | GC25: 70.3944 | GD25: 70.3944 | GE25: 68.9971 | GF25: 68.9971 | GG25: 68.9971 | GH25: 68.9971 | GI25: 68.9971 | GJ25: 68.9971 | GK25: 69.8564 | GL25: 69.8564 | GM25: 69.8564 | GN25: 69.8564 | GO25: 69.8564 | GP25: 69.8564 | GQ25: 71.3799 | GR25: 71.3799 | GS25: 71.3799 | GT25: 71.3799 | GU25: 71.3799 | GV25: 71.3799 | GW25: 72.045 | GX25: 72.045 | GY25: 72.045 | GZ25: 72.045 | HA25: 72.045 | HB25: 72.045 | HC25: 73.7015 | HD25: 73.7015 | HE25: 73.7015 | HF25: 73.7015 | HG25: 73.7015 | HH25: 73.7015 | HI25: 74.4062 | HJ25: 74.4062 | HK25: 74.4062 | HL25: 74.4062 | HM25: 74.4062 | HN25: 74.4062 | HO25: 76.4945 | HP25: 76.4945 | HQ25: 76.4945 | HR25: 76.4945 | HS25: 76.4945 | HT25: 76.4945 | HU25: 78.5277 | HV25: 78.5277 | HW25: 78.5277 | HX25: 78.5277 | HY25: 78.5277 | HZ25: 78.5277 | IA25: 82.1122 | IB25: 82.1122 | IC25: 82.1122 | ID25: 82.1122 | IE25: 82.1122 | IF25: 82.1122 | IG25: 85.8393 | IH25: 85.8393 | II25: 85.8393 | IJ25: 85.8393 | IK25: 85.8393 | IL25: 85.8393 | IM25: 91.5277 | IN25: 91.5277 | IO25: 91.5277 | IP25: 91.5277 | IQ25: 91.5277 | IR25: 91.5277 | IS25: 94.7931 | IT25: 94.7931 | IU25: 94.7931 | IV25: 94.7931 | IW25: 94.7931 | IX25: 94.7931 | IY25: 95.6847 | IZ25: 95.6847 | JA25: 95.6847 | JB25: 95.6847 | JC25: 95.6847 | JD25: 95.6847 | JE25: 95.8343 | JF25: 95.8343 | JG25: 95.8343 | JH25: 95.8343 | JI25: 95.8343 | JJ25: 95.8343 | JK25: 97.4721 | JL25: 97.4721 | JM25: 97.4721 | JN25: 97.4721 | JO25: 97.4721 | JP25: 97.4721 | JQ25: 97.2954 | JR25: 97.2954 | JS25: 97.2954 | JT25: 97.2954 | JU25: 97.2954 | JV25: 97.2954 | JW25: 98.4667 | JX25: 98.4667 | JY25: 98.4667 | JZ25: 98.4667 | KA25: 98.4667 | KB25: 98.4667 | KC25: 100 | KD25: 100 | KE25: 100 | KF25: 100 | KG25: 100 | KH25: 100 | KI25: 100.8218 | KJ25: 100.8218 | KK25: 100.8218 | KL25: 100.8218 | KM25: 100.8218 | KN25: 100.8218 | KO25: 102.0722
A26: <KBOB.02.20.13> | E26: 02.20.13 | F26: =IFERROR(VLOOKUP(A26,PPI_IPI_PGA_PGAI!$A:$N,$R$1+1,FALSE),"") -> Energieholz (Total) | P26: 52.2547 | Q26: 52.2547 | R26: 52.2547 | S26: 50.2082 | T26: 50.2082 | U26: 50.2082 | V26: 50.2082 | W26: 51.8382 | X26: 51.8382 | Y26: 51.8382 | Z26: 51.8382 | AA26: 51.7008 | AB26: 51.7008 | AC26: 51.7008 | AD26: 51.7008 | AE26: 52.2281 | AF26: 52.2281 | AG26: 52.2281 | AH26: 52.2281 | AI26: 51.9003 | AJ26: 51.9003 | AK26: 51.9003 | AL26: 51.9003 | AM26: 51.9079 | AN26: 51.9079 | AO26: 51.9079 | AP26: 51.9079 | AQ26: 53.4144 | AR26: 53.4144 | AS26: 53.4144 | AT26: 53.4144 | AU26: 54.1806 | AV26: 54.1806 | AW26: 54.1806 | AX26: 54.1806 | AY26: 53.8759 | AZ26: 53.8759 | BA26: 53.8759 | BB26: 53.8759 | BC26: 55.4412 | BD26: 55.4412 | BE26: 55.4412 | BF26: 55.4412 | BG26: 55.7946 | BH26: 55.7946 | BI26: 55.7946 | BJ26: 55.7946 | BK26: 60.7429 | BL26: 60.7429 | BM26: 60.7429 | BN26: 60.7429 | BO26: 58.4707 | BP26: 58.4707 | BQ26: 58.4707 | BR26: 58.4707 | BS26: 60.1875 | BT26: 60.1875 | BU26: 60.1875 | BV26: 60.1875 | BW26: 60.4399 | BX26: 60.4399 | BY26: 60.4399 | BZ26: 60.4399 | CA26: 61.0459 | CB26: 61.0459 | CC26: 61.0459 | CD26: 61.0459 | CE26: 61.4498 | CF26: 61.4498 | CG26: 61.4498 | CH26: 61.4498 | CI26: 64.0755 | CJ26: 64.0755 | CK26: 64.0755 | CL26: 64.0755 | CM26: 62.7627 | CN26: 62.7627 | CO26: 62.7627 | CP26: 62.7627 | CQ26: 60.8944 | CR26: 60.8944 | CS26: 60.8944 | CT26: 60.8944 | CU26: 62.4092 | CV26: 62.4092 | CW26: 62.4092 | CX26: 62.4092 | CY26: 63.1665 | CZ26: 63.1665 | DA26: 63.1665 | DB26: 63.1665 | DC26: 61.2984 | DD26: 61.2984 | DE26: 61.2984 | DF26: 61.2984 | DG26: 63.7725 | DH26: 63.7725 | DI26: 63.7725 | DJ26: 63.7725 | DK26: 65.2673 | DL26: 65.1454 | DM26: 65.1454 | DN26: 65.1454 | DO26: 66.8979 | DP26: 66.7199 | DQ26: 66.7199 | DR26: 66.7199 | DS26: 66.648 | DT26: 67.1768 | DU26: 67.1768 | DV26: 67.1768 | DW26: 66.4634 | DX26: 66.3759 | DY26: 66.3759 | DZ26: 66.3759 | EA26: 67.7276 | EB26: 66.7434 | EC26: 66.7434 | ED26: 66.7434 | EE26: 66.1698 | EF26: 66.5963 | EG26: 66.5963 | EH26: 66.5963 | EI26: 67.3041 | EJ26: 66.6133 | EK26: 66.6133 | EL26: 66.6133 | EM26: 67.4378 | EN26: 67.7387 | EO26: 67.7387 | EP26: 67.7387 | EQ26: 69.0157 | ER26: 68.6718 | ES26: 68.6718 | ET26: 68.6718 | EU26: 68.0564 | EV26: 68.504 | EW26: 68.504 | EX26: 68.504 | EY26: 69.4657 | EZ26: 69.6009 | FA26: 69.6009 | FB26: 69.6009 | FC26: 69.8362 | FD26: 69.8718 | FE26: 69.8718 | FF26: 69.8718 | FG26: 70.6998 | FH26: 70.7221 | FI26: 70.7221 | FJ26: 70.7221 | FK26: 73.4672 | FL26: 72.959 | FM26: 72.959 | FN26: 72.959 | FO26: 72.959 | FP26: 72.8888 | FQ26: 72.8888 | FR26: 73.1931 | FS26: 73.1931 | FT26: 74.5167 | FU26: 74.5167 | FV26: 74.4751 | FW26: 74.4751 | FX26: 73.9145 | FY26: 73.9145 | FZ26: 74.7035 | GA26: 74.7035 | GB26: 73.2069 | GC26: 73.2069 | GD26: 71.4964 | GE26: 71.4964 | GF26: 75.7115 | GG26: 75.7115 | GH26: 76.1489 | GI26: 76.1489 | GJ26: 77.0179 | GK26: 77.0179 | GL26: 77.6994 | GM26: 77.6994 | GN26: 77.0219 | GO26: 77.0219 | GP26: 77.5205 | GQ26: 77.5205 | GR26: 78.4144 | GS26: 78.4144 | GT26: 79.2785 | GU26: 79.2785 | GV26: 79.8188 | GW26: 79.8188 | GX26: 79.4173 | GY26: 79.4173 | GZ26: 78.8187 | HA26: 78.8187 | HB26: 79.8606 | HC26: 79.8606 | HD26: 79.7857 | HE26: 79.7857 | HF26: 77.6929 | HG26: 77.6929 | HH26: 79.8485 | HI26: 79.8485 | HJ26: 79.9807 | HK26: 79.9807 | HL26: 78.3804 | HM26: 78.3804 | HN26: 78.1368 | HO26: 78.1368 | HP26: 80.0365 | HQ26: 80.0365 | HR26: 81.1374 | HS26: 81.1374 | HT26: 80.6385 | HU26: 80.6385 | HV26: 78.6425 | HW26: 78.6425 | HX26: 79.1137 | HY26: 79.1137 | HZ26: 78.9968 | IA26: 78.9968 | IB26: 79.8445 | IC26: 79.8445 | ID26: 79.3133 | IE26: 79.3133 | IF26: 78.8826 | IG26: 78.8826 | IH26: 79.2517 | II26: 79.2517 | IJ26: 79.4432 | IK26: 79.4432 | IL26: 79.7302 | IM26: 79.7302 | IN26: 80.9148 | IO26: 80.9148 | IP26: 82.0242 | IQ26: 82.0242 | IR26: 80.7868 | IS26: 80.7868 | IT26: 80.6975 | IU26: 80.6975 | IV26: 85.1813 | IW26: 85.1813 | IX26: 93.3209 | IY26: 93.3209 | IZ26: 95.2328 | JA26: 95.2328 | JB26: 94.9838 | JC26: 94.9838 | JD26: 94.593 | JE26: 94.593 | JF26: 91.8418 | JG26: 91.8418 | JH26: 93.2677 | JI26: 93.2677 | JJ26: 93.9347 | JK26: 93.9347 | JL26: 95.862 | JM26: 95.862 | JN26: 94.4119 | JO26: 94.4119 | JP26: 98.0254 | JQ26: 98.0254 | JR26: 96.2181 | JS26: 96.2181 | JT26: 96.9482 | JU26: 96.9482 | JV26: 98.3923 | JW26: 98.3923 | JX26: 97.9851 | JY26: 97.9851 | JZ26: 99.2438 | KA26: 99.2438 | KB26: 97.4423 | KC26: 97.4423 | KD26: 95.0039 | KE26: 95.0039 | KF26: 100 | KG26: 100 | KH26: 102.5796 | KI26: 102.5796 | KJ26: 97.8364 | KK26: 97.8364 | KL26: 98.4328 | KM26: 98.4328 | KN26: 95.909 | KO26: 95.909
A27: <KBOB.02.20.133> | E27: 02.20.133 1) | F27: =IFERROR(VLOOKUP(A27,PPI_IPI_PGA_PGAI!$A:$N,$R$1+1,FALSE),"") -> Energieholz für die Hackschnitzelproduktion | P27: … | Q27: … | R27: … | S27: … | T27: … | U27: … | V27: … | W27: … | X27: … | Y27: … | Z27: … | AA27: … | AB27: … | AC27: … | AD27: … | AE27: … | AF27: … | AG27: … | AH27: … | AI27: … | AJ27: … | AK27: … | AL27: … | AM27: … | AN27: … | AO27: … | AP27: … | AQ27: … | AR27: … | AS27: … | AT27: … | AU27: … | AV27: … | AW27: … | AX27: … | AY27: … | AZ27: … | BA27: … | BB27: … | BC27: … | BD27: … | BE27: … | BF27: … | BG27: … | BH27: … | BI27: … | BJ27: … | BK27: … | BL27: … | BM27: … | BN27: … | BO27: … | BP27: … | BQ27: … | BR27: … | BS27: … | BT27: … | BU27: … | BV27: … | BW27: … | BX27: … | BY27: … | BZ27: … | CA27: … | CB27: … | CC27: … | CD27: … | CE27: … | CF27: … | CG27: … | CH27: … | CI27: … | CJ27: … | CK27: … | CL27: … | CM27: … | CN27: … | CO27: … | CP27: … | CQ27: … | CR27: … | CS27: … | CT27: … | CU27: … | CV27: … | CW27: … | CX27: … | CY27: … | CZ27: … | DA27: … | DB27: … | DC27: … | DD27: … | DE27: … | DF27: … | DG27: … | DH27: 80.0706 | DI27: 80.0706 | DJ27: 80.0706 | DK27: 80.0706 | DL27: 79.2356 | DM27: 79.2356 | DN27: 79.2356 | DO27: 79.2356 | DP27: 78.0155 | DQ27: 78.0155 | DR27: 78.0155 | DS27: 78.0155 | DT27: 81.6412 | DU27: 81.6412 | DV27: 81.6412 | DW27: 81.6412 | DX27: 81.0411 | DY27: 81.0411 | DZ27: 81.0411 | EA27: 81.0411 | EB27: 74.2929 | EC27: 74.2929 | ED27: 74.2929 | EE27: 74.2929 | EF27: 77.2171 | EG27: 77.2171 | EH27: 77.2171 | EI27: 77.2171 | EJ27: 72.4803 | EK27: 72.4803 | EL27: 72.4803 | EM27: 72.4803 | EN27: 74.543 | EO27: 74.543 | EP27: 74.543 | EQ27: 74.543 | ER27: 72.1859 | ES27: 72.1859 | ET27: 72.1859 | EU27: 72.1859 | EV27: 75.2546 | EW27: 75.2546 | EX27: 75.2546 | EY27: 75.2546 | EZ27: 76.1817 | FA27: 76.1817 | FB27: 76.1817 | FC27: 76.1817 | FD27: 76.4255 | FE27: 76.4255 | FF27: 76.4255 | FG27: 76.4255 | FH27: 76.5781 | FI27: 76.5781 | FJ27: 76.5781 | FK27: 76.5781 | FL27: 73.0946 | FM27: 73.0946 | FN27: 73.0946 | FO27: 73.0946 | FP27: 72.6133 | FQ27: 72.6133 | FR27: 72.9483 | FS27: 72.9483 | FT27: 74.4055 | FU27: 74.4055 | FV27: 74.3764 | FW27: 74.3764 | FX27: 73.7591 | FY27: 73.7591 | FZ27: 74.6278 | GA27: 74.6278 | GB27: 72.9802 | GC27: 72.9802 | GD27: 71.0969 | GE27: 71.0969 | GF27: 75.7376 | GG27: 75.7376 | GH27: 76.3242 | GI27: 76.3242 | GJ27: 77.281 | GK27: 77.281 | GL27: 78.0313 | GM27: 78.0313 | GN27: 77.2854 | GO27: 77.2854 | GP27: 77.8342 | GQ27: 77.8342 | GR27: 78.8185 | GS27: 78.8185 | GT27: 79.599 | GU27: 79.599 | GV27: 80.1939 | GW27: 80.1939 | GX27: 79.7519 | GY27: 79.7519 | GZ27: 79.0929 | HA27: 79.0929 | HB27: 80.2399 | HC27: 80.2399 | HD27: 80.1574 | HE27: 80.1574 | HF27: 77.8919 | HG27: 77.8919 | HH27: 80.265 | HI27: 80.265 | HJ27: 80.4107 | HK27: 80.4107 | HL27: 78.6487 | HM27: 78.6487 | HN27: 78.3805 | HO27: 78.3805 | HP27: 80.4721 | HQ27: 80.4721 | HR27: 81.8525 | HS27: 81.8525 | HT27: 81.3032 | HU27: 81.3032 | HV27: 79.1058 | HW27: 79.1058 | HX27: 79.6247 | HY27: 79.6247 | HZ27: 79.5019 | IA27: 79.5019 | IB27: 80.3921 | IC27: 80.3921 | ID27: 79.7799 | IE27: 79.7799 | IF27: 79.3275 | IG27: 79.3275 | IH27: 79.7152 | II27: 79.7152 | IJ27: 79.9162 | IK27: 79.9162 | IL27: 80.2176 | IM27: 80.2176 | IN27: 81.4616 | IO27: 81.4616 | IP27: 82.1783 | IQ27: 82.1783 | IR27: 80.8789 | IS27: 80.8789 | IT27: 80.7851 | IU27: 80.7851 | IV27: 85.4937 | IW27: 85.4937 | IX27: 94.0415 | IY27: 94.0415 | IZ27: 96.0493 | JA27: 96.0493 | JB27: 95.0656 | JC27: 95.0656 | JD27: 94.6552 | JE27: 94.6552 | JF27: 91.766 | JG27: 91.766 | JH27: 93.2635 | JI27: 93.2635 | JJ27: 93.9639 | JK27: 93.9639 | JL27: 95.9879 | JM27: 95.9879 | JN27: 94.1233 | JO27: 94.1233 | JP27: 97.9181 | JQ27: 97.9181 | JR27: 96.0201 | JS27: 96.0201 | JT27: 96.7868 | JU27: 96.7868 | JV27: 98.3034 | JW27: 98.3034 | JX27: 97.8756 | JY27: 97.8756 | JZ27: 99.2058 | KA27: 99.2058 | KB27: 97.314 | KC27: 97.314 | KD27: 94.7534 | KE27: 94.7534 | KF27: 100 | KG27: 100 | KH27: 102.6448 | KI27: 102.6448 | KJ27: 97.7817 | KK27: 97.7817 | KL27: 98.4368 | KM27: 98.4368 | KN27: 95.8492 | KO27: 95.8492
A28: <KBOB.08.11> | E28: 08.11 | F28: =IFERROR(VLOOKUP(A28,PPI_IPI_PGA_PGAI!$A:$N,$R$1+1,FALSE),"") -> Unbearbeitete Natursteine | P28: … | Q28: … | R28: … | S28: … | T28: … | U28: … | V28: … | W28: … | X28: … | Y28: … | Z28: … | AA28: … | AB28: … | AC28: … | AD28: … | AE28: … | AF28: … | AG28: … | AH28: … | AI28: … | AJ28: … | AK28: … | AL28: … | AM28: … | AN28: … | AO28: … | AP28: … | AQ28: … | AR28: … | AS28: … | AT28: … | AU28: … | AV28: … | AW28: … | AX28: … | AY28: … | AZ28: … | BA28: … | BB28: … | BC28: … | BD28: … | BE28: … | BF28: … | BG28: … | BH28: … | BI28: … | BJ28: … | BK28: … | BL28: … | BM28: … | BN28: … | BO28: … | BP28: … | BQ28: … | BR28: … | BS28: … | BT28: … | BU28: … | BV28: … | BW28: … | BX28: … | BY28: … | BZ28: … | CA28: … | CB28: … | CC28: … | CD28: … | CE28: … | CF28: … | CG28: … | CH28: … | CI28: … | CJ28: … | CK28: … | CL28: … | CM28: … | CN28: … | CO28: … | CP28: … | CQ28: … | CR28: … | CS28: … | CT28: … | CU28: … | CV28: … | CW28: … | CX28: … | CY28: … | CZ28: … | DA28: … | DB28: … | DC28: … | DD28: … | DE28: … | DF28: … | DG28: … | DH28: 97.2332 | DI28: 97.2332 | DJ28: 99.6724 | DK28: 99.6724 | DL28: 99.6724 | DM28: 98.0356 | DN28: 98.0356 | DO28: 98.0356 | DP28: 98.0356 | DQ28: 98.0356 | DR28: 98.0356 | DS28: 91.6555 | DT28: 91.6555 | DU28: 91.6555 | DV28: 89.9975 | DW28: 89.9975 | DX28: 89.9975 | DY28: 89.8901 | DZ28: 89.8901 | EA28: 89.8901 | EB28: 91.0437 | EC28: 91.0437 | ED28: 91.0437 | EE28: 91.0552 | EF28: 91.0552 | EG28: 91.0552 | EH28: 90.5971 | EI28: 90.5971 | EJ28: 90.5971 | EK28: 90.6102 | EL28: 90.6102 | EM28: 90.6102 | EN28: 90.7203 | EO28: 90.7203 | EP28: 90.7203 | EQ28: 90.5707 | ER28: 90.5707 | ES28: 90.5707 | ET28: 88.6675 | EU28: 88.6675 | EV28: 88.6675 | EW28: 88.6474 | EX28: 88.6474 | EY28: 88.6474 | EZ28: 89.5657 | FA28: 89.5657 | FB28: 89.5657 | FC28: 90.2644 | FD28: 90.2644 | FE28: 90.2644 | FF28: 89.0502 | FG28: 89.0502 | FH28: 89.0502 | FI28: 89.3039 | FJ28: 89.3039 | FK28: 89.3039 | FL28: 90.5948 | FM28: 90.5948 | FN28: 90.5948 | FO28: 88.9827 | FP28: 88.9827 | FQ28: 88.9827 | FR28: 88.2545 | FS28: 88.2545 | FT28: 88.2545 | FU28: 88.6393 | FV28: 88.6393 | FW28: 88.6393 | FX28: 85.6075 | FY28: 85.6075 | FZ28: 85.6075 | GA28: 85.792 | GB28: 85.792 | GC28: 85.792 | GD28: 85.5416 | GE28: 85.5416 | GF28: 85.5416 | GG28: 85.3895 | GH28: 85.3895 | GI28: 85.3895 | GJ28: 87.3541 | GK28: 87.3541 | GL28: 87.3541 | GM28: 86.4016 | GN28: 86.4016 | GO28: 86.4016 | GP28: 86.1316 | GQ28: 86.1316 | GR28: 86.1316 | GS28: 87.5249 | GT28: 87.5249 | GU28: 87.5249 | GV28: 87.5376 | GW28: 87.5376 | GX28: 87.5376 | GY28: 89.5735 | GZ28: 89.5735 | HA28: 89.5735 | HB28: 90.1396 | HC28: 90.1396 | HD28: 90.1396 | HE28: 89.9244 | HF28: 89.9244 | HG28: 89.9244 | HH28: 89.6656 | HI28: 89.6656 | HJ28: 89.6656 | HK28: 88.8336 | HL28: 88.8336 | HM28: 88.8336 | HN28: 88.3127 | HO28: 88.3127 | HP28: 88.3127 | HQ28: 88.2286 | HR28: 88.2286 | HS28: 88.2286 | HT28: 89.5616 | HU28: 89.5616 | HV28: 89.5616 | HW28: 89.3653 | HX28: 89.3653 | HY28: 89.3653 | HZ28: 88.7762 | IA28: 88.7762 | IB28: 88.7762 | IC28: 90.5048 | ID28: 90.5048 | IE28: 90.5048 | IF28: 91.4828 | IG28: 91.4828 | IH28: 91.4828 | II28: 91.8014 | IJ28: 91.8014 | IK28: 91.8014 | IL28: 91.4318 | IM28: 91.4318 | IN28: 91.4318 | IO28: 89.7963 | IP28: 89.7963 | IQ28: 89.7963 | IR28: 95.2074 | IS28: 95.2074 | IT28: 95.2074 | IU28: 99.6019 | IV28: 99.6019 | IW28: 99.6019 | IX28: 100.6503 | IY28: 100.6503 | IZ28: 100.6503 | JA28: 99.8903 | JB28: 99.8903 | JC28: 99.8903 | JD28: 100.0043 | JE28: 100.0043 | JF28: 100.0043 | JG28: 98.6025 | JH28: 98.6025 | JI28: 98.6025 | JJ28: 100.0962 | JK28: 100.0962 | JL28: 100.0962 | JM28: 101.242 | JN28: 101.242 | JO28: 101.242 | JP28: 101.163 | JQ28: 101.163 | JR28: 101.163 | JS28: 100.8923 | JT28: 100.8923 | JU28: 100.8923 | JV28: 100.862 | JW28: 100.862 | JX28: 100.862 | JY28: 100.649 | JZ28: 100.649 | KA28: 100.649 | KB28: 100.0338 | KC28: 100.0338 | KD28: 100.0338 | KE28: 100 | KF28: 100 | KG28: 100 | KH28: 98.8014 | KI28: 98.8014 | KJ28: 98.8014 | KK28: 99.3673 | KL28: 99.3673 | KM28: 99.3673 | KN28: 100.3987 | KO28: 100.3987
A29: <KBOB.08.12> | E29: 08.12 | F29: =IFERROR(VLOOKUP(A29,PPI_IPI_PGA_PGAI!$A:$N,$R$1+1,FALSE),"") -> Sand und Kies | P29: 89.3718 | Q29: 89.3718 | R29: 89.3718 | S29: 89.5044 | T29: 89.5044 | U29: 89.5044 | V29: 89.1263 | W29: 89.1263 | X29: 89.1263 | Y29: 88.6371 | Z29: 88.6371 | AA29: 88.6371 | AB29: 88.5849 | AC29: 88.5849 | AD29: 88.5849 | AE29: 88.5463 | AF29: 88.5463 | AG29: 88.5463 | AH29: 88.4715 | AI29: 88.4715 | AJ29: 88.4715 | AK29: 88.3324 | AL29: 88.3324 | AM29: 88.3324 | AN29: 88.5073 | AO29: 88.5073 | AP29: 88.5073 | AQ29: 89.5764 | AR29: 89.5764 | AS29: 89.5764 | AT29: 89.9239 | AU29: 89.9239 | AV29: 89.9239 | AW29: 89.8703 | AX29: 89.8703 | AY29: 89.8703 | AZ29: 90.1413 | BA29: 90.1413 | BB29: 90.1413 | BC29: 91.0803 | BD29: 91.0803 | BE29: 91.0803 | BF29: 91.0918 | BG29: 91.0918 | BH29: 91.0918 | BI29: 91.1987 | BJ29: 91.1987 | BK29: 91.1987 | BL29: 91.0543 | BM29: 91.0543 | BN29: 91.0543 | BO29: 92.2514 | BP29: 92.2514 | BQ29: 92.2514 | BR29: 92.1564 | BS29: 92.1564 | BT29: 92.1564 | BU29: 92.0063 | BV29: 92.0063 | BW29: 92.0063 | BX29: 91.9473 | BY29: 91.9473 | BZ29: 91.9473 | CA29: 93.7907 | CB29: 93.7907 | CC29: 93.7907 | CD29: 93.9178 | CE29: 93.9178 | CF29: 93.9178 | CG29: 94.3835 | CH29: 94.3835 | CI29: 94.3835 | CJ29: 94.276 | CK29: 94.276 | CL29: 94.276 | CM29: 96.6868 | CN29: 96.6868 | CO29: 96.6868 | CP29: 96.7433 | CQ29: 96.7433 | CR29: 96.7433 | CS29: 96.8091 | CT29: 96.8091 | CU29: 96.8091 | CV29: 96.584 | CW29: 96.584 | CX29: 96.584 | CY29: 96.9071 | CZ29: 96.9071 | DA29: 96.9071 | DB29: 96.614 | DC29: 96.614 | DD29: 96.614 | DE29: 96.6552 | DF29: 96.6552 | DG29: 96.6552 | DH29: 96.6031 | DI29: 96.6031 | DJ29: 97.3539 | DK29: 97.3539 | DL29: 97.3539 | DM29: 97.9289 | DN29: 97.9289 | DO29: 97.9289 | DP29: 97.3389 | DQ29: 97.3389 | DR29: 97.3389 | DS29: 97.4287 | DT29: 97.4287 | DU29: 97.4287 | DV29: 97.7644 | DW29: 97.7644 | DX29: 97.7644 | DY29: 97.8182 | DZ29: 97.8182 | EA29: 97.8182 | EB29: 97.6085 | EC29: 97.6085 | ED29: 97.6085 | EE29: 97.157 | EF29: 97.157 | EG29: 97.157 | EH29: 97.7121 | EI29: 97.7121 | EJ29: 97.7121 | EK29: 97.3461 | EL29: 97.3461 | EM29: 97.3461 | EN29: 97.158 | EO29: 97.158 | EP29: 97.158 | EQ29: 97.1072 | ER29: 97.1072 | ES29: 97.1072 | ET29: 97.1804 | EU29: 97.1804 | EV29: 97.1804 | EW29: 96.9197 | EX29: 96.9197 | EY29: 96.9197 | EZ29: 96.5713 | FA29: 96.5713 | FB29: 96.5713 | FC29: 96.6869 | FD29: 96.6869 | FE29: 96.6869 | FF29: 97.2163 | FG29: 97.2163 | FH29: 97.2163 | FI29: 96.669 | FJ29: 96.669 | FK29: 96.669 | FL29: 96.911 | FM29: 96.911 | FN29: 96.911 | FO29: 95.8098 | FP29: 95.8098 | FQ29: 95.8098 | FR29: 95.5601 | FS29: 95.5601 | FT29: 95.5601 | FU29: 95.4292 | FV29: 95.4292 | FW29: 95.4292 | FX29: 95.2121 | FY29: 95.2121 | FZ29: 95.2121 | GA29: 95.0511 | GB29: 95.0511 | GC29: 95.0511 | GD29: 95.4231 | GE29: 95.4231 | GF29: 95.4231 | GG29: 95.6575 | GH29: 95.6575 | GI29: 95.6575 | GJ29: 95.5843 | GK29: 95.5843 | GL29: 95.5843 | GM29: 95.5453 | GN29: 95.5453 | GO29: 95.5453 | GP29: 95.6346 | GQ29: 95.6346 | GR29: 95.6346 | GS29: 95.4304 | GT29: 95.4304 | GU29: 95.4304 | GV29: 95.5794 | GW29: 95.5794 | GX29: 95.5794 | GY29: 94.9836 | GZ29: 94.9836 | HA29: 94.9836 | HB29: 95.2373 | HC29: 95.2373 | HD29: 95.2373 | HE29: 94.7205 | HF29: 94.7205 | HG29: 94.7205 | HH29: 94.5267 | HI29: 94.5267 | HJ29: 94.5267 | HK29: 94.6109 | HL29: 94.6109 | HM29: 94.6109 | HN29: 94.5583 | HO29: 94.5583 | HP29: 94.5583 | HQ29: 93.7031 | HR29: 93.7031 | HS29: 93.7031 | HT29: 93.7532 | HU29: 93.7532 | HV29: 93.7532 | HW29: 93.5072 | HX29: 93.5072 | HY29: 93.5072 | HZ29: 95.1459 | IA29: 95.1459 | IB29: 95.1459 | IC29: 94.2014 | ID29: 94.2014 | IE29: 94.2014 | IF29: 93.7159 | IG29: 93.7159 | IH29: 93.7159 | II29: 93.4448 | IJ29: 93.4448 | IK29: 93.4448 | IL29: 94.5083 | IM29: 94.5083 | IN29: 94.5083 | IO29: 95.0286 | IP29: 95.0286 | IQ29: 95.0286 | IR29: 95.4173 | IS29: 95.4173 | IT29: 95.4173 | IU29: 95.7419 | IV29: 95.7419 | IW29: 95.7419 | IX29: 97.6962 | IY29: 97.6962 | IZ29: 97.6962 | JA29: 98.6064 | JB29: 98.6064 | JC29: 98.6064 | JD29: 99.3455 | JE29: 99.3455 | JF29: 99.3455 | JG29: 98.8938 | JH29: 98.8938 | JI29: 98.8938 | JJ29: 100.2001 | JK29: 100.2001 | JL29: 100.2001 | JM29: 99.2522 | JN29: 99.2522 | JO29: 99.2522 | JP29: 99.1926 | JQ29: 99.1926 | JR29: 99.1926 | JS29: 99.0442 | JT29: 99.0442 | JU29: 99.0442 | JV29: 99.4547 | JW29: 99.4547 | JX29: 99.4547 | JY29: 99.9464 | JZ29: 99.9464 | KA29: 99.9464 | KB29: 99.7903 | KC29: 99.7903 | KD29: 99.7903 | KE29: 100 | KF29: 100 | KG29: 100 | KH29: 100.5432 | KI29: 100.5432 | KJ29: 100.5432 | KK29: 100.9959 | KL29: 100.9959 | KM29: 100.9959 | KN29: 101.0832 | KO29: 101.0832
A30: <KBOB.08.12.11> | D30: 08.12.1 | E30: 08.12.11 | F30: =IFERROR(VLOOKUP(A30,PPI_IPI_PGA_PGAI!$A:$N,$R$1+1,FALSE),"") -> Rundsand | P30: 87.3399 | Q30: 87.3399 | R30: 87.3399 | S30: 88.0012 | T30: 88.0012 | U30: 88.0012 | V30: 87.6441 | W30: 87.6441 | X30: 87.6441 | Y30: 87.0348 | Z30: 87.0348 | AA30: 87.0348 | AB30: 86.7816 | AC30: 86.7816 | AD30: 86.7816 | AE30: 86.8277 | AF30: 86.8277 | AG30: 86.8277 | AH30: 87.2333 | AI30: 87.2333 | AJ30: 87.2333 | AK30: 87.2139 | AL30: 87.2139 | AM30: 87.2139 | AN30: 86.9366 | AO30: 86.9366 | AP30: 86.9366 | AQ30: 88.3691 | AR30: 88.3691 | AS30: 88.3691 | AT30: 88.431 | AU30: 88.431 | AV30: 88.431 | AW30: 88.0186 | AX30: 88.0186 | AY30: 88.0186 | AZ30: 88.1887 | BA30: 88.1887 | BB30: 88.1887 | BC30: 88.665 | BD30: 88.665 | BE30: 88.665 | BF30: 88.8098 | BG30: 88.8098 | BH30: 88.8098 | BI30: 88.8986 | BJ30: 88.8986 | BK30: 88.8986 | BL30: 88.9637 | BM30: 88.9637 | BN30: 88.9637 | BO30: 90.2464 | BP30: 90.2464 | BQ30: 90.2464 | BR30: 90.0606 | BS30: 90.0606 | BT30: 90.0606 | BU30: 90.366 | BV30: 90.366 | BW30: 90.366 | BX30: 90.3065 | BY30: 90.3065 | BZ30: 90.3065 | CA30: 91.6565 | CB30: 91.6565 | CC30: 91.6565 | CD30: 91.6581 | CE30: 91.6581 | CF30: 91.6581 | CG30: 92.2776 | CH30: 92.2776 | CI30: 92.2776 | CJ30: 92.4537 | CK30: 92.4537 | CL30: 92.4537 | CM30: 94.5935 | CN30: 94.5935 | CO30: 94.5935 | CP30: 94.5447 | CQ30: 94.5447 | CR30: 94.5447 | CS30: 94.5787 | CT30: 94.5787 | CU30: 94.5787 | CV30: 94.1201 | CW30: 94.1201 | CX30: 94.1201 | CY30: 93.7963 | CZ30: 93.7963 | DA30: 93.7963 | DB30: 94.2728 | DC30: 94.2728 | DD30: 94.2728 | DE30: 94.3885 | DF30: 94.3885 | DG30: 94.3885 | DH30: 94.3454 | DI30: 94.3454 | DJ30: 95.3682 | DK30: 95.3682 | DL30: 95.3682 | DM30: 95.4286 | DN30: 95.4286 | DO30: 95.4286 | DP30: 95.2904 | DQ30: 95.2904 | DR30: 95.2904 | DS30: 95.1041 | DT30: 95.1041 | DU30: 95.1041 | DV30: 96.0637 | DW30: 96.0637 | DX30: 96.0637 | DY30: 96.2563 | DZ30: 96.2563 | EA30: 96.2563 | EB30: 96.6263 | EC30: 96.6263 | ED30: 96.6263 | EE30: 96.2456 | EF30: 96.2456 | EG30: 96.2456 | EH30: 96.0763 | EI30: 96.0763 | EJ30: 96.0763 | EK30: 95.8214 | EL30: 95.8214 | EM30: 95.8214 | EN30: 95.9834 | EO30: 95.9834 | EP30: 95.9834 | EQ30: 95.699 | ER30: 95.699 | ES30: 95.699 | ET30: 96.2137 | EU30: 96.2137 | EV30: 96.2137 | EW30: 96.7031 | EX30: 96.7031 | EY30: 96.7031 | EZ30: 96.295 | FA30: 96.295 | FB30: 96.295 | FC30: 96.3105 | FD30: 96.3105 | FE30: 96.3105 | FF30: 96.8235 | FG30: 96.8235 | FH30: 96.8235 | FI30: 96.6205 | FJ30: 96.6205 | FK30: 96.6205 | FL30: 96.6438 | FM30: 96.6438 | FN30: 96.6438 | FO30: 96.0303 | FP30: 96.0303 | FQ30: 96.0303 | FR30: 95.4148 | FS30: 95.4148 | FT30: 95.4148 | FU30: 95.4759 | FV30: 95.4759 | FW30: 95.4759 | FX30: 95.5989 | FY30: 95.5989 | FZ30: 95.5989 | GA30: 95.4677 | GB30: 95.4677 | GC30: 95.4677 | GD30: 95.93 | GE30: 95.93 | GF30: 95.93 | GG30: 95.36 | GH30: 95.36 | GI30: 95.36 | GJ30: 95.7349 | GK30: 95.7349 | GL30: 95.7349 | GM30: 95.5896 | GN30: 95.5896 | GO30: 95.5896 | GP30: 95.5337 | GQ30: 95.5337 | GR30: 95.5337 | GS30: 94.883 | GT30: 94.883 | GU30: 94.883 | GV30: 94.5488 | GW30: 94.5488 | GX30: 94.5488 | GY30: 94.9 | GZ30: 94.9 | HA30: 94.9 | HB30: 94.944 | HC30: 94.944 | HD30: 94.944 | HE30: 93.3305 | HF30: 93.3305 | HG30: 93.3305 | HH30: 92.1954 | HI30: 92.1954 | HJ30: 92.1954 | HK30: 91.8322 | HL30: 91.8322 | HM30: 91.8322 | HN30: 92.4954 | HO30: 92.4954 | HP30: 92.4954 | HQ30: 92.5436 | HR30: 92.5436 | HS30: 92.5436 | HT30: 92.789 | HU30: 92.789 | HV30: 92.789 | HW30: 92.5402 | HX30: 92.5402 | HY30: 92.5402 | HZ30: 95.6158 | IA30: 95.6158 | IB30: 95.6158 | IC30: 93.2179 | ID30: 93.2179 | IE30: 93.2179 | IF30: 92.3999 | IG30: 92.3999 | IH30: 92.3999 | II30: 92.4819 | IJ30: 92.4819 | IK30: 92.4819 | IL30: 93.3587 | IM30: 93.3587 | IN30: 93.3587 | IO30: 94.1391 | IP30: 94.1391 | IQ30: 94.1391 | IR30: 94.5004 | IS30: 94.5004 | IT30: 94.5004 | IU30: 95.7025 | IV30: 95.7025 | IW30: 95.7025 | IX30: 96.5591 | IY30: 96.5591 | IZ30: 96.5591 | JA30: 98.7639 | JB30: 98.7639 | JC30: 98.7639 | JD30: 99.5114 | JE30: 99.5114 | JF30: 99.5114 | JG30: 99.0731 | JH30: 99.0731 | JI30: 99.0731 | JJ30: 100.3615 | JK30: 100.3615 | JL30: 100.3615 | JM30: 98.6379 | JN30: 98.6379 | JO30: 98.6379 | JP30: 99.2511 | JQ30: 99.2511 | JR30: 99.2511 | JS30: 99.0672 | JT30: 99.0672 | JU30: 99.0672 | JV30: 98.4889 | JW30: 98.4889 | JX30: 98.4889 | JY30: 99.8201 | JZ30: 99.8201 | KA30: 99.8201 | KB30: 99.3697 | KC30: 99.3697 | KD30: 99.3697 | KE30: 100 | KF30: 100 | KG30: 100 | KH30: 100.6716 | KI30: 100.6716 | KJ30: 100.6716 | KK30: 100.6096 | KL30: 100.6096 | KM30: 100.6096 | KN30: 100.7156 | KO30: 100.7156
A31: <KBOB.08.12.12> | D31: 08.12.2 | E31: 08.12.12 | F31: =IFERROR(VLOOKUP(A31,PPI_IPI_PGA_PGAI!$A:$N,$R$1+1,FALSE),"") -> Brechsand | P31: 89.1822 | Q31: 89.1822 | R31: 89.1822 | S31: 89.3266 | T31: 89.3266 | U31: 89.3266 | V31: 88.6048 | W31: 88.6048 | X31: 88.6048 | Y31: 88.6723 | Z31: 88.6723 | AA31: 88.6723 | AB31: 88.836 | AC31: 88.836 | AD31: 88.836 | AE31: 88.4551 | AF31: 88.4551 | AG31: 88.4551 | AH31: 88.688 | AI31: 88.688 | AJ31: 88.688 | AK31: 88.408 | AL31: 88.408 | AM31: 88.408 | AN31: 88.4691 | AO31: 88.4691 | AP31: 88.4691 | AQ31: 88.6813 | AR31: 88.6813 | AS31: 88.6813 | AT31: 89.8997 | AU31: 89.8997 | AV31: 89.8997 | AW31: 90.3941 | AX31: 90.3941 | AY31: 90.3941 | AZ31: 89.6556 | BA31: 89.6556 | BB31: 89.6556 | BC31: 89.4775 | BD31: 89.4775 | BE31: 89.4775 | BF31: 91.1391 | BG31: 91.1391 | BH31: 91.1391 | BI31: 91.6017 | BJ31: 91.6017 | BK31: 91.6017 | BL31: 91.0621 | BM31: 91.0621 | BN31: 91.0621 | BO31: 92.4433 | BP31: 92.4433 | BQ31: 92.4433 | BR31: 92.752 | BS31: 92.752 | BT31: 92.752 | BU31: 91.9867 | BV31: 91.9867 | BW31: 91.9867 | BX31: 92.7684 | BY31: 92.7684 | BZ31: 92.7684 | CA31: 94.0517 | CB31: 94.0517 | CC31: 94.0517 | CD31: 94.4675 | CE31: 94.4675 | CF31: 94.4675 | CG31: 95.4699 | CH31: 95.4699 | CI31: 95.4699 | CJ31: 95.7239 | CK31: 95.7239 | CL31: 95.7239 | CM31: 97.0979 | CN31: 97.0979 | CO31: 97.0979 | CP31: 97.4705 | CQ31: 97.4705 | CR31: 97.4705 | CS31: 97.7055 | CT31: 97.7055 | CU31: 97.7055 | CV31: 97.528 | CW31: 97.528 | CX31: 97.528 | CY31: 97.9318 | CZ31: 97.9318 | DA31: 97.9318 | DB31: 97.6514 | DC31: 97.6514 | DD31: 97.6514 | DE31: 97.4333 | DF31: 97.4333 | DG31: 97.4333 | DH31: 97.5395 | DI31: 97.5395 | DJ31: 97.8586 | DK31: 97.8586 | DL31: 97.8586 | DM31: 98.5204 | DN31: 98.5204 | DO31: 98.5204 | DP31: 98.8807 | DQ31: 98.8807 | DR31: 98.8807 | DS31: 98.9925 | DT31: 98.9925 | DU31: 98.9925 | DV31: 99.3045 | DW31: 99.3045 | DX31: 99.3045 | DY31: 99.873 | DZ31: 99.873 | EA31: 99.873 | EB31: 101 | EC31: 101 | ED31: 101 | EE31: 101.3151 | EF31: 101.3151 | EG31: 101.3151 | EH31: 101.6307 | EI31: 101.6307 | EJ31: 101.6307 | EK31: 102.4221 | EL31: 102.4221 | EM31: 102.4221 | EN31: 100.7539 | EO31: 100.7539 | EP31: 100.7539 | EQ31: 101.6008 | ER31: 101.6008 | ES31: 101.6008 | ET31: 100.2668 | EU31: 100.2668 | EV31: 100.2668 | EW31: 100.0164 | EX31: 100.0164 | EY31: 100.0164 | EZ31: 98.5385 | FA31: 98.5385 | FB31: 98.5385 | FC31: 99.4718 | FD31: 99.4718 | FE31: 99.4718 | FF31: 100.5104 | FG31: 100.5104 | FH31: 100.5104 | FI31: 98.1346 | FJ31: 98.1346 | FK31: 98.1346 | FL31: 98.066 | FM31: 98.066 | FN31: 98.066 | FO31: 99.35 | FP31: 99.35 | FQ31: 99.35 | FR31: 99.2775 | FS31: 99.2775 | FT31: 99.2775 | FU31: 99.9562 | FV31: 99.9562 | FW31: 99.9562 | FX31: 96.9737 | FY31: 96.9737 | FZ31: 96.9737 | GA31: 98.3928 | GB31: 98.3928 | GC31: 98.3928 | GD31: 98.1569 | GE31: 98.1569 | GF31: 98.1569 | GG31: 97.6623 | GH31: 97.6623 | GI31: 97.6623 | GJ31: 97.3206 | GK31: 97.3206 | GL31: 97.3206 | GM31: 97.1159 | GN31: 97.1159 | GO31: 97.1159 | GP31: 97.2619 | GQ31: 97.2619 | GR31: 97.2619 | GS31: 97.4102 | GT31: 97.4102 | GU31: 97.4102 | GV31: 97.4307 | GW31: 97.4307 | GX31: 97.4307 | GY31: 97.6251 | GZ31: 97.6251 | HA31: 97.6251 | HB31: 97.251 | HC31: 97.251 | HD31: 97.251 | HE31: 96.7198 | HF31: 96.7198 | HG31: 96.7198 | HH31: 97.7153 | HI31: 97.7153 | HJ31: 97.7153 | HK31: 97.6485 | HL31: 97.6485 | HM31: 97.6485 | HN31: 97.2938 | HO31: 97.2938 | HP31: 97.2938 | HQ31: 95.8507 | HR31: 95.8507 | HS31: 95.8507 | HT31: 95.4117 | HU31: 95.4117 | HV31: 95.4117 | HW31: 95.944 | HX31: 95.944 | HY31: 95.944 | HZ31: 95.8273 | IA31: 95.8273 | IB31: 95.8273 | IC31: 95.1651 | ID31: 95.1651 | IE31: 95.1651 | IF31: 94.8341 | IG31: 94.8341 | IH31: 94.8341 | II31: 94.3061 | IJ31: 94.3061 | IK31: 94.3061 | IL31: 94.954 | IM31: 94.954 | IN31: 94.954 | IO31: 96.1748 | IP31: 96.1748 | IQ31: 96.1748 | IR31: 95.2829 | IS31: 95.2829 | IT31: 95.2829 | IU31: 96.2942 | IV31: 96.2942 | IW31: 96.2942 | IX31: 99.4116 | IY31: 99.4116 | IZ31: 99.4116 | JA31: 95.9133 | JB31: 95.9133 | JC31: 95.9133 | JD31: 97.1999 | JE31: 97.1999 | JF31: 97.1999 | JG31: 96.045 | JH31: 96.045 | JI31: 96.045 | JJ31: 99.0781 | JK31: 99.0781 | JL31: 99.0781 | JM31: 98.1408 | JN31: 98.1408 | JO31: 98.1408 | JP31: 98.9471 | JQ31: 98.9471 | JR31: 98.9471 | JS31: 99.6073 | JT31: 99.6073 | JU31: 99.6073 | JV31: 98.0123 | JW31: 98.0123 | JX31: 98.0123 | JY31: 98.2176 | JZ31: 98.2176 | KA31: 98.2176 | KB31: 98.1219 | KC31: 98.1219 | KD31: 98.1219 | KE31: 100 | KF31: 100 | KG31: 100 | KH31: 98.4493 | KI31: 98.4493 | KJ31: 98.4493 | KK31: 101.226 | KL31: 101.226 | KM31: 101.226 | KN31: 100.173 | KO31: 100.173
A32: <KBOB.08.12.21> | D32: 08.12.3 | E32: 08.12.21 | F32: =IFERROR(VLOOKUP(A32,PPI_IPI_PGA_PGAI!$A:$N,$R$1+1,FALSE),"") -> Wandkies | P32: 93.8854 | Q32: 93.8854 | R32: 93.8854 | S32: 93.0594 | T32: 93.0594 | U32: 93.0594 | V32: 93.1238 | W32: 93.1238 | X32: 93.1238 | Y32: 92.7799 | Z32: 92.7799 | AA32: 92.7799 | AB32: 92.0829 | AC32: 92.0829 | AD32: 92.0829 | AE32: 91.4069 | AF32: 91.4069 | AG32: 91.4069 | AH32: 91.5608 | AI32: 91.5608 | AJ32: 91.5608 | AK32: 91.3834 | AL32: 91.3834 | AM32: 91.3834 | AN32: 91.5108 | AO32: 91.5108 | AP32: 91.5108 | AQ32: 92.2006 | AR32: 92.2006 | AS32: 92.2006 | AT32: 92.5263 | AU32: 92.5263 | AV32: 92.5263 | AW32: 92.619 | AX32: 92.619 | AY32: 92.619 | AZ32: 92.5904 | BA32: 92.5904 | BB32: 92.5904 | BC32: 93.9569 | BD32: 93.9569 | BE32: 93.9569 | BF32: 93.677 | BG32: 93.677 | BH32: 93.677 | BI32: 93.6511 | BJ32: 93.6511 | BK32: 93.6511 | BL32: 93.729 | BM32: 93.729 | BN32: 93.729 | BO32: 94.8023 | BP32: 94.8023 | BQ32: 94.8023 | BR32: 94.5212 | BS32: 94.5212 | BT32: 94.5212 | BU32: 95.5351 | BV32: 95.5351 | BW32: 95.5351 | BX32: 94.2338 | BY32: 94.2338 | BZ32: 94.2338 | CA32: 97.2187 | CB32: 97.2187 | CC32: 97.2187 | CD32: 97.1393 | CE32: 97.1393 | CF32: 97.1393 | CG32: 98.1617 | CH32: 98.1617 | CI32: 98.1617 | CJ32: 97.8848 | CK32: 97.8848 | CL32: 97.8848 | CM32: 99.1621 | CN32: 99.1621 | CO32: 99.1621 | CP32: 98.9138 | CQ32: 98.9138 | CR32: 98.9138 | CS32: 99.0213 | CT32: 99.0213 | CU32: 99.0213 | CV32: 98.7602 | CW32: 98.7602 | CX32: 98.7602 | CY32: 98.6945 | CZ32: 98.6945 | DA32: 98.6945 | DB32: 98.3143 | DC32: 98.3143 | DD32: 98.3143 | DE32: 98.2308 | DF32: 98.2308 | DG32: 98.2308 | DH32: 97.864 | DI32: 97.864 | DJ32: 98.4327 | DK32: 98.4327 | DL32: 98.4327 | DM32: 98.7284 | DN32: 98.7284 | DO32: 98.7284 | DP32: 98.7339 | DQ32: 98.7339 | DR32: 98.7339 | DS32: 99.0697 | DT32: 99.0697 | DU32: 99.0697 | DV32: 99.7194 | DW32: 99.7194 | DX32: 99.7194 | DY32: 99.1991 | DZ32: 99.1991 | EA32: 99.1991 | EB32: 97.9824 | EC32: 97.9824 | ED32: 97.9824 | EE32: 98.2133 | EF32: 98.2133 | EG32: 98.2133 | EH32: 98.8849 | EI32: 98.8849 | EJ32: 98.8849 | EK32: 98.9292 | EL32: 98.9292 | EM32: 98.9292 | EN32: 98.7669 | EO32: 98.7669 | EP32: 98.7669 | EQ32: 99.2838 | ER32: 99.2838 | ES32: 99.2838 | ET32: 99.3127 | EU32: 99.3127 | EV32: 99.3127 | EW32: 98.1704 | EX32: 98.1704 | EY32: 98.1704 | EZ32: 98.8337 | FA32: 98.8337 | FB32: 98.8337 | FC32: 98.0268 | FD32: 98.0268 | FE32: 98.0268 | FF32: 98.4269 | FG32: 98.4269 | FH32: 98.4269 | FI32: 98.3964 | FJ32: 98.3964 | FK32: 98.3964 | FL32: 98.389 | FM32: 98.389 | FN32: 98.389 | FO32: 97.2092 | FP32: 97.2092 | FQ32: 97.2092 | FR32: 96.9739 | FS32: 96.9739 | FT32: 96.9739 | FU32: 97.1094 | FV32: 97.1094 | FW32: 97.1094 | FX32: 96.9425 | FY32: 96.9425 | FZ32: 96.9425 | GA32: 96.8429 | GB32: 96.8429 | GC32: 96.8429 | GD32: 96.1463 | GE32: 96.1463 | GF32: 96.1463 | GG32: 96.4465 | GH32: 96.4465 | GI32: 96.4465 | GJ32: 96.4532 | GK32: 96.4532 | GL32: 96.4532 | GM32: 96.6436 | GN32: 96.6436 | GO32: 96.6436 | GP32: 96.4233 | GQ32: 96.4233 | GR32: 96.4233 | GS32: 96.703 | GT32: 96.703 | GU32: 96.703 | GV32: 96.9356 | GW32: 96.9356 | GX32: 96.9356 | GY32: 96.5504 | GZ32: 96.5504 | HA32: 96.5504 | HB32: 97.2861 | HC32: 97.2861 | HD32: 97.2861 | HE32: 96.7724 | HF32: 96.7724 | HG32: 96.7724 | HH32: 96.718 | HI32: 96.718 | HJ32: 96.718 | HK32: 95.9063 | HL32: 95.9063 | HM32: 95.9063 | HN32: 96.2522 | HO32: 96.2522 | HP32: 96.2522 | HQ32: 94.1273 | HR32: 94.1273 | HS32: 94.1273 | HT32: 95.9504 | HU32: 95.9504 | HV32: 95.9504 | HW32: 96.0504 | HX32: 96.0504 | HY32: 96.0504 | HZ32: 95.712 | IA32: 95.712 | IB32: 95.712 | IC32: 95.9365 | ID32: 95.9365 | IE32: 95.9365 | IF32: 95.2144 | IG32: 95.2144 | IH32: 95.2144 | II32: 95.2802 | IJ32: 95.2802 | IK32: 95.2802 | IL32: 94.3716 | IM32: 94.3716 | IN32: 94.3716 | IO32: 95.5586 | IP32: 95.5586 | IQ32: 95.5586 | IR32: 95.9243 | IS32: 95.9243 | IT32: 95.9243 | IU32: 95.6532 | IV32: 95.6532 | IW32: 95.6532 | IX32: 94.5927 | IY32: 94.5927 | IZ32: 94.5927 | JA32: 98.7545 | JB32: 98.7545 | JC32: 98.7545 | JD32: 98.9179 | JE32: 98.9179 | JF32: 98.9179 | JG32: 97.3277 | JH32: 97.3277 | JI32: 97.3277 | JJ32: 97.7103 | JK32: 97.7103 | JL32: 97.7103 | JM32: 97.6973 | JN32: 97.6973 | JO32: 97.6973 | JP32: 98.0299 | JQ32: 98.0299 | JR32: 98.0299 | JS32: 99.2244 | JT32: 99.2244 | JU32: 99.2244 | JV32: 98.3269 | JW32: 98.3269 | JX32: 98.3269 | JY32: 99.3009 | JZ32: 99.3009 | KA32: 99.3009 | KB32: 99.7971 | KC32: 99.7971 | KD32: 99.7971 | KE32: 100 | KF32: 100 | KG32: 100 | KH32: 98.92 | KI32: 98.92 | KJ32: 98.92 | KK32: 99.459 | KL32: 99.459 | KM32: 99.459 | KN32: 99.6668 | KO32: 99.6668
A33: <KBOB.08.12.22> | D33: 08.12.4 | E33: 08.12.22 | F33: =IFERROR(VLOOKUP(A33,PPI_IPI_PGA_PGAI!$A:$N,$R$1+1,FALSE),"") -> Betonkies | P33: 86.5588 | Q33: 86.5588 | R33: 86.5588 | S33: 86.8298 | T33: 86.8298 | U33: 86.8298 | V33: 86.5821 | W33: 86.5821 | X33: 86.5821 | Y33: 85.7853 | Z33: 85.7853 | AA33: 85.7853 | AB33: 85.727 | AC33: 85.727 | AD33: 85.727 | AE33: 86.0184 | AF33: 86.0184 | AG33: 86.0184 | AH33: 85.505 | AI33: 85.505 | AJ33: 85.505 | AK33: 85.3488 | AL33: 85.3488 | AM33: 85.3488 | AN33: 85.9188 | AO33: 85.9188 | AP33: 85.9188 | AQ33: 86.7831 | AR33: 86.7831 | AS33: 86.7831 | AT33: 87.0371 | AU33: 87.0371 | AV33: 87.0371 | AW33: 86.8927 | AX33: 86.8927 | AY33: 86.8927 | AZ33: 87.6519 | BA33: 87.6519 | BB33: 87.6519 | BC33: 89.0393 | BD33: 89.0393 | BE33: 89.0393 | BF33: 88.3434 | BG33: 88.3434 | BH33: 88.3434 | BI33: 88.5132 | BJ33: 88.5132 | BK33: 88.5132 | BL33: 88.5366 | BM33: 88.5366 | BN33: 88.5366 | BO33: 89.5868 | BP33: 89.5868 | BQ33: 89.5868 | BR33: 89.4336 | BS33: 89.4336 | BT33: 89.4336 | BU33: 89.4235 | BV33: 89.4235 | BW33: 89.4235 | BX33: 89.2368 | BY33: 89.2368 | BZ33: 89.2368 | CA33: 91.1473 | CB33: 91.1473 | CC33: 91.1473 | CD33: 91.2903 | CE33: 91.2903 | CF33: 91.2903 | CG33: 91.5867 | CH33: 91.5867 | CI33: 91.5867 | CJ33: 91.3208 | CK33: 91.3208 | CL33: 91.3208 | CM33: 94.4826 | CN33: 94.4826 | CO33: 94.4826 | CP33: 94.5009 | CQ33: 94.5009 | CR33: 94.5009 | CS33: 94.4462 | CT33: 94.4462 | CU33: 94.4462 | CV33: 94.3725 | CW33: 94.3725 | CX33: 94.3725 | CY33: 94.3625 | CZ33: 94.3625 | DA33: 94.3625 | DB33: 94.122 | DC33: 94.122 | DD33: 94.122 | DE33: 94.4094 | DF33: 94.4094 | DG33: 94.4094 | DH33: 94.3849 | DI33: 94.3849 | DJ33: 94.8901 | DK33: 94.8901 | DL33: 94.8901 | DM33: 95.7548 | DN33: 95.7548 | DO33: 95.7548 | DP33: 94.8758 | DQ33: 94.8758 | DR33: 94.8758 | DS33: 94.8854 | DT33: 94.8854 | DU33: 94.8854 | DV33: 95.0477 | DW33: 95.0477 | DX33: 95.0477 | DY33: 95.4261 | DZ33: 95.4261 | EA33: 95.4261 | EB33: 94.677 | EC33: 94.677 | ED33: 94.677 | EE33: 93.8264 | EF33: 93.8264 | EG33: 93.8264 | EH33: 93.9914 | EI33: 93.9914 | EJ33: 93.9914 | EK33: 94.0674 | EL33: 94.0674 | EM33: 94.0674 | EN33: 94.5263 | EO33: 94.5263 | EP33: 94.5263 | EQ33: 94.2508 | ER33: 94.2508 | ES33: 94.2508 | ET33: 94.2037 | EU33: 94.2037 | EV33: 94.2037 | EW33: 94.1361 | EX33: 94.1361 | EY33: 94.1361 | EZ33: 94.0412 | FA33: 94.0412 | FB33: 94.0412 | FC33: 94.1813 | FD33: 94.1813 | FE33: 94.1813 | FF33: 94.7456 | FG33: 94.7456 | FH33: 94.7456 | FI33: 94.3778 | FJ33: 94.3778 | FK33: 94.3778 | FL33: 94.8329 | FM33: 94.8329 | FN33: 94.8329 | FO33: 92.6841 | FP33: 92.6841 | FQ33: 92.6841 | FR33: 92.5257 | FS33: 92.5257 | FT33: 92.5257 | FU33: 92.2586 | FV33: 92.2586 | FW33: 92.2586 | FX33: 92.4298 | FY33: 92.4298 | FZ33: 92.4298 | GA33: 92.2119 | GB33: 92.2119 | GC33: 92.2119 | GD33: 92.8717 | GE33: 92.8717 | GF33: 92.8717 | GG33: 92.9583 | GH33: 92.9583 | GI33: 92.9583 | GJ33: 93.3314 | GK33: 93.3314 | GL33: 93.3314 | GM33: 93.1909 | GN33: 93.1909 | GO33: 93.1909 | GP33: 92.908 | GQ33: 92.908 | GR33: 92.908 | GS33: 92.7777 | GT33: 92.7777 | GU33: 92.7777 | GV33: 93.0863 | GW33: 93.0863 | GX33: 93.0863 | GY33: 92.36 | GZ33: 92.36 | HA33: 92.36 | HB33: 92.4487 | HC33: 92.4487 | HD33: 92.4487 | HE33: 91.9279 | HF33: 91.9279 | HG33: 91.9279 | HH33: 91.9984 | HI33: 91.9984 | HJ33: 91.9984 | HK33: 92.4557 | HL33: 92.4557 | HM33: 92.4557 | HN33: 92.032 | HO33: 92.032 | HP33: 92.032 | HQ33: 90.9906 | HR33: 90.9906 | HS33: 90.9906 | HT33: 91.1263 | HU33: 91.1263 | HV33: 91.1263 | HW33: 91.0728 | HX33: 91.0728 | HY33: 91.0728 | HZ33: 92.0415 | IA33: 92.0415 | IB33: 92.0415 | IC33: 91.4341 | ID33: 91.4341 | IE33: 91.4341 | IF33: 91.3386 | IG33: 91.3386 | IH33: 91.3386 | II33: 90.4555 | IJ33: 90.4555 | IK33: 90.4555 | IL33: 92.0559 | IM33: 92.0559 | IN33: 92.0559 | IO33: 92.6335 | IP33: 92.6335 | IQ33: 92.6335 | IR33: 93.5381 | IS33: 93.5381 | IT33: 93.5381 | IU33: 93.4842 | IV33: 93.4842 | IW33: 93.4842 | IX33: 97.5918 | IY33: 97.5918 | IZ33: 97.5918 | JA33: 98.2703 | JB33: 98.2703 | JC33: 98.2703 | JD33: 98.8224 | JE33: 98.8224 | JF33: 98.8224 | JG33: 99.3628 | JH33: 99.3628 | JI33: 99.3628 | JJ33: 100.8012 | JK33: 100.8012 | JL33: 100.8012 | JM33: 99.1038 | JN33: 99.1038 | JO33: 99.1038 | JP33: 99.2813 | JQ33: 99.2813 | JR33: 99.2813 | JS33: 98.085 | JT33: 98.085 | JU33: 98.085 | JV33: 100.2409 | JW33: 100.2409 | JX33: 100.2409 | JY33: 100.5988 | JZ33: 100.5988 | KA33: 100.5988 | KB33: 100.0102 | KC33: 100.0102 | KD33: 100.0102 | KE33: 100 | KF33: 100 | KG33: 100 | KH33: 100.7204 | KI33: 100.7204 | KJ33: 100.7204 | KK33: 102.2367 | KL33: 102.2367 | KM33: 102.2367 | KN33: 102.7853 | KO33: 102.7853
A34: <KBOB.08.12.23> | D34: 08.12.5 | E34: 08.12.23 | F34: =IFERROR(VLOOKUP(A34,PPI_IPI_PGA_PGAI!$A:$N,$R$1+1,FALSE),"") -> Split | P34: 91.6151 | Q34: 91.6151 | R34: 91.6151 | S34: 92.3989 | T34: 92.3989 | U34: 92.3989 | V34: 92.1181 | W34: 92.1181 | X34: 92.1181 | Y34: 91.6331 | Z34: 91.6331 | AA34: 91.6331 | AB34: 91.7376 | AC34: 91.7376 | AD34: 91.7376 | AE34: 91.6687 | AF34: 91.6687 | AG34: 91.6687 | AH34: 91.4707 | AI34: 91.4707 | AJ34: 91.4707 | AK34: 91.3251 | AL34: 91.3251 | AM34: 91.3251 | AN34: 91.271 | AO34: 91.271 | AP34: 91.271 | AQ34: 93.1136 | AR34: 93.1136 | AS34: 93.1136 | AT34: 93.236 | AU34: 93.236 | AV34: 93.236 | AW34: 93.1087 | AX34: 93.1087 | AY34: 93.1087 | AZ34: 93.0794 | BA34: 93.0794 | BB34: 93.0794 | BC34: 94.2444 | BD34: 94.2444 | BE34: 94.2444 | BF34: 94.6221 | BG34: 94.6221 | BH34: 94.6221 | BI34: 94.5182 | BJ34: 94.5182 | BK34: 94.5182 | BL34: 94.0502 | BM34: 94.0502 | BN34: 94.0502 | BO34: 95.2839 | BP34: 95.2839 | BQ34: 95.2839 | BR34: 95.0443 | BS34: 95.0443 | BT34: 95.0443 | BU34: 94.114 | BV34: 94.114 | BW34: 94.114 | BX34: 94.1418 | BY34: 94.1418 | BZ34: 94.1418 | CA34: 95.8175 | CB34: 95.8175 | CC34: 95.8175 | CD34: 95.9854 | CE34: 95.9854 | CF34: 95.9854 | CG34: 96.4393 | CH34: 96.4393 | CI34: 96.4393 | CJ34: 96.3375 | CK34: 96.3375 | CL34: 96.3375 | CM34: 98.2062 | CN34: 98.2062 | CO34: 98.2062 | CP34: 98.4566 | CQ34: 98.4566 | CR34: 98.4566 | CS34: 98.3527 | CT34: 98.3527 | CU34: 98.3527 | CV34: 97.9534 | CW34: 97.9534 | CX34: 97.9534 | CY34: 99.3608 | CZ34: 99.3608 | DA34: 99.3608 | DB34: 98.5206 | DC34: 98.5206 | DD34: 98.5206 | DE34: 98.3158 | DF34: 98.3158 | DG34: 98.3158 | DH34: 98.1112 | DI34: 98.1112 | DJ34: 99.9454 | DK34: 99.9454 | DL34: 99.9454 | DM34: 101.28 | DN34: 101.28 | DO34: 101.28 | DP34: 100.1447 | DQ34: 100.1447 | DR34: 100.1447 | DS34: 100.7142 | DT34: 100.7142 | DU34: 100.7142 | DV34: 100.1602 | DW34: 100.1602 | DX34: 100.1602 | DY34: 99.3715 | DZ34: 99.3715 | EA34: 99.3715 | EB34: 99.0084 | EC34: 99.0084 | ED34: 99.0084 | EE34: 98.4884 | EF34: 98.4884 | EG34: 98.4884 | EH34: 101.6626 | EI34: 101.6626 | EJ34: 101.6626 | EK34: 99.2194 | EL34: 99.2194 | EM34: 99.2194 | EN34: 97.1806 | EO34: 97.1806 | EP34: 97.1806 | EQ34: 97.4865 | ER34: 97.4865 | ES34: 97.4865 | ET34: 98.3084 | EU34: 98.3084 | EV34: 98.3084 | EW34: 97.4232 | EX34: 97.4232 | EY34: 97.4232 | EZ34: 95.8499 | FA34: 95.8499 | FB34: 95.8499 | FC34: 95.397 | FD34: 95.397 | FE34: 95.397 | FF34: 95.6237 | FG34: 95.6237 | FH34: 95.6237 | FI34: 95.4639 | FJ34: 95.4639 | FK34: 95.4639 | FL34: 96.0396 | FM34: 96.0396 | FN34: 96.0396 | FO34: 95.8146 | FP34: 95.8146 | FQ34: 95.8146 | FR34: 95.55 | FS34: 95.55 | FT34: 95.55 | FU34: 95.1873 | FV34: 95.1873 | FW34: 95.1873 | FX34: 95.4021 | FY34: 95.4021 | FZ34: 95.4021 | GA34: 94.1702 | GB34: 94.1702 | GC34: 94.1702 | GD34: 94.2888 | GE34: 94.2888 | GF34: 94.2888 | GG34: 96.6421 | GH34: 96.6421 | GI34: 96.6421 | GJ34: 94.6715 | GK34: 94.6715 | GL34: 94.6715 | GM34: 94.9568 | GN34: 94.9568 | GO34: 94.9568 | GP34: 96.0093 | GQ34: 96.0093 | GR34: 96.0093 | GS34: 95.3173 | GT34: 95.3173 | GU34: 95.3173 | GV34: 95.4823 | GW34: 95.4823 | GX34: 95.4823 | GY34: 93.9487 | GZ34: 93.9487 | HA34: 93.9487 | HB34: 95.1411 | HC34: 95.1411 | HD34: 95.1411 | HE34: 95.0687 | HF34: 95.0687 | HG34: 95.0687 | HH34: 94.257 | HI34: 94.257 | HJ34: 94.257 | HK34: 94.2356 | HL34: 94.2356 | HM34: 94.2356 | HN34: 94.3721 | HO34: 94.3721 | HP34: 94.3721 | HQ34: 94.1694 | HR34: 94.1694 | HS34: 94.1694 | HT34: 93.1486 | HU34: 93.1486 | HV34: 93.1486 | HW34: 91.2689 | HX34: 91.2689 | HY34: 91.2689 | HZ34: 96.3499 | IA34: 96.3499 | IB34: 96.3499 | IC34: 94.1123 | ID34: 94.1123 | IE34: 94.1123 | IF34: 93.664 | IG34: 93.664 | IH34: 93.664 | II34: 93.5212 | IJ34: 93.5212 | IK34: 93.5212 | IL34: 96.6534 | IM34: 96.6534 | IN34: 96.6534 | IO34: 96.6796 | IP34: 96.6796 | IQ34: 96.6796 | IR34: 96.8608 | IS34: 96.8608 | IT34: 96.8608 | IU34: 96.861 | IV34: 96.861 | IW34: 96.861 | IX34: 100.0679 | IY34: 100.0679 | IZ34: 100.0679 | JA34: 99.1611 | JB34: 99.1611 | JC34: 99.1611 | JD34: 100.6616 | JE34: 100.6616 | JF34: 100.6616 | JG34: 100.3109 | JH34: 100.3109 | JI34: 100.3109 | JJ34: 101.8292 | JK34: 101.8292 | JL34: 101.8292 | JM34: 101.2624 | JN34: 101.2624 | JO34: 101.2624 | JP34: 99.7819 | JQ34: 99.7819 | JR34: 99.7819 | JS34: 99.4758 | JT34: 99.4758 | JU34: 99.4758 | JV34: 101.1515 | JW34: 101.1515 | JX34: 101.1515 | JY34: 101.0079 | JZ34: 101.0079 | KA34: 101.0079 | KB34: 100.5431 | KC34: 100.5431 | KD34: 100.5431 | KE34: 100 | KF34: 100 | KG34: 100 | KH34: 101.5384 | KI34: 101.5384 | KJ34: 101.5384 | KK34: 100.6639 | KL34: 100.6639 | KM34: 100.6639 | KN34: 100.7742 | KO34: 100.7742
A35: <KBOB.08.12.24> | D35: 08.12.6 | E35: 08.12.24 | F35: =IFERROR(VLOOKUP(A35,PPI_IPI_PGA_PGAI!$A:$N,$R$1+1,FALSE),"") -> Ungebundenes Gemisch, frostsicher | P35: … | Q35: … | R35: … | S35: … | T35: … | U35: … | V35: … | W35: … | X35: … | Y35: … | Z35: … | AA35: … | AB35: … | AC35: … | AD35: … | AE35: … | AF35: … | AG35: … | AH35: … | AI35: … | AJ35: … | AK35: … | AL35: … | AM35: … | AN35: … | AO35: … | AP35: … | AQ35: … | AR35: … | AS35: … | AT35: … | AU35: … | AV35: … | AW35: … | AX35: … | AY35: … | AZ35: … | BA35: … | BB35: … | BC35: … | BD35: … | BE35: … | BF35: … | BG35: … | BH35: … | BI35: … | BJ35: … | BK35: … | BL35: … | BM35: … | BN35: … | BO35: … | BP35: … | BQ35: … | BR35: … | BS35: … | BT35: … | BU35: … | BV35: … | BW35: … | BX35: … | BY35: … | BZ35: … | CA35: … | CB35: … | CC35: … | CD35: … | CE35: … | CF35: … | CG35: … | CH35: … | CI35: … | CJ35: … | CK35: … | CL35: … | CM35: … | CN35: … | CO35: … | CP35: … | CQ35: … | CR35: … | CS35: … | CT35: … | CU35: … | CV35: … | CW35: … | CX35: … | CY35: … | CZ35: … | DA35: … | DB35: … | DC35: … | DD35: … | DE35: … | DF35: … | DG35: … | DH35: 104.6837 | DI35: 104.6837 | DJ35: 105.9515 | DK35: 105.9515 | DL35: 105.9515 | DM35: 106.121 | DN35: 106.121 | DO35: 106.121 | DP35: 104.9597 | DQ35: 104.9597 | DR35: 104.9597 | DS35: 104.9072 | DT35: 104.9072 | DU35: 104.9072 | DV35: 105.0773 | DW35: 105.0773 | DX35: 105.0773 | DY35: 105.1292 | DZ35: 105.1292 | EA35: 105.1292 | EB35: 105.7564 | EC35: 105.7564 | ED35: 105.7564 | EE35: 105.6591 | EF35: 105.6591 | EG35: 105.6591 | EH35: 106.4069 | EI35: 106.4069 | EJ35: 106.4069 | EK35: 106.5137 | EL35: 106.5137 | EM35: 106.5137 | EN35: 105.3523 | EO35: 105.3523 | EP35: 105.3523 | EQ35: 105.3537 | ER35: 105.3537 | ES35: 105.3537 | ET35: 105.272 | EU35: 105.272 | EV35: 105.272 | EW35: 105.4757 | EX35: 105.4757 | EY35: 105.4757 | EZ35: 105.7019 | FA35: 105.7019 | FB35: 105.7019 | FC35: 105.2451 | FD35: 105.2451 | FE35: 105.2451 | FF35: 105.3167 | FG35: 105.3167 | FH35: 105.3167 | FI35: 106.6037 | FJ35: 106.6037 | FK35: 106.6037 | FL35: 104.9358 | FM35: 104.9358 | FN35: 104.9358 | FO35: 104.1787 | FP35: 104.1787 | FQ35: 104.1787 | FR35: 102.7969 | FS35: 102.7969 | FT35: 102.7969 | FU35: 102.2967 | FV35: 102.2967 | FW35: 102.2967 | FX35: 100.7547 | FY35: 100.7547 | FZ35: 100.7547 | GA35: 100.2371 | GB35: 100.2371 | GC35: 100.2371 | GD35: 100.8119 | GE35: 100.8119 | GF35: 100.8119 | GG35: 99.1204 | GH35: 99.1204 | GI35: 99.1204 | GJ35: 98.6857 | GK35: 98.6857 | GL35: 98.6857 | GM35: 98.0822 | GN35: 98.0822 | GO35: 98.0822 | GP35: 99.9282 | GQ35: 99.9282 | GR35: 99.9282 | GS35: 99.3229 | GT35: 99.3229 | GU35: 99.3229 | GV35: 100.0772 | GW35: 100.0772 | GX35: 100.0772 | GY35: 99.2081 | GZ35: 99.2081 | HA35: 99.2081 | HB35: 99.9544 | HC35: 99.9544 | HD35: 99.9544 | HE35: 100.0006 | HF35: 100.0006 | HG35: 100.0006 | HH35: 99.7944 | HI35: 99.7944 | HJ35: 99.7944 | HK35: 99.1804 | HL35: 99.1804 | HM35: 99.1804 | HN35: 99.9121 | HO35: 99.9121 | HP35: 99.9121 | HQ35: 99.9121 | HR35: 99.9121 | HS35: 99.9121 | HT35: 97.2895 | HU35: 97.2895 | HV35: 97.2895 | HW35: 98.0963 | HX35: 98.0963 | HY35: 98.0963 | HZ35: 96.8006 | IA35: 96.8006 | IB35: 96.8006 | IC35: 97.5112 | ID35: 97.5112 | IE35: 97.5112 | IF35: 96.6974 | IG35: 96.6974 | IH35: 96.6974 | II35: 96.4637 | IJ35: 96.4637 | IK35: 96.4637 | IL35: 96.6265 | IM35: 96.6265 | IN35: 96.6265 | IO35: 95.8156 | IP35: 95.8156 | IQ35: 95.8156 | IR35: 96.5419 | IS35: 96.5419 | IT35: 96.5419 | IU35: 97.1218 | IV35: 97.1218 | IW35: 97.1218 | IX35: 98.2713 | IY35: 98.2713 | IZ35: 98.2713 | JA35: 99.3612 | JB35: 99.3612 | JC35: 99.3612 | JD35: 99.782 | JE35: 99.782 | JF35: 99.782 | JG35: 99.3719 | JH35: 99.3719 | JI35: 99.3719 | JJ35: 100.0606 | JK35: 100.0606 | JL35: 100.0606 | JM35: 99.2797 | JN35: 99.2797 | JO35: 99.2797 | JP35: 99.0444 | JQ35: 99.0444 | JR35: 99.0444 | JS35: 98.0395 | JT35: 98.0395 | JU35: 98.0395 | JV35: 97.944 | JW35: 97.944 | JX35: 97.944 | JY35: 99.0361 | JZ35: 99.0361 | KA35: 99.0361 | KB35: 99.703 | KC35: 99.703 | KD35: 99.703 | KE35: 100 | KF35: 100 | KG35: 100 | KH35: 102.4771 | KI35: 102.4771 | KJ35: 102.4771 | KK35: 102.0204 | KL35: 102.0204 | KM35: 102.0204 | KN35: 101.9884 | KO35: 101.9884
A36: <KBOB.08.12.25> | D36: 08.12.7 | E36: 08.12.25 | F36: =IFERROR(VLOOKUP(A36,PPI_IPI_PGA_PGAI!$A:$N,$R$1+1,FALSE),"") -> Schotter | P36: 75.5367 | Q36: 75.5367 | R36: 75.5367 | S36: 75.5367 | T36: 75.5367 | U36: 75.5367 | V36: 73.6483 | W36: 73.6483 | X36: 73.6483 | Y36: 75.5367 | Z36: 75.5367 | AA36: 75.5367 | AB36: 75.9595 | AC36: 75.9595 | AD36: 75.9595 | AE36: 75.6627 | AF36: 75.6627 | AG36: 75.6627 | AH36: 76.9742 | AI36: 76.9742 | AJ36: 76.9742 | AK36: 76.9742 | AL36: 76.9742 | AM36: 76.9742 | AN36: 76.9742 | AO36: 76.9742 | AP36: 76.9742 | AQ36: 78.11 | AR36: 78.11 | AS36: 78.11 | AT36: 78.7395 | AU36: 78.7395 | AV36: 78.7395 | AW36: 78.7395 | AX36: 78.7395 | AY36: 78.7395 | AZ36: 79.7213 | BA36: 79.7213 | BB36: 79.7213 | BC36: 80.8823 | BD36: 80.8823 | BE36: 80.8823 | BF36: 81.1943 | BG36: 81.1943 | BH36: 81.1943 | BI36: 81.5062 | BJ36: 81.5062 | BK36: 81.5062 | BL36: 81.5062 | BM36: 81.5062 | BN36: 81.5062 | BO36: 82.5993 | BP36: 82.5993 | BQ36: 82.5993 | BR36: 82.9612 | BS36: 82.9612 | BT36: 82.9612 | BU36: 83.2441 | BV36: 83.2441 | BW36: 83.2441 | BX36: 83.2441 | BY36: 83.2441 | BZ36: 83.2441 | CA36: 85.951 | CB36: 85.951 | CC36: 85.951 | CD36: 85.951 | CE36: 85.951 | CF36: 85.951 | CG36: 85.3271 | CH36: 85.3271 | CI36: 85.3271 | CJ36: 86.4418 | CK36: 86.4418 | CL36: 86.4418 | CM36: 89.4252 | CN36: 89.4252 | CO36: 89.4252 | CP36: 89.0596 | CQ36: 89.0596 | CR36: 89.0596 | CS36: 89.0596 | CT36: 89.0596 | CU36: 89.0596 | CV36: 89.3716 | CW36: 89.3716 | CX36: 89.3716 | CY36: 91.8297 | CZ36: 91.8297 | DA36: 91.8297 | DB36: 91.551 | DC36: 91.551 | DD36: 91.551 | DE36: 91.2165 | DF36: 91.2165 | DG36: 91.2165 | DH36: 91.3169 | DI36: 91.3169 | DJ36: 91.4575 | DK36: 91.4575 | DL36: 91.4575 | DM36: 89.8733 | DN36: 89.8733 | DO36: 89.8733 | DP36: 89.5914 | DQ36: 89.5914 | DR36: 89.5914 | DS36: 89.8424 | DT36: 89.8424 | DU36: 89.8424 | DV36: 91.1759 | DW36: 91.1759 | DX36: 91.1759 | DY36: 89.9479 | DZ36: 89.9479 | EA36: 89.9479 | EB36: 92.2704 | EC36: 92.2704 | ED36: 92.2704 | EE36: 92.9125 | EF36: 92.9125 | EG36: 92.9125 | EH36: 93.4125 | EI36: 93.4125 | EJ36: 93.4125 | EK36: 90.7963 | EL36: 90.7963 | EM36: 90.7963 | EN36: 90.5573 | EO36: 90.5573 | EP36: 90.5573 | EQ36: 90.1652 | ER36: 90.1652 | ES36: 90.1652 | ET36: 90.4316 | EU36: 90.4316 | EV36: 90.4316 | EW36: 88.657 | EX36: 88.657 | EY36: 88.657 | EZ36: 88.7553 | FA36: 88.7553 | FB36: 88.7553 | FC36: 90.8482 | FD36: 90.8482 | FE36: 90.8482 | FF36: 91.3734 | FG36: 91.3734 | FH36: 91.3734 | FI36: 88.261 | FJ36: 88.261 | FK36: 88.261 | FL36: 88.4136 | FM36: 88.4136 | FN36: 88.4136 | FO36: 89.696 | FP36: 89.696 | FQ36: 89.696 | FR36: 90.5832 | FS36: 90.5832 | FT36: 90.5832 | FU36: 90.6063 | FV36: 90.6063 | FW36: 90.6063 | FX36: 87.3658 | FY36: 87.3658 | FZ36: 87.3658 | GA36: 89.6295 | GB36: 89.6295 | GC36: 89.6295 | GD36: 89.9111 | GE36: 89.9111 | GF36: 89.9111 | GG36: 90.1896 | GH36: 90.1896 | GI36: 90.1896 | GJ36: 89.6793 | GK36: 89.6793 | GL36: 89.6793 | GM36: 90.6901 | GN36: 90.6901 | GO36: 90.6901 | GP36: 92.5958 | GQ36: 92.5958 | GR36: 92.5958 | GS36: 94.0429 | GT36: 94.0429 | GU36: 94.0429 | GV36: 93.3918 | GW36: 93.3918 | GX36: 93.3918 | GY36: 92.4376 | GZ36: 92.4376 | HA36: 92.4376 | HB36: 91.7442 | HC36: 91.7442 | HD36: 91.7442 | HE36: 94.8259 | HF36: 94.8259 | HG36: 94.8259 | HH36: 94.961 | HI36: 94.961 | HJ36: 94.961 | HK36: 95.0394 | HL36: 95.0394 | HM36: 95.0394 | HN36: 95.5297 | HO36: 95.5297 | HP36: 95.5297 | HQ36: 94.5862 | HR36: 94.5862 | HS36: 94.5862 | HT36: 95.5523 | HU36: 95.5523 | HV36: 95.5523 | HW36: 96.0298 | HX36: 96.0298 | HY36: 96.0298 | HZ36: 94.8548 | IA36: 94.8548 | IB36: 94.8548 | IC36: 96.0525 | ID36: 96.0525 | IE36: 96.0525 | IF36: 96.2734 | IG36: 96.2734 | IH36: 96.2734 | II36: 96.3873 | IJ36: 96.3873 | IK36: 96.3873 | IL36: 95.9014 | IM36: 95.9014 | IN36: 95.9014 | IO36: 96.0255 | IP36: 96.0255 | IQ36: 96.0255 | IR36: 96.899 | IS36: 96.899 | IT36: 96.899 | IU36: 98.7819 | IV36: 98.7819 | IW36: 98.7819 | IX36: 99.1932 | IY36: 99.1932 | IZ36: 99.1932 | JA36: 100.3633 | JB36: 100.3633 | JC36: 100.3633 | JD36: 99.5304 | JE36: 99.5304 | JF36: 99.5304 | JG36: 99.7485 | JH36: 99.7485 | JI36: 99.7485 | JJ36: 101.0574 | JK36: 101.0574 | JL36: 101.0574 | JM36: 100.9453 | JN36: 100.9453 | JO36: 100.9453 | JP36: 101.801 | JQ36: 101.801 | JR36: 101.801 | JS36: 102.7657 | JT36: 102.7657 | JU36: 102.7657 | JV36: 102.2123 | JW36: 102.2123 | JX36: 102.2123 | JY36: 100.2207 | JZ36: 100.2207 | KA36: 100.2207 | KB36: 100.2181 | KC36: 100.2181 | KD36: 100.2181 | KE36: 100 | KF36: 100 | KG36: 100 | KH36: 101.4612 | KI36: 101.4612 | KJ36: 101.4612 | KK36: 101.414 | KL36: 101.414 | KM36: 101.414 | KN36: 101.1477 | KO36: 101.1477
A37: <KBOB.13.93> | E37: 13.93 | F37: =IFERROR(VLOOKUP(A37,PPI_IPI_PGA_PGAI!$A:$N,$R$1+1,FALSE),"") -> Textile Bodenbeläge (Teppiche) | P37: 75.8097 | Q37: 75.095 | R37: 75.095 | S37: 75.095 | T37: 75.095 | U37: 75.095 | V37: 75.095 | W37: 75.095 | X37: 75.2199 | Y37: 75.2199 | Z37: 75.2199 | AA37: 75.2199 | AB37: 75.2199 | AC37: 75.2199 | AD37: 75.5491 | AE37: 75.5491 | AF37: 75.5491 | AG37: 75.5491 | AH37: 75.5491 | AI37: 75.5491 | AJ37: 75.9813 | AK37: 75.9813 | AL37: 75.9813 | AM37: 75.9813 | AN37: 75.9813 | AO37: 75.9813 | AP37: 76.5858 | AQ37: 76.5858 | AR37: 76.5858 | AS37: 76.5858 | AT37: 76.5858 | AU37: 76.5858 | AV37: 76.7383 | AW37: 76.7383 | AX37: 76.7383 | AY37: 76.7383 | AZ37: 76.7383 | BA37: 76.7383 | BB37: 79.4268 | BC37: 79.4268 | BD37: 79.4268 | BE37: 79.4268 | BF37: 79.4268 | BG37: 79.4268 | BH37: 79.5998 | BI37: 79.5998 | BJ37: 79.5998 | BK37: 79.5998 | BL37: 79.5998 | BM37: 79.5998 | BN37: 81.8534 | BO37: 81.8534 | BP37: 81.8534 | BQ37: 81.8534 | BR37: 81.8534 | BS37: 81.8534 | BT37: 81.9586 | BU37: 81.9586 | BV37: 81.9586 | BW37: 81.9586 | BX37: 81.9586 | BY37: 81.9586 | BZ37: 85.868 | CA37: 85.868 | CB37: 85.868 | CC37: 85.868 | CD37: 85.868 | CE37: 85.868 | CF37: 85.8851 | CG37: 85.8851 | CH37: 85.8851 | CI37: 85.8851 | CJ37: 85.8851 | CK37: 85.8851 | CL37: 87.038 | CM37: 87.038 | CN37: 87.038 | CO37: 87.0689 | CP37: 87.0689 | CQ37: 87.0689 | CR37: 87.4946 | CS37: 87.4946 | CT37: 87.4946 | CU37: 87.4919 | CV37: 87.4919 | CW37: 87.4919 | CX37: 88.7844 | CY37: 88.7844 | CZ37: 88.7844 | DA37: 88.7844 | DB37: 88.7844 | DC37: 88.7844 | DD37: 89.7659 | DE37: 89.7659 | DF37: 89.7659 | DG37: 89.7659 | DH37: 89.7659 | DI37: 89.7659 | DJ37: 89.7659 | DK37: 93.4402 | DL37: 93.4402 | DM37: 93.4402 | DN37: 91.3225 | DO37: 91.3225 | DP37: 91.3225 | DQ37: 90.6914 | DR37: 90.6914 | DS37: 90.6914 | DT37: 92.077 | DU37: 92.077 | DV37: 92.077 | DW37: 92.4143 | DX37: 92.4143 | DY37: 92.4143 | DZ37: 90.9604 | EA37: 90.9604 | EB37: 90.9604 | EC37: 90.9452 | ED37: 90.9452 | EE37: 90.9452 | EF37: 91.0353 | EG37: 91.0353 | EH37: 91.0353 | EI37: 92.4 | EJ37: 92.4 | EK37: 92.4 | EL37: 92.6361 | EM37: 92.6361 | EN37: 92.6361 | EO37: 92.3854 | EP37: 92.3854 | EQ37: 92.3854 | ER37: 92.3677 | ES37: 92.3677 | ET37: 92.3677 | EU37: 92.3644 | EV37: 92.3644 | EW37: 92.3644 | EX37: 92.6068 | EY37: 92.6068 | EZ37: 92.6068 | FA37: 92.2345 | FB37: 92.2345 | FC37: 92.2345 | FD37: 92.1916 | FE37: 92.1916 | FF37: 92.1916 | FG37: 86.3715 | FH37: 86.3715 | FI37: 86.3715 | FJ37: 84.9224 | FK37: 84.9224 | FL37: 84.9224 | FM37: 86.093 | FN37: 86.093 | FO37: 86.093 | FP37: 86.2339 | FQ37: 86.2339 | FR37: 86.2339 | FS37: 85.5609 | FT37: 85.5609 | FU37: 85.5609 | FV37: 86.3752 | FW37: 86.3752 | FX37: 86.3752 | FY37: 85.9637 | FZ37: 85.9637 | GA37: 85.9637 | GB37: 84.7157 | GC37: 84.7157 | GD37: 84.7157 | GE37: 83.9841 | GF37: 83.9841 | GG37: 83.9841 | GH37: 84.8597 | GI37: 84.8597 | GJ37: 84.8597 | GK37: 87.2998 | GL37: 87.2998 | GM37: 87.2998 | GN37: 88.5649 | GO37: 88.5649 | GP37: 88.5649 | GQ37: 89.1006 | GR37: 89.1006 | GS37: 89.1006 | GT37: 89.133 | GU37: 89.133 | GV37: 89.133 | GW37: 87.9388 | GX37: 87.9388 | GY37: 87.9388 | GZ37: 89.4261 | HA37: 89.4261 | HB37: 89.4261 | HC37: 91.6964 | HD37: 91.6964 | HE37: 91.6964 | HF37: 90.8825 | HG37: 90.8825 | HH37: 90.8825 | HI37: 90.1691 | HJ37: 90.1691 | HK37: 90.1691 | HL37: 90.6353 | HM37: 90.6353 | HN37: 90.6353 | HO37: 88.6436 | HP37: 88.6436 | HQ37: 88.6436 | HR37: 89.2222 | HS37: 89.2222 | HT37: 89.2222 | HU37: 88.6252 | HV37: 88.6252 | HW37: 88.6252 | HX37: 89.7536 | HY37: 89.7536 | HZ37: 89.7536 | IA37: 89.8348 | IB37: 89.8348 | IC37: 89.8348 | ID37: 91.5513 | IE37: 91.5513 | IF37: 91.5513 | IG37: 94.3863 | IH37: 94.3863 | II37: 94.3863 | IJ37: 95.8383 | IK37: 95.8383 | IL37: 95.8383 | IM37: 97.6223 | IN37: 97.6223 | IO37: 97.6223 | IP37: 104.0048 | IQ37: 104.0048 | IR37: 104.0048 | IS37: 104.4466 | IT37: 104.4466 | IU37: 104.4466 | IV37: 105.4817 | IW37: 105.4817 | IX37: 105.4817 | IY37: 106.6562 | IZ37: 106.6562 | JA37: 106.6562 | JB37: 106.3816 | JC37: 106.3816 | JD37: 106.3816 | JE37: 107.3802 | JF37: 107.3802 | JG37: 107.3802 | JH37: 107.2149 | JI37: 107.2149 | JJ37: 107.2149 | JK37: 107.7448 | JL37: 107.7448 | JM37: 107.7448 | JN37: 102.0073 | JO37: 102.0073 | JP37: 102.0073 | JQ37: 101.486 | JR37: 101.486 | JS37: 101.486 | JT37: 101.4142 | JU37: 101.4142 | JV37: 101.4142 | JW37: 101.6594 | JX37: 101.6594 | JY37: 101.6594 | JZ37: 101.5757 | KA37: 101.5757 | KB37: 101.5757 | KC37: 100.0308 | KD37: 100.0308 | KE37: 100.0308 | KF37: 100 | KG37: 100 | KH37: 100 | KI37: 102.8021 | KJ37: 102.8021 | KK37: 102.8021 | KL37: 102.8166 | KM37: 102.8166 | KN37: 102.8166 | KO37: 103.8377
A38: <KBOB.13.95> | D38: 22.23.11 | E38: 13.95 | F38: =IFERROR(VLOOKUP(A38,PPI_IPI_PGA_PGAI!$A:$N,$R$1+1,FALSE),"") -> Vliesstoff und Erzeugnisse daraus (ohne Bekleidung) | P38: … | Q38: … | R38: … | S38: … | T38: … | U38: 77.1047 | V38: 77.1047 | W38: 77.1047 | X38: 77.4712 | Y38: 77.4712 | Z38: 77.4712 | AA38: 77.4593 | AB38: 77.4593 | AC38: 77.4593 | AD38: 77.7219 | AE38: 77.7219 | AF38: 77.7219 | AG38: 77.7086 | AH38: 77.7086 | AI38: 77.7086 | AJ38: 76.4338 | AK38: 76.4338 | AL38: 76.4338 | AM38: 79.5763 | AN38: 79.5763 | AO38: 79.5763 | AP38: 82.7202 | AQ38: 82.7202 | AR38: 82.7202 | AS38: 82.7141 | AT38: 82.7141 | AU38: 82.7141 | AV38: 83.418 | AW38: 83.418 | AX38: 83.418 | AY38: 85.4082 | AZ38: 85.4082 | BA38: 85.4082 | BB38: 87.0015 | BC38: 87.0015 | BD38: 87.0015 | BE38: 87.0675 | BF38: 87.0675 | BG38: 87.0675 | BH38: 87.5926 | BI38: 87.5926 | BJ38: 87.5926 | BK38: 88.1058 | BL38: 88.1058 | BM38: 88.1058 | BN38: 90.4718 | BO38: 90.4718 | BP38: 90.4718 | BQ38: 90.6734 | BR38: 90.6734 | BS38: 90.6734 | BT38: 91.086 | BU38: 91.0859 | BV38: 91.0859 | BW38: 91.8684 | BX38: 91.8684 | BY38: 91.8684 | BZ38: 94.0339 | CA38: 94.0339 | CB38: 94.0339 | CC38: 94.1704 | CD38: 94.1704 | CE38: 94.1704 | CF38: 96.2883 | CG38: 96.2883 | CH38: 96.2883 | CI38: 96.6607 | CJ38: 96.6607 | CK38: 96.6607 | CL38: 95.7655 | CM38: 95.7655 | CN38: 95.7655 | CO38: 94.7859 | CP38: 94.7859 | CQ38: 94.7859 | CR38: 94.8634 | CS38: 94.8634 | CT38: 94.8634 | CU38: 95.3136 | CV38: 95.3136 | CW38: 95.3136 | CX38: 95.1353 | CY38: 95.1353 | CZ38: 95.1353 | DA38: 96.7332 | DB38: 96.7332 | DC38: 96.7332 | DD38: 96.8036 | DE38: 96.8036 | DF38: 96.8036 | DG38: 96.8461 | DH38: 96.8461 | DI38: 96.8461 | DJ38: 95.9739 | DK38: 95.9739 | DL38: 95.9739 | DM38: 91.8138 | DN38: 91.8138 | DO38: 91.8138 | DP38: 92.5094 | DQ38: 92.5094 | DR38: 92.5094 | DS38: 92.7564 | DT38: 92.7564 | DU38: 92.7564 | DV38: 91.7762 | DW38: 91.7762 | DX38: 91.7762 | DY38: 93.6886 | DZ38: 93.6886 | EA38: 93.6886 | EB38: 94.1221 | EC38: 94.1221 | ED38: 94.1221 | EE38: 94.1552 | EF38: 94.1552 | EG38: 94.1552 | EH38: 95.0648 | EI38: 95.0648 | EJ38: 95.0648 | EK38: 95.3901 | EL38: 95.3901 | EM38: 95.3901 | EN38: 97.1014 | EO38: 97.1014 | EP38: 97.1014 | EQ38: 96.8547 | ER38: 96.8547 | ES38: 96.8547 | ET38: 96.9495 | EU38: 96.9495 | EV38: 96.9495 | EW38: 96.4475 | EX38: 96.4475 | EY38: 96.4475 | EZ38: 96.6103 | FA38: 96.6103 | FB38: 96.6103 | FC38: 96.45 | FD38: 96.45 | FE38: 96.45 | FF38: 91.9425 | FG38: 91.9425 | FH38: 91.9425 | FI38: 91.1551 | FJ38: 91.1551 | FK38: 91.1551 | FL38: 91.8321 | FM38: 91.8321 | FN38: 91.8321 | FO38: 91.2256 | FP38: 91.2256 | FQ38: 91.2256 | FR38: 91.3948 | FS38: 91.3948 | FT38: 91.3948 | FU38: 91.2245 | FV38: 91.2245 | FW38: 91.2245 | FX38: 91.0313 | FY38: 91.0313 | FZ38: 91.0313 | GA38: 90.6059 | GB38: 90.6059 | GC38: 90.6059 | GD38: 90.1869 | GE38: 90.1869 | GF38: 90.1869 | GG38: 91.2603 | GH38: 91.2603 | GI38: 91.2603 | GJ38: 92.1633 | GK38: 92.1633 | GL38: 92.1633 | GM38: 94.1703 | GN38: 94.1703 | GO38: 94.1703 | GP38: 93.5629 | GQ38: 93.5629 | GR38: 93.5629 | GS38: 95.6207 | GT38: 95.6207 | GU38: 95.6207 | GV38: 96.031 | GW38: 96.031 | GX38: 96.031 | GY38: 95.5256 | GZ38: 95.5256 | HA38: 95.5256 | HB38: 95.4005 | HC38: 95.4005 | HD38: 95.4005 | HE38: 96.2535 | HF38: 96.2535 | HG38: 96.2535 | HH38: 95.7851 | HI38: 95.7851 | HJ38: 95.7851 | HK38: 96.3588 | HL38: 96.3588 | HM38: 96.3588 | HN38: 97.654 | HO38: 97.654 | HP38: 97.654 | HQ38: 97.5314 | HR38: 97.5314 | HS38: 97.5314 | HT38: 97.0619 | HU38: 97.0619 | HV38: 97.0619 | HW38: 95.7621 | HX38: 95.7621 | HY38: 95.7621 | HZ38: 96.4204 | IA38: 96.4204 | IB38: 96.4204 | IC38: 108.0679 | ID38: 108.0679 | IE38: 108.0679 | IF38: 116.4494 | IG38: 116.4494 | IH38: 116.4494 | II38: 114.9983 | IJ38: 114.9983 | IK38: 114.9983 | IL38: 115.692 | IM38: 115.692 | IN38: 115.692 | IO38: 130.4287 | IP38: 130.4287 | IQ38: 130.4287 | IR38: 123.6221 | IS38: 123.6221 | IT38: 123.6221 | IU38: 123.6539 | IV38: 123.6539 | IW38: 123.6539 | IX38: 115.0075 | IY38: 115.0075 | IZ38: 115.0075 | JA38: 113.7737 | JB38: 113.7737 | JC38: 113.7737 | JD38: 112.282 | JE38: 112.282 | JF38: 112.282 | JG38: 107.555 | JH38: 107.555 | JI38: 107.555 | JJ38: 107.2297 | JK38: 107.2297 | JL38: 107.2297 | JM38: 108.0882 | JN38: 108.0882 | JO38: 108.0882 | JP38: 104.2733 | JQ38: 104.2733 | JR38: 104.2733 | JS38: 102.0265 | JT38: 102.0265 | JU38: 102.0265 | JV38: 101.9132 | JW38: 101.9132 | JX38: 101.9132 | JY38: 101.4452 | JZ38: 101.4452 | KA38: 101.4452 | KB38: 101.216 | KC38: 101.216 | KD38: 101.216 | KE38: 100 | KF38: 100 | KG38: 100 | KH38: 100 | KI38: 98.6001 | KJ38: 98.6001 | KK38: 98.6001 | KL38: 109.9147 | KM38: 109.9147 | KN38: 109.9147 | KO38: 107.1616
A39: <KBOB.16> | E39: 16 | F39: =IFERROR(VLOOKUP(A39,PPI_IPI_PGA_PGAI!$A:$N,$R$1+1,FALSE),"") -> Holzprodukte | P39: 71.3148 | Q39: 71.263 | R39: 71.263 | S39: 71.1992 | T39: 71.1654 | U39: 71.1654 | V39: 70.8188 | W39: 70.7575 | X39: 70.7575 | Y39: 70.7575 | Z39: 70.7921 | AA39: 70.835 | AB39: 70.9248 | AC39: 70.9707 | AD39: 70.9707 | AE39: 70.9597 | AF39: 70.9409 | AG39: 70.9409 | AH39: 70.7228 | AI39: 70.7658 | AJ39: 70.7658 | AK39: 70.7658 | AL39: 70.8426 | AM39: 70.8349 | AN39: 71.191 | AO39: 71.5423 | AP39: 71.5423 | AQ39: 71.5506 | AR39: 71.6962 | AS39: 71.6962 | AT39: 72.0531 | AU39: 71.9576 | AV39: 71.9576 | AW39: 71.9576 | AX39: 71.9313 | AY39: 71.9601 | AZ39: 72.7203 | BA39: 73.1729 | BB39: 73.1729 | BC39: 73.1527 | BD39: 73.419 | BE39: 73.419 | BF39: 72.8896 | BG39: 73.2545 | BH39: 73.2545 | BI39: 73.2545 | BJ39: 73.8317 | BK39: 73.9251 | BL39: 74.5399 | BM39: 74.8543 | BN39: 74.8543 | BO39: 74.998 | BP39: 76.0078 | BQ39: 76.0078 | BR39: 77.4153 | BS39: 78.1511 | BT39: 78.1511 | BU39: 78.1511 | BV39: 78.4099 | BW39: 78.4789 | BX39: 79.9983 | BY39: 81.0939 | BZ39: 81.0939 | CA39: 81.105 | CB39: 81.1946 | CC39: 81.1946 | CD39: 82.0692 | CE39: 82.049 | CF39: 82.049 | CG39: 82.049 | CH39: 82.1336 | CI39: 82.0995 | CJ39: 82.7999 | CK39: 82.4369 | CL39: 82.4369 | CM39: 82.3736 | CN39: 81.2179 | CO39: 81.2179 | CP39: 80.2507 | CQ39: 79.4025 | CR39: 79.4025 | CS39: 79.4025 | CT39: 79.5368 | CU39: 79.5574 | CV39: 80.1195 | CW39: 80.1169 | CX39: 80.1169 | CY39: 80.1104 | CZ39: 79.9593 | DA39: 79.9593 | DB39: 79.1144 | DC39: 79.1343 | DD39: 79.1343 | DE39: 79.1343 | DF39: 78.9144 | DG39: 78.9213 | DH39: 79.5707 | DI39: 79.5707 | DJ39: 79.6311 | DK39: 79.6311 | DL39: 79.589 | DM39: 79.5764 | DN39: 79.6547 | DO39: 79.6547 | DP39: 79.2334 | DQ39: 79.2334 | DR39: 79.1946 | DS39: 79.2209 | DT39: 80.6438 | DU39: 80.6438 | DV39: 80.6583 | DW39: 80.6583 | DX39: 80.6321 | DY39: 80.5973 | DZ39: 79.982 | EA39: 79.982 | EB39: 79.792 | EC39: 79.792 | ED39: 79.813 | EE39: 79.8284 | EF39: 80.3049 | EG39: 80.3049 | EH39: 80.3365 | EI39: 80.3365 | EJ39: 80.2658 | EK39: 80.2472 | EL39: 80.0932 | EM39: 80.0932 | EN39: 80.1349 | EO39: 80.1349 | EP39: 80.2095 | EQ39: 80.1853 | ER39: 80.5462 | ES39: 80.5462 | ET39: 80.6071 | EU39: 80.6071 | EV39: 80.5837 | EW39: 80.5953 | EX39: 80.1227 | EY39: 80.1227 | EZ39: 80.1713 | FA39: 80.1713 | FB39: 80.0464 | FC39: 79.9691 | FD39: 79.8635 | FE39: 79.8635 | FF39: 79.421 | FG39: 79.421 | FH39: 79.2747 | FI39: 78.9666 | FJ39: 78.5167 | FK39: 78.5167 | FL39: 78.5218 | FM39: 78.5218 | FN39: 78.5209 | FO39: 78.5936 | FP39: 77.4664 | FQ39: 77.4664 | FR39: 77.5334 | FS39: 77.5334 | FT39: 77.5582 | FU39: 77.4628 | FV39: 78.3229 | FW39: 78.3229 | FX39: 78.2433 | FY39: 78.2433 | FZ39: 78.24 | GA39: 78.3302 | GB39: 78.3032 | GC39: 78.3032 | GD39: 78.3115 | GE39: 78.3115 | GF39: 78.3116 | GG39: 78.3331 | GH39: 76.6091 | GI39: 76.6091 | GJ39: 77.1125 | GK39: 77.1125 | GL39: 77.1431 | GM39: 77.4952 | GN39: 78.1685 | GO39: 78.1685 | GP39: 78.3079 | GQ39: 78.3079 | GR39: 78.3375 | GS39: 78.6491 | GT39: 80.8598 | GU39: 80.8598 | GV39: 80.8401 | GW39: 80.8401 | GX39: 80.8246 | GY39: 80.7278 | GZ39: 81.4147 | HA39: 81.4147 | HB39: 81.4353 | HC39: 81.4353 | HD39: 81.4181 | HE39: 81.402 | HF39: 81.6174 | HG39: 81.6174 | HH39: 81.2357 | HI39: 81.2357 | HJ39: 81.2398 | HK39: 81.1475 | HL39: 81.187 | HM39: 81.187 | HN39: 80.8258 | HO39: 80.8258 | HP39: 80.8175 | HQ39: 80.7753 | HR39: 80.6691 | HS39: 80.6691 | HT39: 80.7131 | HU39: 80.7131 | HV39: 80.7103 | HW39: 80.6886 | HX39: 81.2339 | HY39: 81.2339 | HZ39: 81.6743 | IA39: 81.6743 | IB39: 81.8098 | IC39: 82.6071 | ID39: 83.5017 | IE39: 83.5017 | IF39: 86.1145 | IG39: 86.1145 | IH39: 86.8658 | II39: 87.1471 | IJ39: 89.8759 | IK39: 89.8759 | IL39: 90.6557 | IM39: 90.6557 | IN39: 90.6544 | IO39: 92.2161 | IP39: 96.4225 | IQ39: 96.4225 | IR39: 96.3012 | IS39: 96.3012 | IT39: 96.3338 | IU39: 96.1982 | IV39: 97.4821 | IW39: 97.4821 | IX39: 97.3019 | IY39: 97.3019 | IZ39: 96.7168 | JA39: 96.3377 | JB39: 99.6639 | JC39: 99.6639 | JD39: 98.8953 | JE39: 98.8953 | JF39: 98.7118 | JG39: 98.2445 | JH39: 99.1682 | JI39: 99.1682 | JJ39: 98.387 | JK39: 98.387 | JL39: 98.434 | JM39: 98.6687 | JN39: 99.0014 | JO39: 99.0014 | JP39: 98.8348 | JQ39: 98.8348 | JR39: 98.7904 | JS39: 98.6292 | JT39: 98.7087 | JU39: 98.7087 | JV39: 99.0856 | JW39: 99.0856 | JX39: 99.0367 | JY39: 98.9318 | JZ39: 99.4485 | KA39: 99.4485 | KB39: 99.5513 | KC39: 99.5513 | KD39: 99.554 | KE39: 99.6334 | KF39: 100 | KG39: 100 | KH39: 99.9317 | KI39: 99.9317 | KJ39: 99.9777 | KK39: 100.4828 | KL39: 100.9517 | KM39: 100.9517 | KN39: 101.214 | KO39: 101.214
A40: <KBOB.16.10.11> | E40: 16.10.11 | F40: =IFERROR(VLOOKUP(A40,PPI_IPI_PGA_PGAI!$A:$N,$R$1+1,FALSE),"") -> Schnittholz | P40: 88.6574 | Q40: 88.6574 | R40: 88.6574 | S40: 87.9269 | T40: 87.9269 | U40: 87.9269 | V40: 87.9269 | W40: 88.2421 | X40: 88.2421 | Y40: 88.2421 | Z40: 88.2421 | AA40: 88.8658 | AB40: 88.8658 | AC40: 88.8658 | AD40: 88.8658 | AE40: 88.7055 | AF40: 88.7055 | AG40: 88.7055 | AH40: 88.7055 | AI40: 88.8509 | AJ40: 88.8509 | AK40: 88.8509 | AL40: 88.8509 | AM40: 88.7394 | AN40: 88.7394 | AO40: 88.7394 | AP40: 88.7394 | AQ40: 88.8604 | AR40: 88.8604 | AS40: 88.8604 | AT40: 88.8604 | AU40: 88.9295 | AV40: 88.9295 | AW40: 88.9295 | AX40: 88.9295 | AY40: 89.3758 | AZ40: 89.3758 | BA40: 89.3758 | BB40: 89.3758 | BC40: 89.0118 | BD40: 89.0118 | BE40: 89.0118 | BF40: 89.0118 | BG40: 90.013 | BH40: 90.013 | BI40: 90.013 | BJ40: 90.013 | BK40: 91.3781 | BL40: 91.3781 | BM40: 91.3781 | BN40: 91.3781 | BO40: 93.4715 | BP40: 93.4715 | BQ40: 93.4715 | BR40: 93.4715 | BS40: 97.0211 | BT40: 97.0211 | BU40: 97.0211 | BV40: 97.0211 | BW40: 98.0221 | BX40: 98.0221 | BY40: 98.0221 | BZ40: 98.0221 | CA40: 98.2042 | CB40: 98.2042 | CC40: 98.2042 | CD40: 98.2042 | CE40: 98.8413 | CF40: 98.8413 | CG40: 98.8413 | CH40: 98.8413 | CI40: 98.2953 | CJ40: 98.2953 | CK40: 98.2953 | CL40: 98.2953 | CM40: 97.3851 | CN40: 97.3851 | CO40: 97.3851 | CP40: 97.3851 | CQ40: 95.6558 | CR40: 95.6558 | CS40: 95.6558 | CT40: 95.6558 | CU40: 96.0199 | CV40: 96.0199 | CW40: 96.0199 | CX40: 96.0199 | CY40: 95.9289 | CZ40: 95.9289 | DA40: 95.9289 | DB40: 95.9289 | DC40: 96.1109 | DD40: 96.1109 | DE40: 96.1109 | DF40: 96.1109 | DG40: 96.2019 | DH40: 96.2019 | DI40: 96.2019 | DJ40: 96.4108 | DK40: 96.4108 | DL40: 95.8109 | DM40: 95.8109 | DN40: 95.6681 | DO40: 95.6681 | DP40: 94.8561 | DQ40: 94.8561 | DR40: 94.2825 | DS40: 94.2825 | DT40: 93.1927 | DU40: 93.1927 | DV40: 93.3782 | DW40: 93.3782 | DX40: 93.0092 | DY40: 93.0092 | DZ40: 92.8959 | EA40: 92.8959 | EB40: 92.2387 | EC40: 92.2387 | ED40: 92.5476 | EE40: 92.5476 | EF40: 91.7776 | EG40: 91.7776 | EH40: 91.9686 | EI40: 91.9686 | EJ40: 91.0543 | EK40: 91.0543 | EL40: 92.0056 | EM40: 92.0056 | EN40: 92.0875 | EO40: 92.0875 | EP40: 93.1889 | EQ40: 93.1889 | ER40: 93.8594 | ES40: 93.8594 | ET40: 94.3806 | EU40: 94.3806 | EV40: 93.9504 | EW40: 93.9504 | EX40: 95.0266 | EY40: 95.0266 | EZ40: 95.0599 | FA40: 95.0599 | FB40: 93.2126 | FC40: 93.2126 | FD40: 92.9947 | FE40: 92.9947 | FF40: 93.813 | FG40: 93.813 | FH40: 91.6463 | FI40: 91.6463 | FJ40: 89.3322 | FK40: 89.3322 | FL40: 89.3421 | FM40: 89.3421 | FN40: 89.3292 | FO40: 89.3292 | FP40: 89.1659 | FQ40: 89.1659 | FR40: 89.249 | FS40: 89.249 | FT40: 89.877 | FU40: 89.877 | FV40: 89.0881 | FW40: 89.0881 | FX40: 89.5498 | FY40: 89.5498 | FZ40: 89.4643 | GA40: 89.4643 | GB40: 88.9747 | GC40: 88.9747 | GD40: 89.7552 | GE40: 89.7552 | GF40: 89.7568 | GG40: 89.7568 | GH40: 89.8677 | GI40: 89.8677 | GJ40: 89.2312 | GK40: 89.2312 | GL40: 90.0043 | GM40: 90.0043 | GN40: 89.731 | GO40: 89.731 | GP40: 89.4479 | GQ40: 89.4479 | GR40: 90.1997 | GS40: 90.1997 | GT40: 90.6106 | GU40: 90.6106 | GV40: 90.7538 | GW40: 90.7538 | GX40: 90.3627 | GY40: 90.3627 | GZ40: 90.6362 | HA40: 90.6362 | HB40: 90.9148 | HC40: 90.9148 | HD40: 90.4757 | HE40: 90.4757 | HF40: 90.1683 | HG40: 90.1683 | HH40: 89.7172 | HI40: 89.7172 | HJ40: 89.8232 | HK40: 89.8232 | HL40: 88.8355 | HM40: 88.8355 | HN40: 88.0301 | HO40: 88.0301 | HP40: 87.8207 | HQ40: 87.8207 | HR40: 87.5324 | HS40: 87.5324 | HT40: 85.7552 | HU40: 85.7552 | HV40: 85.6837 | HW40: 85.6837 | HX40: 85.8375 | HY40: 85.8375 | HZ40: 86.4406 | IA40: 86.4406 | IB40: 87.489 | IC40: 87.489 | ID40: 88.7717 | IE40: 88.7717 | IF40: 94.9775 | IG40: 94.9775 | IH40: 100.7906 | II40: 100.7906 | IJ40: 105.4202 | IK40: 105.4202 | IL40: 106.9793 | IM40: 106.9793 | IN40: 106.9693 | IO40: 106.9693 | IP40: 109.8529 | IQ40: 109.8529 | IR40: 111.5301 | IS40: 111.5301 | IT40: 111.7832 | IU40: 111.7832 | IV40: 110.8732 | IW40: 110.8732 | IX40: 109.129 | IY40: 109.129 | IZ40: 104.6025 | JA40: 104.6025 | JB40: 104.1334 | JC40: 104.1334 | JD40: 103.9025 | JE40: 103.9025 | JF40: 102.483 | JG40: 102.483 | JH40: 100.3104 | JI40: 100.3104 | JJ40: 98.9645 | JK40: 98.9645 | JL40: 99.3275 | JM40: 99.3275 | JN40: 98.1705 | JO40: 98.1705 | JP40: 98.5014 | JQ40: 98.5014 | JR40: 98.1578 | JS40: 98.1578 | JT40: 97.0893 | JU40: 97.0893 | JV40: 98.2452 | JW40: 98.2452 | JX40: 97.8663 | JY40: 97.8663 | JZ40: 98.1262 | KA40: 98.1262 | KB40: 99.1313 | KC40: 99.1313 | KD40: 99.1526 | KE40: 99.1526 | KF40: 100 | KG40: 100 | KH40: 100.184 | KI40: 100.184 | KJ40: 100.7051 | KK40: 100.7051 | KL40: 101.5167 | KM40: 101.5167 | KN40: 101.8706 | KO40: 101.8706
A41: <KBOB.16.10.111> | E41: 16.10.111 | F41: =IFERROR(VLOOKUP(A41,PPI_IPI_PGA_PGAI!$A:$N,$R$1+1,FALSE),"") -> Baumaterialien aus Holz | P41: … | Q41: … | R41: … | S41: … | T41: … | U41: … | V41: … | W41: … | X41: … | Y41: … | Z41: … | AA41: … | AB41: … | AC41: … | AD41: … | AE41: … | AF41: … | AG41: … | AH41: … | AI41: … | AJ41: … | AK41: … | AL41: … | AM41: … | AN41: … | AO41: … | AP41: … | AQ41: … | AR41: … | AS41: … | AT41: … | AU41: … | AV41: … | AW41: … | AX41: … | AY41: … | AZ41: … | BA41: … | BB41: … | BC41: … | BD41: … | BE41: … | BF41: … | BG41: … | BH41: … | BI41: … | BJ41: … | BK41: … | BL41: … | BM41: … | BN41: … | BO41: … | BP41: … | BQ41: … | BR41: … | BS41: … | BT41: … | BU41: … | BV41: … | BW41: … | BX41: … | BY41: … | BZ41: … | CA41: … | CB41: … | CC41: … | CD41: … | CE41: … | CF41: … | CG41: … | CH41: … | CI41: … | CJ41: … | CK41: … | CL41: … | CM41: … | CN41: … | CO41: … | CP41: … | CQ41: … | CR41: … | CS41: … | CT41: … | CU41: … | CV41: … | CW41: … | CX41: … | CY41: … | CZ41: … | DA41: … | DB41: … | DC41: … | DD41: … | DE41: … | DF41: … | DG41: … | DH41: 94.0926 | DI41: 94.0926 | DJ41: 94.463 | DK41: 94.463 | DL41: 93.7963 | DM41: 93.7963 | DN41: 92.5972 | DO41: 92.5972 | DP41: 92.7151 | DQ41: 92.7151 | DR41: 91.7137 | DS41: 91.7137 | DT41: 90.5762 | DU41: 90.5762 | DV41: 90.7044 | DW41: 90.7044 | DX41: 91.4866 | DY41: 91.4866 | DZ41: 90.0575 | EA41: 90.0575 | EB41: 89.979 | EC41: 89.979 | ED41: 89.91 | EE41: 89.91 | EF41: 89.6826 | EG41: 89.6826 | EH41: 89.3969 | EI41: 89.3969 | EJ41: 88.3735 | EK41: 88.3735 | EL41: 89.9913 | EM41: 89.9913 | EN41: 89.7276 | EO41: 89.7276 | EP41: 90.4333 | EQ41: 90.4333 | ER41: 90.6656 | ES41: 90.6656 | ET41: 91.1852 | EU41: 91.1852 | EV41: 91.1517 | EW41: 91.1517 | EX41: 91.8255 | EY41: 91.8255 | EZ41: 91.5695 | FA41: 91.5695 | FB41: 89.8608 | FC41: 89.8608 | FD41: 90.2043 | FE41: 90.2043 | FF41: 90.9935 | FG41: 90.9935 | FH41: 89.4854 | FI41: 89.4854 | FJ41: 87.5048 | FK41: 87.5048 | FL41: 87.3041 | FM41: 87.3041 | FN41: 87.7531 | FO41: 87.7531 | FP41: 87.6617 | FQ41: 87.6617 | FR41: 87.7954 | FS41: 87.7954 | FT41: 88.6186 | FU41: 88.6186 | FV41: 88.0402 | FW41: 88.0402 | FX41: 89.0119 | FY41: 89.0119 | FZ41: 89.0063 | GA41: 89.0063 | GB41: 88.8143 | GC41: 88.8143 | GD41: 89.6034 | GE41: 89.6034 | GF41: 90.2061 | GG41: 90.2061 | GH41: 90.2422 | GI41: 90.2422 | GJ41: 89.7832 | GK41: 89.7832 | GL41: 90.4188 | GM41: 90.4188 | GN41: 90.2265 | GO41: 90.2265 | GP41: 89.5718 | GQ41: 89.5718 | GR41: 90.0302 | GS41: 90.0302 | GT41: 90.1582 | GU41: 90.1582 | GV41: 90.8573 | GW41: 90.8573 | GX41: 90.0965 | GY41: 90.0965 | GZ41: 91.0272 | HA41: 91.0272 | HB41: 90.5057 | HC41: 90.5057 | HD41: 90.0624 | HE41: 90.0624 | HF41: 90.2629 | HG41: 90.2629 | HH41: 89.9852 | HI41: 89.9852 | HJ41: 90.1711 | HK41: 90.1711 | HL41: 89.3786 | HM41: 89.3786 | HN41: 88.6624 | HO41: 88.6624 | HP41: 88.8612 | HQ41: 88.8612 | HR41: 88.7388 | HS41: 88.7388 | HT41: 86.7159 | HU41: 86.7159 | HV41: 86.3012 | HW41: 86.3012 | HX41: 86.6286 | HY41: 86.6286 | HZ41: 87.9747 | IA41: 87.9747 | IB41: 88.8632 | IC41: 88.8632 | ID41: 89.802 | IE41: 89.802 | IF41: 96.5271 | IG41: 96.5271 | IH41: 102.4625 | II41: 102.4625 | IJ41: 106.1211 | IK41: 106.1211 | IL41: 108.119 | IM41: 108.119 | IN41: 108.0638 | IO41: 108.0638 | IP41: 111.0202 | IQ41: 111.0202 | IR41: 112.4831 | IS41: 112.4831 | IT41: 112.1969 | IU41: 112.1969 | IV41: 111.2248 | IW41: 111.2248 | IX41: 108.8963 | IY41: 108.8963 | IZ41: 104.1638 | JA41: 104.1638 | JB41: 103.9427 | JC41: 103.9427 | JD41: 103.711 | JE41: 103.711 | JF41: 103.5099 | JG41: 103.5099 | JH41: 101.5137 | JI41: 101.5137 | JJ41: 98.9365 | JK41: 98.9365 | JL41: 100.1896 | JM41: 100.1896 | JN41: 99.2762 | JO41: 99.2762 | JP41: 99.216 | JQ41: 99.216 | JR41: 99.5125 | JS41: 99.5125 | JT41: 98.6308 | JU41: 98.6308 | JV41: 99.3618 | JW41: 99.3618 | JX41: 98.3377 | JY41: 98.3377 | JZ41: 98.3383 | KA41: 98.3383 | KB41: 99.0753 | KC41: 99.0753 | KD41: 99.1317 | KE41: 99.1317 | KF41: 100 | KG41: 100 | KH41: 100.7836 | KI41: 100.7836 | KJ41: 100.8388 | KK41: 100.8388 | KL41: 101.3145 | KM41: 101.3145 | KN41: 102.8835 | KO41: 102.8835
A42: <KBOB.16.10.1111> | E42: 16.10.1111 | F42: =IFERROR(VLOOKUP(A42,PPI_IPI_PGA_PGAI!$A:$N,$R$1+1,FALSE),"") -> Vollholz (bisher Konstruktionsholz) | P42: 79.5568 | Q42: 79.5568 | R42: 79.5568 | S42: 79.1694 | T42: 79.1694 | U42: 79.1694 | V42: 79.1694 | W42: 79.5942 | X42: 79.5942 | Y42: 79.5942 | Z42: 79.5942 | AA42: 79.9968 | AB42: 79.9968 | AC42: 79.9968 | AD42: 79.9968 | AE42: 79.6933 | AF42: 79.6933 | AG42: 79.6933 | AH42: 79.6933 | AI42: 79.3925 | AJ42: 79.3925 | AK42: 79.3925 | AL42: 79.3925 | AM42: 78.9429 | AN42: 78.9429 | AO42: 78.9429 | AP42: 78.9429 | AQ42: 78.5899 | AR42: 78.5899 | AS42: 78.5899 | AT42: 78.5899 | AU42: 78.6063 | AV42: 78.6063 | AW42: 78.6063 | AX42: 78.6063 | AY42: 79.8971 | AZ42: 79.8971 | BA42: 79.8971 | BB42: 79.8971 | BC42: 78.9218 | BD42: 78.9218 | BE42: 78.9218 | BF42: 78.9218 | BG42: 79.8971 | BH42: 79.8971 | BI42: 79.8971 | BJ42: 79.8971 | BK42: 81.2789 | BL42: 81.2789 | BM42: 81.2789 | BN42: 81.2789 | BO42: 81.7666 | BP42: 81.7666 | BQ42: 81.7666 | BR42: 81.7666 | BS42: 86.0744 | BT42: 86.0744 | BU42: 86.0744 | BV42: 86.0744 | BW42: 87.6999 | BX42: 87.6999 | BY42: 87.6999 | BZ42: 87.6999 | CA42: 87.3747 | CB42: 87.3747 | CC42: 87.3747 | CD42: 87.3747 | CE42: 88.025 | CF42: 88.025 | CG42: 88.025 | CH42: 88.025 | CI42: 88.3502 | CJ42: 88.3502 | CK42: 88.3502 | CL42: 88.3502 | CM42: 86.6433 | CN42: 86.6433 | CO42: 86.6433 | CP42: 86.6433 | CQ42: 85.1802 | CR42: 85.1802 | CS42: 85.1802 | CT42: 85.1802 | CU42: 85.9118 | CV42: 85.9118 | CW42: 85.9118 | CX42: 85.9118 | CY42: 85.099 | CZ42: 85.099 | DA42: 85.099 | DB42: 85.099 | DC42: 86.887 | DD42: 86.887 | DE42: 86.887 | DF42: 86.887 | DG42: 86.4807 | DH42: 86.4807 | DI42: 86.4807 | DJ42: 87.5538 | DK42: 87.5538 | DL42: 87.3391 | DM42: 87.3391 | DN42: 87.5538 | DO42: 87.5538 | DP42: 87.1245 | DQ42: 87.1245 | DR42: 86.6953 | DS42: 86.6953 | DT42: 86.2662 | DU42: 86.2662 | DV42: 85.837 | DW42: 85.837 | DX42: 85.6223 | DY42: 85.6223 | DZ42: 85.4078 | EA42: 85.4078 | EB42: 85.1932 | EC42: 85.1932 | ED42: 84.5494 | EE42: 84.5494 | EF42: 85.837 | EG42: 85.837 | EH42: 86.0515 | EI42: 86.0515 | EJ42: 84.764 | EK42: 84.764 | EL42: 86.2662 | EM42: 86.2662 | EN42: 85.4078 | EO42: 85.4078 | EP42: 86.0515 | EQ42: 86.0515 | ER42: 86.2662 | ES42: 86.2662 | ET42: 85.4078 | EU42: 85.4078 | EV42: 85.1932 | EW42: 85.1932 | EX42: 85.6223 | EY42: 85.6223 | EZ42: 86.0515 | FA42: 86.0515 | FB42: 85.6223 | FC42: 85.6223 | FD42: 86.91 | FE42: 86.91 | FF42: 87.3391 | FG42: 87.3391 | FH42: 85.4078 | FI42: 85.4078 | FJ42: 83.0473 | FK42: 83.0473 | FL42: 82.8326 | FM42: 82.8326 | FN42: 83.9056 | FO42: 83.9056 | FP42: 84.5494 | FQ42: 84.5494 | FR42: 83.0473 | FS42: 83.0473 | FT42: 82.8326 | FU42: 82.8326 | FV42: 83.4764 | FW42: 83.4764 | FX42: 83.691 | FY42: 83.691 | FZ42: 84.1202 | GA42: 84.1202 | GB42: 82.8326 | GC42: 82.8326 | GD42: 83.691 | GE42: 83.691 | GF42: 83.691 | GG42: 83.691 | GH42: 84.7639 | GI42: 84.7639 | GJ42: 85.6223 | GK42: 85.6223 | GL42: 86.0514 | GM42: 86.0514 | GN42: 86.9099 | GO42: 86.9099 | GP42: 85.4077 | GQ42: 85.4077 | GR42: 86.4807 | GS42: 86.4807 | GT42: 85.4077 | GU42: 85.4077 | GV42: 86.2662 | GW42: 86.2662 | GX42: 86.4807 | GY42: 86.4807 | GZ42: 88.412 | HA42: 88.412 | HB42: 84.9786 | HC42: 84.9786 | HD42: 83.2618 | HE42: 83.2618 | HF42: 84.1202 | HG42: 84.1202 | HH42: 84.5494 | HI42: 84.5494 | HJ42: 83.2618 | HK42: 83.2618 | HL42: 81.7597 | HM42: 81.7597 | HN42: 82.4034 | HO42: 82.4034 | HP42: 82.618 | HQ42: 82.618 | HR42: 83.0472 | HS42: 83.0472 | HT42: 83.0472 | HU42: 83.0472 | HV42: 82.4034 | HW42: 82.4034 | HX42: 82.618 | HY42: 82.618 | HZ42: 83.2618 | IA42: 83.2618 | IB42: 84.5494 | IC42: 84.5494 | ID42: 85.1931 | IE42: 85.1931 | IF42: 87.9828 | IG42: 87.9828 | IH42: 95.7082 | II42: 95.7082 | IJ42: 96.5665 | IK42: 96.5665 | IL42: 96.3519 | IM42: 96.3519 | IN42: 94.6352 | IO42: 94.6352 | IP42: 97.2102 | IQ42: 97.2102 | IR42: 98.0686 | IS42: 98.0686 | IT42: 96.7811 | IU42: 96.7811 | IV42: 97.4249 | IW42: 97.4249 | IX42: 97.8541 | IY42: 97.8541 | IZ42: 96.7811 | JA42: 96.7811 | JB42: 95.9227 | JC42: 95.9227 | JD42: 97.2102 | JE42: 97.2102 | JF42: 96.9957 | JG42: 96.9957 | JH42: 98.0686 | JI42: 98.0686 | JJ42: 100.6438 | JK42: 100.6438 | JL42: 96.5665 | JM42: 96.5665 | JN42: 95.9227 | JO42: 95.9227 | JP42: 97.2102 | JQ42: 97.2102 | JR42: 98.4978 | JS42: 98.4978 | JT42: 96.9957 | JU42: 96.9957 | JV42: 97.4249 | JW42: 97.4249 | JX42: 98.7124 | JY42: 98.7124 | JZ42: 98.927 | KA42: 98.927 | KB42: 97.4249 | KC42: 97.4249 | KD42: 98.4978 | KE42: 98.4978 | KF42: 100 | KG42: 100 | KH42: 97.6395 | KI42: 97.6395 | KJ42: 100.4292 | KK42: 100.4292 | KL42: 98.0687 | KM42: 98.0687 | KN42: 97.6395 | KO42: 97.6395
A43: <KBOB.16.10.1112> | E43: 16.10.1112 | F43: =IFERROR(VLOOKUP(A43,PPI_IPI_PGA_PGAI!$A:$N,$R$1+1,FALSE),"") -> Dachlatten | P43: 86.6567 | Q43: 86.6567 | R43: 86.6567 | S43: 86.4425 | T43: 86.4425 | U43: 86.4425 | V43: 86.4425 | W43: 85.2829 | X43: 85.2829 | Y43: 85.2829 | Z43: 85.2829 | AA43: 85.574 | AB43: 85.574 | AC43: 85.574 | AD43: 85.574 | AE43: 87.0957 | AF43: 87.0957 | AG43: 87.0957 | AH43: 87.0957 | AI43: 85.8023 | AJ43: 85.8023 | AK43: 85.8023 | AL43: 85.8023 | AM43: 85.7557 | AN43: 85.7557 | AO43: 85.7557 | AP43: 85.7557 | AQ43: 85.9595 | AR43: 85.9595 | AS43: 85.9595 | AT43: 85.9595 | AU43: 86.5635 | AV43: 86.5635 | AW43: 86.5635 | AX43: 86.5635 | AY43: 85.544 | AZ43: 85.544 | BA43: 85.544 | BB43: 85.544 | BC43: 85.9943 | BD43: 85.9943 | BE43: 85.9943 | BF43: 85.9943 | BG43: 86.7147 | BH43: 86.7147 | BI43: 86.7147 | BJ43: 86.7147 | BK43: 88.9659 | BL43: 88.9659 | BM43: 88.9659 | BN43: 88.9659 | BO43: 91.7573 | BP43: 91.7573 | BQ43: 91.7573 | BR43: 91.7573 | BS43: 96.8899 | BT43: 96.8899 | BU43: 96.8899 | BV43: 96.8899 | BW43: 96.7099 | BX43: 96.7099 | BY43: 96.7099 | BZ43: 96.7099 | CA43: 97.2501 | CB43: 97.2501 | CC43: 97.2501 | CD43: 97.2501 | CE43: 97.2501 | CF43: 97.2501 | CG43: 97.2501 | CH43: 97.2501 | CI43: 95.5393 | CJ43: 95.5393 | CK43: 95.5393 | CL43: 95.5393 | CM43: 94.6387 | CN43: 94.6387 | CO43: 94.6387 | CP43: 94.6387 | CQ43: 94.1886 | CR43: 94.1886 | CS43: 94.1886 | CT43: 94.1886 | CU43: 92.8378 | CV43: 92.8378 | CW43: 92.8378 | CX43: 92.8378 | CY43: 95.3591 | CZ43: 95.3591 | DA43: 95.3591 | DB43: 95.3591 | DC43: 94.0085 | DD43: 94.0085 | DE43: 94.0085 | DF43: 94.0085 | DG43: 94.2786 | DH43: 94.2786 | DI43: 94.2786 | DJ43: 94.7761 | DK43: 94.7761 | DL43: 93.5323 | DM43: 93.5323 | DN43: 92.2886 | DO43: 92.2886 | DP43: 93.5323 | DQ43: 93.5323 | DR43: 93.0347 | DS43: 93.0347 | DT43: 92.0397 | DU43: 92.0397 | DV43: 92.5373 | DW43: 92.5373 | DX43: 94.2786 | DY43: 94.2786 | DZ43: 91.5423 | EA43: 91.5423 | EB43: 93.2836 | EC43: 93.2836 | ED43: 92.2886 | EE43: 92.2886 | EF43: 92.7861 | EG43: 92.7861 | EH43: 92.2886 | EI43: 92.2886 | EJ43: 90.7961 | EK43: 90.7961 | EL43: 91.2935 | EM43: 91.2935 | EN43: 91.2935 | EO43: 91.2935 | EP43: 91.0447 | EQ43: 91.0447 | ER43: 92.0397 | ES43: 92.0397 | ET43: 93.2836 | EU43: 93.2836 | EV43: 92.5373 | EW43: 92.5373 | EX43: 94.5275 | EY43: 94.5275 | EZ43: 93.5323 | FA43: 93.5323 | FB43: 92.0397 | FC43: 92.0397 | FD43: 92.5373 | FE43: 92.5373 | FF43: 93.5323 | FG43: 93.5323 | FH43: 92.5373 | FI43: 92.5373 | FJ43: 90.7961 | FK43: 90.7961 | FL43: 90.5473 | FM43: 90.5473 | FN43: 90.7961 | FO43: 90.7961 | FP43: 90.5473 | FQ43: 90.5473 | FR43: 91.791 | FS43: 91.791 | FT43: 92.5373 | FU43: 92.5373 | FV43: 90.5473 | FW43: 90.5473 | FX43: 91.5423 | FY43: 91.5423 | FZ43: 91.5423 | GA43: 91.5423 | GB43: 91.791 | GC43: 91.791 | GD43: 92.0398 | GE43: 92.0398 | GF43: 92.2886 | GG43: 92.2886 | GH43: 91.791 | GI43: 91.791 | GJ43: 91.5423 | GK43: 91.5423 | GL43: 92.2886 | GM43: 92.2886 | GN43: 92.5373 | GO43: 92.5373 | GP43: 91.5423 | GQ43: 91.5423 | GR43: 91.791 | GS43: 91.791 | GT43: 92.2886 | GU43: 92.2886 | GV43: 91.791 | GW43: 91.791 | GX43: 90.796 | GY43: 90.796 | GZ43: 91.5423 | HA43: 91.5423 | HB43: 91.5423 | HC43: 91.5423 | HD43: 92.5373 | HE43: 92.5373 | HF43: 92.2886 | HG43: 92.2886 | HH43: 90.796 | HI43: 90.796 | HJ43: 92.5373 | HK43: 92.5373 | HL43: 93.0348 | HM43: 93.0348 | HN43: 91.791 | HO43: 91.791 | HP43: 92.5373 | HQ43: 92.5373 | HR43: 92.5373 | HS43: 92.5373 | HT43: 91.0448 | HU43: 91.0448 | HV43: 90.2985 | HW43: 90.2985 | HX43: 90.2985 | HY43: 90.2985 | HZ43: 91.2935 | IA43: 91.2935 | IB43: 91.5423 | IC43: 91.5423 | ID43: 91.5423 | IE43: 91.5423 | IF43: 94.5274 | IG43: 94.5274 | IH43: 98.5075 | II43: 98.5075 | IJ43: 103.4826 | IK43: 103.4826 | IL43: 104.7264 | IM43: 104.7264 | IN43: 108.7065 | IO43: 108.7065 | IP43: 110.199 | IQ43: 110.199 | IR43: 108.9553 | IS43: 108.9553 | IT43: 108.4577 | IU43: 108.4577 | IV43: 108.9553 | IW43: 108.9553 | IX43: 107.4627 | IY43: 107.4627 | IZ43: 107.4627 | JA43: 107.4627 | JB43: 105.9702 | JC43: 105.9702 | JD43: 103.9801 | JE43: 103.9801 | JF43: 103.7313 | JG43: 103.7313 | JH43: 102.9851 | JI43: 102.9851 | JJ43: 94.0298 | JK43: 94.0298 | JL43: 100.995 | JM43: 100.995 | JN43: 100.7462 | JO43: 100.7462 | JP43: 99.5025 | JQ43: 99.5025 | JR43: 99.5025 | JS43: 99.5025 | JT43: 100 | JU43: 100 | JV43: 102.4875 | JW43: 102.4875 | JX43: 101.2438 | JY43: 101.2438 | JZ43: 100.7462 | KA43: 100.7462 | KB43: 100.7462 | KC43: 100.7462 | KD43: 100.7462 | KE43: 100.7462 | KF43: 100 | KG43: 100 | KH43: 101.9901 | KI43: 101.9901 | KJ43: 101.2438 | KK43: 101.2438 | KL43: 101.2438 | KM43: 101.2438 | KN43: 100.995 | KO43: 100.995
A44: <KBOB.16.10.1113> | E44: 16.10.1113 | F44: =IFERROR(VLOOKUP(A44,PPI_IPI_PGA_PGAI!$A:$N,$R$1+1,FALSE),"") -> Doppellatten | P44: 86.2194 | Q44: 86.2194 | R44: 86.2194 | S44: 85.4151 | T44: 85.4151 | U44: 85.4151 | V44: 85.4151 | W44: 85.4078 | X44: 85.4078 | Y44: 85.4078 | Z44: 85.4078 | AA44: 86.1248 | AB44: 86.1248 | AC44: 86.1248 | AD44: 86.1248 | AE44: 85.9571 | AF44: 85.9571 | AG44: 85.9571 | AH44: 85.9571 | AI44: 86.8486 | AJ44: 86.8486 | AK44: 86.8486 | AL44: 86.8486 | AM44: 84.9987 | AN44: 84.9987 | AO44: 84.9987 | AP44: 84.9987 | AQ44: 84.71 | AR44: 84.71 | AS44: 84.71 | AT44: 84.71 | AU44: 85.8102 | AV44: 85.8102 | AW44: 85.8102 | AX44: 85.8102 | AY44: 85.9849 | AZ44: 85.9849 | BA44: 85.9849 | BB44: 85.9849 | BC44: 86.8929 | BD44: 86.8929 | BE44: 86.8929 | BF44: 86.8929 | BG44: 87.5284 | BH44: 87.5284 | BI44: 87.5284 | BJ44: 87.5284 | BK44: 88.7996 | BL44: 88.7996 | BM44: 88.7996 | BN44: 88.7996 | BO44: 91.1603 | BP44: 91.1603 | BQ44: 91.1603 | BR44: 91.1603 | BS44: 94.1566 | BT44: 94.1566 | BU44: 94.1566 | BV44: 94.1566 | BW44: 94.7922 | BX44: 94.7922 | BY44: 94.7922 | BZ44: 94.7922 | CA44: 96.0634 | CB44: 96.0634 | CC44: 96.0634 | CD44: 96.0634 | CE44: 95.8818 | CF44: 95.8818 | CG44: 95.8818 | CH44: 95.8818 | CI44: 95.337 | CJ44: 95.337 | CK44: 95.337 | CL44: 95.337 | CM44: 94.429 | CN44: 94.429 | CO44: 94.429 | CP44: 94.429 | CQ44: 92.613 | CR44: 92.613 | CS44: 92.613 | CT44: 92.613 | CU44: 92.2498 | CV44: 92.2498 | CW44: 92.2498 | CX44: 92.2498 | CY44: 93.8842 | CZ44: 93.8842 | DA44: 93.8842 | DB44: 93.8842 | DC44: 93.7934 | DD44: 93.7934 | DE44: 93.7934 | DF44: 93.7934 | DG44: 93.6118 | DH44: 93.6118 | DI44: 93.6118 | DJ44: 93.3661 | DK44: 93.3661 | DL44: 93.3661 | DM44: 93.3661 | DN44: 92.1377 | DO44: 92.1377 | DP44: 93.3661 | DQ44: 93.3661 | DR44: 92.8747 | DS44: 92.8747 | DT44: 92.1377 | DU44: 92.1377 | DV44: 92.3834 | DW44: 92.3834 | DX44: 94.8402 | DY44: 94.8402 | DZ44: 91.6462 | EA44: 91.6462 | EB44: 91.8919 | EC44: 91.8919 | ED44: 91.8919 | EE44: 91.8919 | EF44: 92.629 | EG44: 92.629 | EH44: 91.8919 | EI44: 91.8919 | EJ44: 91.1548 | EK44: 91.1548 | EL44: 92.3834 | EM44: 92.3834 | EN44: 91.6462 | EO44: 91.6462 | EP44: 92.629 | EQ44: 92.629 | ER44: 92.8747 | ES44: 92.8747 | ET44: 93.6118 | EU44: 93.6118 | EV44: 92.629 | EW44: 92.629 | EX44: 93.3661 | EY44: 93.3661 | EZ44: 93.1205 | FA44: 93.1205 | FB44: 92.1377 | FC44: 92.1377 | FD44: 91.8919 | FE44: 91.8919 | FF44: 93.1205 | FG44: 93.1205 | FH44: 91.6462 | FI44: 91.6462 | FJ44: 89.6806 | FK44: 89.6806 | FL44: 89.6806 | FM44: 89.6806 | FN44: 90.6634 | FO44: 90.6634 | FP44: 89.6806 | FQ44: 89.6806 | FR44: 90.6634 | FS44: 90.6634 | FT44: 91.6462 | FU44: 91.6462 | FV44: 88.9435 | FW44: 88.9435 | FX44: 90.1719 | FY44: 90.1719 | FZ44: 89.4348 | GA44: 89.4348 | GB44: 90.1719 | GC44: 90.1719 | GD44: 91.6462 | GE44: 91.6462 | GF44: 92.1376 | GG44: 92.1376 | GH44: 91.4005 | GI44: 91.4005 | GJ44: 90.4176 | GK44: 90.4176 | GL44: 91.4005 | GM44: 91.4005 | GN44: 90.9092 | GO44: 90.9092 | GP44: 89.9263 | GQ44: 89.9263 | GR44: 90.4176 | GS44: 90.4176 | GT44: 91.4005 | GU44: 91.4005 | GV44: 91.6462 | GW44: 91.6462 | GX44: 90.4176 | GY44: 90.4176 | GZ44: 90.6634 | HA44: 90.6634 | HB44: 92.1376 | HC44: 92.1376 | HD44: 90.9092 | HE44: 90.9092 | HF44: 90.6634 | HG44: 90.6634 | HH44: 90.9092 | HI44: 90.9092 | HJ44: 91.1548 | HK44: 91.1548 | HL44: 91.1548 | HM44: 91.1548 | HN44: 89.9263 | HO44: 89.9263 | HP44: 90.9092 | HQ44: 90.9092 | HR44: 90.6634 | HS44: 90.6634 | HT44: 88.6978 | HU44: 88.6978 | HV44: 88.4521 | HW44: 88.4521 | HX44: 88.4521 | HY44: 88.4521 | HZ44: 89.6806 | IA44: 89.6806 | IB44: 90.4176 | IC44: 90.4176 | ID44: 90.9091 | IE44: 90.9091 | IF44: 94.5945 | IG44: 94.5945 | IH44: 97.2973 | II44: 97.2973 | IJ44: 103.4397 | IK44: 103.4397 | IL44: 104.4226 | IM44: 104.4226 | IN44: 106.1425 | IO44: 106.1425 | IP44: 106.6339 | IQ44: 106.6339 | IR44: 109.3366 | IS44: 109.3366 | IT44: 109.5823 | IU44: 109.5823 | IV44: 108.108 | IW44: 108.108 | IX44: 106.6339 | IY44: 106.6339 | IZ44: 105.4054 | JA44: 105.4054 | JB44: 104.6682 | JC44: 104.6682 | JD44: 102.9484 | JE44: 102.9484 | JF44: 104.1769 | JG44: 104.1769 | JH44: 99.0171 | JI44: 99.0171 | JJ44: 98.5258 | JK44: 98.5258 | JL44: 102.4569 | JM44: 102.4569 | JN44: 101.9656 | JO44: 101.9656 | JP44: 100 | JQ44: 100 | JR44: 101.7199 | JS44: 101.7199 | JT44: 99.7543 | JU44: 99.7543 | JV44: 99.0171 | JW44: 99.0171 | JX44: 96.8058 | JY44: 96.8058 | JZ44: 97.0515 | KA44: 97.0515 | KB44: 97.2973 | KC44: 97.2973 | KD44: 98.28 | KE44: 98.28 | KF44: 100 | KG44: 100 | KH44: 101.4742 | KI44: 101.4742 | KJ44: 99.7543 | KK44: 99.7543 | KL44: 100.2457 | KM44: 100.2457 | KN44: 101.2285 | KO44: 101.2285
A45: <KBOB.16.10.1114> | E45: 16.10.1114 | F45: =IFERROR(VLOOKUP(A45,PPI_IPI_PGA_PGAI!$A:$N,$R$1+1,FALSE),"") -> BSH-Lamellen, N | P45: 98.3981 | Q45: 98.3981 | R45: 98.3981 | S45: 97.9488 | T45: 97.9488 | U45: 97.9488 | V45: 97.9488 | W45: 98.1057 | X45: 98.1057 | Y45: 98.1057 | Z45: 98.1057 | AA45: 98.219 | AB45: 98.219 | AC45: 98.219 | AD45: 98.219 | AE45: 97.8641 | AF45: 97.8641 | AG45: 97.8641 | AH45: 97.8641 | AI45: 97.3911 | AJ45: 97.3911 | AK45: 97.3911 | AL45: 97.3911 | AM45: 95.3226 | AN45: 95.3226 | AO45: 95.3226 | AP45: 95.3226 | AQ45: 96.5234 | AR45: 96.5234 | AS45: 96.5234 | AT45: 96.5234 | AU45: 94.9513 | AV45: 94.9513 | AW45: 94.9513 | AX45: 94.9513 | AY45: 95.2872 | AZ45: 95.2872 | BA45: 95.2872 | BB45: 95.2872 | BC45: 93.961 | BD45: 93.961 | BE45: 93.961 | BF45: 93.961 | BG45: 95.8994 | BH45: 95.8994 | BI45: 95.8994 | BJ45: 95.8994 | BK45: 96.8175 | BL45: 96.8175 | BM45: 96.8175 | BN45: 96.8175 | BO45: 104.5711 | BP45: 104.5711 | BQ45: 104.5711 | BR45: 104.5711 | BS45: 108.856 | BT45: 108.856 | BU45: 108.856 | BV45: 108.856 | BW45: 108.4479 | BX45: 108.4479 | BY45: 108.4479 | BZ45: 108.4479 | CA45: 107.9377 | CB45: 107.9377 | CC45: 107.9377 | CD45: 107.9377 | CE45: 105.7953 | CF45: 105.7953 | CG45: 105.7953 | CH45: 105.7953 | CI45: 104.9792 | CJ45: 104.9792 | CK45: 104.9792 | CL45: 104.9792 | CM45: 103.3468 | CN45: 103.3468 | CO45: 103.3468 | CP45: 103.3468 | CQ45: 98.8579 | CR45: 98.8579 | CS45: 98.8579 | CT45: 98.8579 | CU45: 101.2045 | CV45: 101.2045 | CW45: 101.2045 | CX45: 101.2045 | CY45: 101.0004 | CZ45: 101.0004 | DA45: 101.0004 | DB45: 101.0004 | DC45: 100.1842 | DD45: 100.1842 | DE45: 100.1842 | DF45: 100.1842 | DG45: 101.5105 | DH45: 101.5105 | DI45: 101.5105 | DJ45: 101.5105 | DK45: 101.5105 | DL45: 100.6041 | DM45: 100.6041 | DN45: 97.2808 | DO45: 97.2808 | DP45: 96.0725 | DQ45: 96.0725 | DR45: 94.5618 | DS45: 94.5618 | DT45: 92.447 | DU45: 92.447 | DV45: 93.3534 | DW45: 93.3534 | DX45: 92.1449 | DY45: 92.1449 | DZ45: 92.7491 | EA45: 92.7491 | EB45: 92.447 | EC45: 92.447 | ED45: 92.1449 | EE45: 92.1449 | EF45: 88.2174 | EG45: 88.2174 | EH45: 87.9152 | EI45: 87.9152 | EJ45: 87.9152 | EK45: 87.9152 | EL45: 92.7491 | EM45: 92.7491 | EN45: 92.1449 | EO45: 92.1449 | EP45: 92.7491 | EQ45: 92.7491 | ER45: 92.447 | ES45: 92.447 | ET45: 93.6555 | EU45: 93.6555 | EV45: 94.8639 | EW45: 94.8639 | EX45: 95.7703 | EY45: 95.7703 | EZ45: 94.8639 | FA45: 94.8639 | FB45: 88.2174 | FC45: 88.2174 | FD45: 87.6131 | FE45: 87.6131 | FF45: 88.5196 | FG45: 88.5196 | FH45: 87.6131 | FI45: 87.6131 | FJ45: 85.8006 | FK45: 85.8006 | FL45: 86.4047 | FM45: 86.4047 | FN45: 85.4984 | FO45: 85.4984 | FP45: 85.1963 | FQ45: 85.1963 | FR45: 85.1963 | FS45: 85.1963 | FT45: 87.3111 | FU45: 87.3111 | FV45: 89.728 | FW45: 89.728 | FX45: 91.8428 | FY45: 91.8428 | FZ45: 91.5407 | GA45: 91.5407 | GB45: 92.447 | GC45: 92.447 | GD45: 93.3535 | GE45: 93.3535 | GF45: 93.6556 | GG45: 93.6556 | GH45: 93.9577 | GI45: 93.9577 | GJ45: 92.1449 | GK45: 92.1449 | GL45: 92.7491 | GM45: 92.7491 | GN45: 90.6343 | GO45: 90.6343 | GP45: 91.2386 | GQ45: 91.2386 | GR45: 90.6343 | GS45: 90.6343 | GT45: 90.6343 | GU45: 90.6343 | GV45: 92.1449 | GW45: 92.1449 | GX45: 91.5407 | GY45: 91.5407 | GZ45: 92.1449 | HA45: 92.1449 | HB45: 92.447 | HC45: 92.447 | HD45: 93.0513 | HE45: 93.0513 | HF45: 92.7491 | HG45: 92.7491 | HH45: 93.0513 | HI45: 93.0513 | HJ45: 93.3535 | HK45: 93.3535 | HL45: 92.447 | HM45: 92.447 | HN45: 91.5407 | HO45: 91.5407 | HP45: 92.447 | HQ45: 92.447 | HR45: 91.5407 | HS45: 91.5407 | HT45: 86.4048 | HU45: 86.4048 | HV45: 86.1027 | HW45: 86.1027 | HX45: 87.009 | HY45: 87.009 | HZ45: 88.5196 | IA45: 88.5196 | IB45: 89.426 | IC45: 89.426 | ID45: 91.5407 | IE45: 91.5407 | IF45: 101.2084 | IG45: 101.2084 | IH45: 111.4803 | II45: 111.4803 | IJ45: 111.7824 | IK45: 111.7824 | IL45: 114.5014 | IM45: 114.5014 | IN45: 111.1782 | IO45: 111.1782 | IP45: 117.5226 | IQ45: 117.5226 | IR45: 119.9395 | IS45: 119.9395 | IT45: 119.6374 | IU45: 119.6374 | IV45: 118.731 | IW45: 118.731 | IX45: 114.8035 | IY45: 114.8035 | IZ45: 105.1359 | JA45: 105.1359 | JB45: 104.2296 | JC45: 104.2296 | JD45: 104.8338 | JE45: 104.8338 | JF45: 103.9274 | JG45: 103.9274 | JH45: 101.5106 | JI45: 101.5106 | JJ45: 101.8127 | JK45: 101.8127 | JL45: 100.3021 | JM45: 100.3021 | JN45: 98.7915 | JO45: 98.7915 | JP45: 100 | JQ45: 100 | JR45: 99.3957 | JS45: 99.3957 | JT45: 100.3021 | JU45: 100.3021 | JV45: 100.9063 | JW45: 100.9063 | JX45: 99.3957 | JY45: 99.3957 | JZ45: 99.6978 | KA45: 99.6978 | KB45: 101.8127 | KC45: 101.8127 | KD45: 99.6978 | KE45: 99.6978 | KF45: 100 | KG45: 100 | KH45: 100.9063 | KI45: 100.9063 | KJ45: 101.2085 | KK45: 101.2085 | KL45: 101.8127 | KM45: 101.8127 | KN45: 105.4381 | KO45: 105.4381
A46: <KBOB.16.10.1115> | E46: 16.10.1115 | F46: =IFERROR(VLOOKUP(A46,PPI_IPI_PGA_PGAI!$A:$N,$R$1+1,FALSE),"") -> BSH-Lamellen, I | P46: … | Q46: … | R46: … | S46: … | T46: … | U46: … | V46: … | W46: … | X46: … | Y46: … | Z46: … | AA46: … | AB46: … | AC46: … | AD46: … | AE46: … | AF46: … | AG46: … | AH46: … | AI46: … | AJ46: … | AK46: … | AL46: … | AM46: … | AN46: … | AO46: … | AP46: … | AQ46: … | AR46: … | AS46: … | AT46: … | AU46: … | AV46: … | AW46: … | AX46: … | AY46: … | AZ46: … | BA46: … | BB46: … | BC46: … | BD46: … | BE46: … | BF46: … | BG46: … | BH46: … | BI46: … | BJ46: … | BK46: … | BL46: … | BM46: … | BN46: … | BO46: … | BP46: … | BQ46: … | BR46: … | BS46: … | BT46: … | BU46: … | BV46: … | BW46: … | BX46: … | BY46: … | BZ46: … | CA46: … | CB46: … | CC46: … | CD46: … | CE46: … | CF46: … | CG46: … | CH46: … | CI46: … | CJ46: … | CK46: … | CL46: … | CM46: … | CN46: … | CO46: … | CP46: … | CQ46: … | CR46: … | CS46: … | CT46: … | CU46: … | CV46: … | CW46: … | CX46: … | CY46: … | CZ46: … | DA46: … | DB46: … | DC46: … | DD46: … | DE46: … | DF46: … | DG46: … | DH46: 99.6539 | DI46: 99.6539 | DJ46: 99.308 | DK46: 99.308 | DL46: 97.5778 | DM46: 97.5778 | DN46: 95.5016 | DO46: 95.5016 | DP46: 95.8477 | DQ46: 95.8477 | DR46: 92.7336 | DS46: 92.7336 | DT46: 90.3115 | DU46: 90.3115 | DV46: 90.3115 | DW46: 90.3115 | DX46: 92.7336 | DY46: 92.7336 | DZ46: 89.6194 | EA46: 89.6194 | EB46: 87.5432 | EC46: 87.5432 | ED46: 90.3115 | EE46: 90.3115 | EF46: 88.5813 | EG46: 88.5813 | EH46: 87.8892 | EI46: 87.8892 | EJ46: 86.5052 | EK46: 86.5052 | EL46: 86.1592 | EM46: 86.1592 | EN46: 88.2354 | EO46: 88.2354 | EP46: 89.9654 | EQ46: 89.9654 | ER46: 89.9654 | ES46: 89.9654 | ET46: 92.0416 | EU46: 92.0416 | EV46: 93.0796 | EW46: 93.0796 | EX46: 92.3876 | EY46: 92.3876 | EZ46: 92.0416 | FA46: 92.0416 | FB46: 92.0416 | FC46: 92.0416 | FD46: 91.6955 | FE46: 91.6955 | FF46: 92.3876 | FG46: 92.3876 | FH46: 90.6574 | FI46: 90.6574 | FJ46: 89.2734 | FK46: 89.2734 | FL46: 87.8892 | FM46: 87.8892 | FN46: 87.8892 | FO46: 87.8892 | FP46: 87.5432 | FQ46: 87.5432 | FR46: 87.5432 | FS46: 87.5432 | FT46: 88.2353 | FU46: 88.2353 | FV46: 87.1972 | FW46: 87.1972 | FX46: 87.5432 | FY46: 87.5432 | FZ46: 88.2353 | GA46: 88.2353 | GB46: 86.5051 | GC46: 86.5051 | GD46: 86.8512 | GE46: 86.8512 | GF46: 89.2734 | GG46: 89.2734 | GH46: 89.2734 | GI46: 89.2734 | GJ46: 88.9273 | GK46: 88.9273 | GL46: 89.2734 | GM46: 89.2734 | GN46: 89.6193 | GO46: 89.6193 | GP46: 89.6193 | GQ46: 89.6193 | GR46: 90.6574 | GS46: 90.6574 | GT46: 91.0035 | GU46: 91.0035 | GV46: 92.7336 | GW46: 92.7336 | GX46: 91.3495 | GY46: 91.3495 | GZ46: 92.3876 | HA46: 92.3876 | HB46: 91.6955 | HC46: 91.6955 | HD46: 91.0035 | HE46: 91.0035 | HF46: 92.0415 | HG46: 92.0415 | HH46: 91.0035 | HI46: 91.0035 | HJ46: 91.0035 | HK46: 91.0035 | HL46: 88.5813 | HM46: 88.5813 | HN46: 87.5432 | HO46: 87.5432 | HP46: 85.1211 | HQ46: 85.1211 | HR46: 85.1211 | HS46: 85.1211 | HT46: 83.045 | HU46: 83.045 | HV46: 83.045 | HW46: 83.045 | HX46: 83.737 | HY46: 83.737 | HZ46: 86.1592 | IA46: 86.1592 | IB46: 87.5433 | IC46: 87.5433 | ID46: 88.9273 | IE46: 88.9273 | IF46: 104.1523 | IG46: 104.1523 | IH46: 108.9965 | II46: 108.9965 | IJ46: 115.2249 | IK46: 115.2249 | IL46: 120.7613 | IM46: 120.7613 | IN46: 119.7232 | IO46: 119.7232 | IP46: 123.5294 | IQ46: 123.5294 | IR46: 125.9515 | IS46: 125.9515 | IT46: 126.2975 | IU46: 126.2975 | IV46: 122.4913 | IW46: 122.4913 | IX46: 117.301 | IY46: 117.301 | IZ46: 105.1903 | JA46: 105.1903 | JB46: 108.6505 | JC46: 108.6505 | JD46: 109.6885 | JE46: 109.6885 | JF46: 108.6505 | JG46: 108.6505 | JH46: 106.5744 | JI46: 106.5744 | JJ46: 99.654 | JK46: 99.654 | JL46: 100 | JM46: 100 | JN46: 98.2699 | JO46: 98.2699 | JP46: 98.9619 | JQ46: 98.9619 | JR46: 97.9238 | JS46: 97.9238 | JT46: 95.1557 | JU46: 95.1557 | JV46: 96.1937 | JW46: 96.1937 | JX46: 95.1557 | JY46: 95.1557 | JZ46: 94.8096 | KA46: 94.8096 | KB46: 97.5778 | KC46: 97.5778 | KD46: 98.2699 | KE46: 98.2699 | KF46: 100 | KG46: 100 | KH46: 101.0381 | KI46: 101.0381 | KJ46: 101.7301 | KK46: 101.7301 | KL46: 104.4983 | KM46: 104.4983 | KN46: 108.3045 | KO46: 108.3045
A47: <KBOB.16.10.112> | E47: 16.10.112 | F47: =IFERROR(VLOOKUP(A47,PPI_IPI_PGA_PGAI!$A:$N,$R$1+1,FALSE),"") -> Hilfsmaterialien aus Holz | P47: … | Q47: … | R47: … | S47: … | T47: … | U47: … | V47: … | W47: … | X47: … | Y47: … | Z47: … | AA47: … | AB47: … | AC47: … | AD47: … | AE47: … | AF47: … | AG47: … | AH47: … | AI47: … | AJ47: … | AK47: … | AL47: … | AM47: … | AN47: … | AO47: … | AP47: … | AQ47: … | AR47: … | AS47: … | AT47: … | AU47: … | AV47: … | AW47: … | AX47: … | AY47: … | AZ47: … | BA47: … | BB47: … | BC47: … | BD47: … | BE47: … | BF47: … | BG47: … | BH47: … | BI47: … | BJ47: … | BK47: … | BL47: … | BM47: … | BN47: … | BO47: … | BP47: … | BQ47: … | BR47: … | BS47: … | BT47: … | BU47: … | BV47: … | BW47: … | BX47: … | BY47: … | BZ47: … | CA47: … | CB47: … | CC47: … | CD47: … | CE47: … | CF47: … | CG47: … | CH47: … | CI47: … | CJ47: … | CK47: … | CL47: … | CM47: … | CN47: … | CO47: … | CP47: … | CQ47: … | CR47: … | CS47: … | CT47: … | CU47: … | CV47: … | CW47: … | CX47: … | CY47: … | CZ47: … | DA47: … | DB47: … | DC47: … | DD47: … | DE47: … | DF47: … | DG47: … | DH47: 94.0343 | DI47: 94.0343 | DJ47: 95.0348 | DK47: 95.0348 | DL47: 94.0375 | DM47: 94.0375 | DN47: 94.4641 | DO47: 94.4641 | DP47: 93.565 | DQ47: 93.565 | DR47: 94.3728 | DS47: 94.3728 | DT47: 93.5617 | DU47: 93.5617 | DV47: 93.9857 | DW47: 93.9857 | DX47: 91.8866 | DY47: 91.8866 | DZ47: 93.1319 | EA47: 93.1319 | EB47: 92.2301 | EC47: 92.2301 | ED47: 92.5745 | EE47: 92.5745 | EF47: 91.7158 | EG47: 91.7158 | EH47: 92.4271 | EI47: 92.4271 | EJ47: 91.6245 | EK47: 91.6245 | EL47: 91.7127 | EM47: 91.7127 | EN47: 92.1287 | EO47: 92.1287 | EP47: 93.6419 | EQ47: 93.6419 | ER47: 94.7851 | ES47: 94.7851 | ET47: 95.4562 | EU47: 95.4562 | EV47: 94.4176 | EW47: 94.4176 | EX47: 96.0269 | EY47: 96.0269 | EZ47: 96.5516 | FA47: 96.5516 | FB47: 94.3177 | FC47: 94.3177 | FD47: 91.9039 | FE47: 91.9039 | FF47: 92.9366 | FG47: 92.9366 | FH47: 92.084 | FI47: 92.084 | FJ47: 90.3374 | FK47: 90.3374 | FL47: 91.0027 | FM47: 91.0027 | FN47: 90.4761 | FO47: 90.4761 | FP47: 90.6667 | FQ47: 90.6667 | FR47: 90.2919 | FS47: 90.2919 | FT47: 91.0519 | FU47: 91.0519 | FV47: 90.7487 | FW47: 90.7487 | FX47: 90.3738 | FY47: 90.3738 | FZ47: 89.6232 | GA47: 89.6232 | GB47: 89.0604 | GC47: 89.0604 | GD47: 89.3493 | GE47: 89.3493 | GF47: 88.8201 | GG47: 88.8201 | GH47: 88.8822 | GI47: 88.8822 | GJ47: 87.9636 | GK47: 87.9636 | GL47: 88.8583 | GM47: 88.8583 | GN47: 88.6513 | GO47: 88.6513 | GP47: 88.6283 | GQ47: 88.6283 | GR47: 89.5944 | GS47: 89.5944 | GT47: 89.7911 | GU47: 89.7911 | GV47: 89.1757 | GW47: 89.1757 | GX47: 89.2093 | GY47: 89.2093 | GZ47: 88.7621 | HA47: 88.7621 | HB47: 89.749 | HC47: 89.749 | HD47: 89.936 | HE47: 89.936 | HF47: 89.195 | HG47: 89.195 | HH47: 88.4781 | HI47: 88.4781 | HJ47: 88.3672 | HK47: 88.3672 | HL47: 88.3243 | HM47: 88.3243 | HN47: 88.3146 | HO47: 88.3146 | HP47: 88.2374 | HQ47: 88.2374 | HR47: 87.7376 | HS47: 87.7376 | HT47: 86.063 | HU47: 86.063 | HV47: 86.8185 | HW47: 86.8185 | HX47: 86.7897 | HY47: 86.7897 | HZ47: 86.5812 | IA47: 86.5812 | IB47: 86.1503 | IC47: 86.1503 | ID47: 86.7645 | IE47: 86.7645 | IF47: 90.1677 | IG47: 90.1677 | IH47: 95.2621 | II47: 95.2621 | IJ47: 97.3485 | IK47: 97.3485 | IL47: 98.8449 | IM47: 98.8449 | IN47: 98.3542 | IO47: 98.3542 | IP47: 100.3305 | IQ47: 100.3305 | IR47: 101.7681 | IS47: 101.7681 | IT47: 102.1927 | IU47: 102.1927 | IV47: 101.9528 | IW47: 101.9528 | IX47: 102.2876 | IY47: 102.2876 | IZ47: 100.6963 | JA47: 100.6963 | JB47: 100.6495 | JC47: 100.6495 | JD47: 100.5367 | JE47: 100.5367 | JF47: 100.3687 | JG47: 100.3687 | JH47: 98.9728 | JI47: 98.9728 | JJ47: 99.2061 | JK47: 99.2061 | JL47: 98.5977 | JM47: 98.5977 | JN47: 96.038 | JO47: 96.038 | JP47: 96.6537 | JQ47: 96.6537 | JR47: 96.9188 | JS47: 96.9188 | JT47: 96.2973 | JU47: 96.2973 | JV47: 98.1034 | JW47: 98.1034 | JX47: 97.2384 | JY47: 97.2384 | JZ47: 97.7542 | KA47: 97.7542 | KB47: 98.6926 | KC47: 98.6926 | KD47: 98.9066 | KE47: 98.9066 | KF47: 100 | KG47: 100 | KH47: 99.2763 | KI47: 99.2763 | KJ47: 100.0636 | KK47: 100.0636 | KL47: 101.4586 | KM47: 101.4586 | KN47: 99.9724 | KO47: 99.9724
A48: <KBOB.16.10.1121> | E48: 16.10.1121 | F48: =IFERROR(VLOOKUP(A48,PPI_IPI_PGA_PGAI!$A:$N,$R$1+1,FALSE),"") -> Schalungskantholz | P48: 83.7831 | Q48: 83.7831 | R48: 83.7831 | S48: 83.0976 | T48: 83.0976 | U48: 83.0976 | V48: 83.0976 | W48: 85.9683 | X48: 85.9683 | Y48: 85.9683 | Z48: 85.9683 | AA48: 87.1617 | AB48: 87.1617 | AC48: 87.1617 | AD48: 87.1617 | AE48: 86.2857 | AF48: 86.2857 | AG48: 86.2857 | AH48: 86.2857 | AI48: 85.4869 | AJ48: 85.4869 | AK48: 85.4869 | AL48: 85.4869 | AM48: 86.1186 | AN48: 86.1186 | AO48: 86.1186 | AP48: 86.1186 | AQ48: 85.4377 | AR48: 85.4377 | AS48: 85.4377 | AT48: 85.4377 | AU48: 84.9031 | AV48: 84.9031 | AW48: 84.9031 | AX48: 84.9031 | AY48: 85.776 | AZ48: 85.776 | BA48: 85.776 | BB48: 85.776 | BC48: 85.6884 | BD48: 85.6884 | BE48: 85.6884 | BF48: 85.6884 | BG48: 87.1793 | BH48: 87.1793 | BI48: 87.1793 | BJ48: 87.1793 | BK48: 89.1966 | BL48: 89.1966 | BM48: 89.1966 | BN48: 89.1966 | BO48: 90.6876 | BP48: 90.6876 | BQ48: 90.6876 | BR48: 90.6876 | BS48: 96.6515 | BT48: 96.6515 | BU48: 96.6515 | BV48: 96.6515 | BW48: 97.1778 | BX48: 97.1778 | BY48: 97.1778 | BZ48: 97.1778 | CA48: 97.9671 | CB48: 97.9671 | CC48: 97.9671 | CD48: 97.9671 | CE48: 97.7916 | CF48: 97.7916 | CG48: 97.7916 | CH48: 97.7916 | CI48: 97.5286 | CJ48: 97.5286 | CK48: 97.5286 | CL48: 97.5286 | CM48: 96.827 | CN48: 96.827 | CO48: 96.827 | CP48: 96.827 | CQ48: 94.6342 | CR48: 94.6342 | CS48: 94.6342 | CT48: 94.6342 | CU48: 94.2835 | CV48: 94.2835 | CW48: 94.2835 | CX48: 94.2835 | CY48: 93.8449 | CZ48: 93.8449 | DA48: 93.8449 | DB48: 93.8449 | DC48: 94.8974 | DD48: 94.8974 | DE48: 94.8974 | DF48: 94.8974 | DG48: 94.8097 | DH48: 94.8097 | DI48: 94.8097 | DJ48: 95.8478 | DK48: 95.8478 | DL48: 94.1176 | DM48: 94.1176 | DN48: 94.4636 | DO48: 94.4636 | DP48: 94.1176 | DQ48: 94.1176 | DR48: 94.4636 | DS48: 94.4636 | DT48: 94.8097 | DU48: 94.8097 | DV48: 95.1557 | DW48: 95.1557 | DX48: 91.6956 | DY48: 91.6956 | DZ48: 95.1557 | EA48: 95.1557 | EB48: 94.8097 | EC48: 94.8097 | ED48: 93.7716 | EE48: 93.7716 | EF48: 93.0795 | EG48: 93.0795 | EH48: 93.4256 | EI48: 93.4256 | EJ48: 93.0795 | EK48: 93.0795 | EL48: 93.7716 | EM48: 93.7716 | EN48: 94.1176 | EO48: 94.1176 | EP48: 95.5017 | EQ48: 95.5017 | ER48: 96.1938 | ES48: 96.1938 | ET48: 96.1938 | EU48: 96.1938 | EV48: 95.5017 | EW48: 95.5017 | EX48: 97.5779 | EY48: 97.5779 | EZ48: 99.308 | FA48: 99.308 | FB48: 96.1938 | FC48: 96.1938 | FD48: 93.0795 | FE48: 93.0795 | FF48: 94.4636 | FG48: 94.4636 | FH48: 93.0795 | FI48: 93.0795 | FJ48: 91.3495 | FK48: 91.3495 | FL48: 92.0415 | FM48: 92.0415 | FN48: 92.3876 | FO48: 92.3876 | FP48: 92.3876 | FQ48: 92.3876 | FR48: 91.3495 | FS48: 91.3495 | FT48: 92.0416 | FU48: 92.0416 | FV48: 92.0416 | FW48: 92.0416 | FX48: 91.0035 | FY48: 91.0035 | FZ48: 90.6575 | GA48: 90.6575 | GB48: 89.9654 | GC48: 89.9654 | GD48: 89.6194 | GE48: 89.6194 | GF48: 89.2734 | GG48: 89.2734 | GH48: 90.3115 | GI48: 90.3115 | GJ48: 88.9274 | GK48: 88.9274 | GL48: 89.9654 | GM48: 89.9654 | GN48: 89.9654 | GO48: 89.9654 | GP48: 87.8893 | GQ48: 87.8893 | GR48: 90.3115 | GS48: 90.3115 | GT48: 91.6956 | GU48: 91.6956 | GV48: 90.3115 | GW48: 90.3115 | GX48: 90.6575 | GY48: 90.6575 | GZ48: 89.9654 | HA48: 89.9654 | HB48: 89.2734 | HC48: 89.2734 | HD48: 90.6575 | HE48: 90.6575 | HF48: 90.3115 | HG48: 90.3115 | HH48: 90.3115 | HI48: 90.3115 | HJ48: 90.3115 | HK48: 90.3115 | HL48: 89.6194 | HM48: 89.6194 | HN48: 89.6194 | HO48: 89.6194 | HP48: 89.9654 | HQ48: 89.9654 | HR48: 88.5813 | HS48: 88.5813 | HT48: 88.2353 | HU48: 88.2353 | HV48: 88.5813 | HW48: 88.5813 | HX48: 88.2353 | HY48: 88.2353 | HZ48: 86.8513 | IA48: 86.8513 | IB48: 87.5433 | IC48: 87.5433 | ID48: 87.8893 | IE48: 87.8893 | IF48: 91.6956 | IG48: 91.6956 | IH48: 96.1938 | II48: 96.1938 | IJ48: 99.654 | IK48: 99.654 | IL48: 100.692 | IM48: 100.692 | IN48: 99.654 | IO48: 99.654 | IP48: 100.692 | IQ48: 100.692 | IR48: 102.4221 | IS48: 102.4221 | IT48: 103.4602 | IU48: 103.4602 | IV48: 103.4602 | IW48: 103.4602 | IX48: 104.1523 | IY48: 104.1523 | IZ48: 102.4221 | JA48: 102.4221 | JB48: 102.0762 | JC48: 102.0762 | JD48: 101.7301 | JE48: 101.7301 | JF48: 102.4221 | JG48: 102.4221 | JH48: 100.6921 | JI48: 100.6921 | JJ48: 99.654 | JK48: 99.654 | JL48: 100 | JM48: 100 | JN48: 97.5779 | JO48: 97.5779 | JP48: 97.9239 | JQ48: 97.9239 | JR48: 98.27 | JS48: 98.27 | JT48: 97.2319 | JU48: 97.2319 | JV48: 98.6159 | JW48: 98.6159 | JX48: 97.2319 | JY48: 97.2319 | JZ48: 98.6159 | KA48: 98.6159 | KB48: 100.692 | KC48: 100.692 | KD48: 100 | KE48: 100 | KF48: 100 | KG48: 100 | KH48: 101.0381 | KI48: 101.0381 | KJ48: 102.0761 | KK48: 102.0761 | KL48: 103.1142 | KM48: 103.1142 | KN48: 100.692 | KO48: 100.692
A49: <KBOB.16.10.1122> | E49: 16.10.1122 | F49: =IFERROR(VLOOKUP(A49,PPI_IPI_PGA_PGAI!$A:$N,$R$1+1,FALSE),"") -> Schalbretter | P49: 85.0975 | Q49: 85.0975 | R49: 85.0975 | S49: 84.8988 | T49: 84.8988 | U49: 84.8988 | V49: 84.8988 | W49: 86.2394 | X49: 86.2394 | Y49: 86.2394 | Z49: 86.2394 | AA49: 86.4346 | AB49: 86.4346 | AC49: 86.4346 | AD49: 86.4346 | AE49: 85.5663 | AF49: 85.5663 | AG49: 85.5663 | AH49: 85.5663 | AI49: 85.37 | AJ49: 85.37 | AK49: 85.37 | AL49: 85.37 | AM49: 85.026 | AN49: 85.026 | AO49: 85.026 | AP49: 85.026 | AQ49: 85.9508 | AR49: 85.9508 | AS49: 85.9508 | AT49: 85.9508 | AU49: 86.3495 | AV49: 86.3495 | AW49: 86.3495 | AX49: 86.3495 | AY49: 85.6133 | AZ49: 85.6133 | BA49: 85.6133 | BB49: 85.6133 | BC49: 85.0918 | BD49: 85.0918 | BE49: 85.0918 | BF49: 85.0918 | BG49: 86.2218 | BH49: 86.2218 | BI49: 86.2218 | BJ49: 86.2218 | BK49: 87.8733 | BL49: 87.8733 | BM49: 87.8733 | BN49: 87.8733 | BO49: 90.5676 | BP49: 90.5676 | BQ49: 90.5676 | BR49: 90.5676 | BS49: 92.0452 | BT49: 92.0452 | BU49: 92.0452 | BV49: 92.0452 | BW49: 91.6975 | BX49: 91.6975 | BY49: 91.6975 | BZ49: 91.6975 | CA49: 90.4807 | CB49: 90.4807 | CC49: 90.4807 | CD49: 90.4807 | CE49: 91.263 | CF49: 91.263 | CG49: 91.263 | CH49: 91.263 | CI49: 91.176 | CJ49: 91.176 | CK49: 91.176 | CL49: 91.176 | CM49: 91.263 | CN49: 91.263 | CO49: 91.263 | CP49: 91.263 | CQ49: 91.0023 | CR49: 91.0023 | CS49: 91.0023 | CT49: 91.0023 | CU49: 91.0023 | CV49: 91.0023 | CW49: 91.0023 | CX49: 91.0023 | CY49: 91.4368 | CZ49: 91.4368 | DA49: 91.4368 | DB49: 91.4368 | DC49: 90.9153 | DD49: 90.9153 | DE49: 90.9153 | DF49: 90.9153 | DG49: 91.0891 | DH49: 91.0891 | DI49: 91.0891 | DJ49: 91.7491 | DK49: 91.7491 | DL49: 91.4191 | DM49: 91.4191 | DN49: 92.0792 | DO49: 92.0792 | DP49: 90.0991 | DQ49: 90.0991 | DR49: 91.4191 | DS49: 91.4191 | DT49: 89.7691 | DU49: 89.7691 | DV49: 90.7591 | DW49: 90.7591 | DX49: 91.0891 | DY49: 91.0891 | DZ49: 88.7789 | EA49: 88.7789 | EB49: 87.1288 | EC49: 87.1288 | ED49: 87.4588 | EE49: 87.4588 | EF49: 86.7988 | EG49: 86.7988 | EH49: 88.1188 | EI49: 88.1188 | EJ49: 86.1386 | EK49: 86.1386 | EL49: 86.4686 | EM49: 86.4686 | EN49: 88.4489 | EO49: 88.4489 | EP49: 91.0891 | EQ49: 91.0891 | ER49: 92.4092 | ES49: 92.4092 | ET49: 93.0693 | EU49: 93.0693 | EV49: 90.7591 | EW49: 90.7591 | EX49: 92.7392 | EY49: 92.7392 | EZ49: 91.7491 | FA49: 91.7491 | FB49: 90.4292 | FC49: 90.4292 | FD49: 87.4588 | FE49: 87.4588 | FF49: 89.7691 | FG49: 89.7691 | FH49: 89.109 | FI49: 89.109 | FJ49: 85.8086 | FK49: 85.8086 | FL49: 86.4686 | FM49: 86.4686 | FN49: 85.4786 | FO49: 85.4786 | FP49: 85.8086 | FQ49: 85.8086 | FR49: 85.8086 | FS49: 85.8086 | FT49: 87.1288 | FU49: 87.1288 | FV49: 86.1386 | FW49: 86.1386 | FX49: 86.1386 | FY49: 86.1386 | FZ49: 85.4786 | GA49: 85.4786 | GB49: 85.1486 | GC49: 85.1486 | GD49: 85.8086 | GE49: 85.8086 | GF49: 84.4885 | GG49: 84.4885 | GH49: 84.1584 | GI49: 84.1584 | GJ49: 83.8284 | GK49: 83.8284 | GL49: 84.4885 | GM49: 84.4885 | GN49: 84.1584 | GO49: 84.1584 | GP49: 85.1486 | GQ49: 85.1486 | GR49: 86.1386 | GS49: 86.1386 | GT49: 85.1486 | GU49: 85.1486 | GV49: 85.8086 | GW49: 85.8086 | GX49: 84.8186 | GY49: 84.8186 | GZ49: 83.8284 | HA49: 83.8284 | HB49: 86.1386 | HC49: 86.1386 | HD49: 85.8086 | HE49: 85.8086 | HF49: 84.4885 | HG49: 84.4885 | HH49: 82.8383 | HI49: 82.8383 | HJ49: 83.1683 | HK49: 83.1683 | HL49: 83.4984 | HM49: 83.4984 | HN49: 84.1584 | HO49: 84.1584 | HP49: 83.4984 | HQ49: 83.4984 | HR49: 83.4984 | HS49: 83.4984 | HT49: 80.8582 | HU49: 80.8582 | HV49: 81.1882 | HW49: 81.1882 | HX49: 81.8482 | HY49: 81.8482 | HZ49: 83.4983 | IA49: 83.4983 | IB49: 82.5083 | IC49: 82.5083 | ID49: 81.8482 | IE49: 81.8482 | IF49: 85.8086 | IG49: 85.8086 | IH49: 93.0693 | II49: 93.0693 | IJ49: 93.3994 | IK49: 93.3994 | IL49: 95.0495 | IM49: 95.0495 | IN49: 94.7195 | IO49: 94.7195 | IP49: 95.7096 | IQ49: 95.7096 | IR49: 97.3597 | IS49: 97.3597 | IT49: 97.0297 | IU49: 97.0297 | IV49: 97.3597 | IW49: 97.3597 | IX49: 98.0198 | IY49: 98.0198 | IZ49: 95.3796 | JA49: 95.3796 | JB49: 95.7096 | JC49: 95.7096 | JD49: 95.3796 | JE49: 95.3796 | JF49: 95.3796 | JG49: 95.3796 | JH49: 91.4191 | JI49: 91.4191 | JJ49: 95.0495 | JK49: 95.0495 | JL49: 94.7195 | JM49: 94.7195 | JN49: 91.0891 | JO49: 91.0891 | JP49: 92.0792 | JQ49: 92.0792 | JR49: 91.7492 | JS49: 91.7492 | JT49: 91.7492 | JU49: 91.7492 | JV49: 94.0595 | JW49: 94.0595 | JX49: 94.0595 | JY49: 94.0595 | JZ49: 94.3895 | KA49: 94.3895 | KB49: 95.7096 | KC49: 95.7096 | KD49: 98.3499 | KE49: 98.3499 | KF49: 100 | KG49: 100 | KH49: 97.0297 | KI49: 97.0297 | KJ49: 97.6898 | KK49: 97.6898 | KL49: 99.67 | KM49: 99.67 | KN49: 98.3498 | KO49: 98.3498
A50: <KBOB.16.10.1123> | E50: 16.10.1123 | F50: =IFERROR(VLOOKUP(A50,PPI_IPI_PGA_PGAI!$A:$N,$R$1+1,FALSE),"") -> Gerüstbretter | P50: … | Q50: … | R50: … | S50: … | T50: … | U50: … | V50: … | W50: … | X50: … | Y50: … | Z50: … | AA50: … | AB50: … | AC50: … | AD50: … | AE50: … | AF50: … | AG50: … | AH50: … | AI50: … | AJ50: … | AK50: … | AL50: … | AM50: … | AN50: … | AO50: … | AP50: … | AQ50: … | AR50: … | AS50: … | AT50: … | AU50: … | AV50: … | AW50: … | AX50: … | AY50: … | AZ50: … | BA50: … | BB50: … | BC50: … | BD50: … | BE50: … | BF50: … | BG50: … | BH50: … | BI50: … | BJ50: … | BK50: … | BL50: … | BM50: … | BN50: … | BO50: … | BP50: … | BQ50: … | BR50: … | BS50: … | BT50: … | BU50: … | BV50: … | BW50: … | BX50: … | BY50: … | BZ50: … | CA50: … | CB50: … | CC50: … | CD50: … | CE50: … | CF50: … | CG50: … | CH50: … | CI50: … | CJ50: … | CK50: … | CL50: … | CM50: … | CN50: … | CO50: … | CP50: … | CQ50: … | CR50: … | CS50: … | CT50: … | CU50: … | CV50: … | CW50: … | CX50: … | CY50: … | CZ50: … | DA50: … | DB50: … | DC50: … | DD50: … | DE50: … | DF50: … | DG50: … | DH50: 95.2682 | DI50: 95.2682 | DJ50: 96.53 | DK50: 96.53 | DL50: 95.8992 | DM50: 95.8992 | DN50: 96.2146 | DO50: 96.2146 | DP50: 95.5836 | DQ50: 95.5836 | DR50: 96.53 | DS50: 96.53 | DT50: 94.9528 | DU50: 94.9528 | DV50: 94.9528 | DW50: 94.9528 | DX50: 92.4291 | DY50: 92.4291 | DZ50: 94.0064 | EA50: 94.0064 | EB50: 93.06 | EC50: 93.06 | ED50: 95.2682 | EE50: 95.2682 | EF50: 94.0064 | EG50: 94.0064 | EH50: 94.6372 | EI50: 94.6372 | EJ50: 94.3217 | EK50: 94.3217 | EL50: 93.3754 | EM50: 93.3754 | EN50: 92.4291 | EO50: 92.4291 | EP50: 93.06 | EQ50: 93.06 | ER50: 94.6372 | ES50: 94.6372 | ET50: 96.2146 | EU50: 96.2146 | EV50: 95.8992 | EW50: 95.8992 | EX50: 96.53 | EY50: 96.53 | EZ50: 96.8454 | FA50: 96.8454 | FB50: 94.9528 | FC50: 94.9528 | FD50: 94.0064 | FE50: 94.0064 | FF50: 93.3754 | FG50: 93.3754 | FH50: 93.06 | FI50: 93.06 | FJ50: 92.7446 | FK50: 92.7446 | FL50: 93.3754 | FM50: 93.3754 | FN50: 92.1135 | FO50: 92.1135 | FP50: 92.4291 | FQ50: 92.4291 | FR50: 92.4291 | FS50: 92.4291 | FT50: 92.7446 | FU50: 92.7446 | FV50: 92.7446 | FW50: 92.7446 | FX50: 92.7446 | FY50: 92.7446 | FZ50: 91.4827 | GA50: 91.4827 | GB50: 90.8518 | GC50: 90.8518 | GD50: 91.4827 | GE50: 91.4827 | GF50: 91.4827 | GG50: 91.4827 | GH50: 90.8518 | GI50: 90.8518 | GJ50: 89.9054 | GK50: 89.9054 | GL50: 90.8518 | GM50: 90.8518 | GN50: 90.5364 | GO50: 90.5364 | GP50: 91.7982 | GQ50: 91.7982 | GR50: 91.1673 | GS50: 91.1673 | GT50: 91.1673 | GU50: 91.1673 | GV50: 90.2209 | GW50: 90.2209 | GX50: 90.8518 | GY50: 90.8518 | GZ50: 91.1673 | HA50: 91.1673 | HB50: 92.7446 | HC50: 92.7446 | HD50: 92.1136 | HE50: 92.1136 | HF50: 91.4827 | HG50: 91.4827 | HH50: 90.8518 | HI50: 90.8518 | HJ50: 90.2209 | HK50: 90.2209 | HL50: 90.5364 | HM50: 90.5364 | HN50: 89.9054 | HO50: 89.9054 | HP50: 89.9054 | HQ50: 89.9054 | HR50: 89.9054 | HS50: 89.9054 | HT50: 87.6971 | HU50: 87.6971 | HV50: 89.2745 | HW50: 89.2745 | HX50: 88.959 | HY50: 88.959 | HZ50: 88.6436 | IA50: 88.6436 | IB50: 87.3818 | IC50: 87.3818 | ID50: 89.2745 | IE50: 89.2745 | IF50: 91.7982 | IG50: 91.7982 | IH50: 95.8991 | II50: 95.8991 | IJ50: 97.7919 | IK50: 97.7919 | IL50: 99.6846 | IM50: 99.6846 | IN50: 99.6846 | IO50: 99.6846 | IP50: 103.4701 | IQ50: 103.4701 | IR50: 104.4165 | IS50: 104.4165 | IT50: 104.7319 | IU50: 104.7319 | IV50: 103.7856 | IW50: 103.7856 | IX50: 103.4701 | IY50: 103.4701 | IZ50: 102.8391 | JA50: 102.8391 | JB50: 102.8391 | JC50: 102.8391 | JD50: 103.1546 | JE50: 103.1546 | JF50: 101.8928 | JG50: 101.8928 | JH50: 102.8391 | JI50: 102.8391 | JJ50: 101.8928 | JK50: 101.8928 | JL50: 100 | JM50: 100 | JN50: 98.1073 | JO50: 98.1073 | JP50: 98.7382 | JQ50: 98.7382 | JR50: 99.3691 | JS50: 99.3691 | JT50: 98.7382 | JU50: 98.7382 | JV50: 100.631 | JW50: 100.631 | JX50: 99.6846 | JY50: 99.6846 | JZ50: 99.3691 | KA50: 99.3691 | KB50: 98.7382 | KC50: 98.7382 | KD50: 98.1073 | KE50: 98.1073 | KF50: 100 | KG50: 100 | KH50: 99.3691 | KI50: 99.3691 | KJ50: 100 | KK50: 100 | KL50: 101.2618 | KM50: 101.2618 | KN50: 100.6309 | KO50: 100.6309
A51: <KBOB.16.21> | E51: 16.21 | F51: =IFERROR(VLOOKUP(A51,PPI_IPI_PGA_PGAI!$A:$N,$R$1+1,FALSE),"") -> Holzplatten | P51: 75.9864 | Q51: 75.8677 | R51: 75.8677 | S51: 75.8677 | T51: 75.71 | U51: 75.71 | V51: 75.71 | W51: 75.0595 | X51: 75.0595 | Y51: 75.0595 | Z51: 75.1706 | AA51: 75.1706 | AB51: 75.1706 | AC51: 75.2144 | AD51: 75.2144 | AE51: 75.2144 | AF51: 75.4318 | AG51: 75.4318 | AH51: 75.4318 | AI51: 75.312 | AJ51: 75.312 | AK51: 75.312 | AL51: 75.861 | AM51: 75.861 | AN51: 75.861 | AO51: 77.6215 | AP51: 77.6215 | AQ51: 77.6215 | AR51: 78.2406 | AS51: 78.2406 | AT51: 78.2406 | AU51: 77.8011 | AV51: 77.8011 | AW51: 77.8011 | AX51: 77.9828 | AY51: 77.9828 | AZ51: 77.9828 | BA51: 80.1784 | BB51: 80.1784 | BC51: 80.1784 | BD51: 81.915 | BE51: 81.915 | BF51: 81.915 | BG51: 83.5063 | BH51: 83.5063 | BI51: 83.5063 | BJ51: 86.4596 | BK51: 86.4596 | BL51: 86.4596 | BM51: 87.7579 | BN51: 87.7579 | BO51: 87.7579 | BP51: 92.9557 | BQ51: 92.9557 | BR51: 92.9557 | BS51: 95.4974 | BT51: 95.4974 | BU51: 95.4974 | BV51: 96.9335 | BW51: 96.9335 | BX51: 96.9335 | BY51: 102.9191 | BZ51: 102.9191 | CA51: 102.9191 | CB51: 103.2365 | CC51: 103.2365 | CD51: 103.2365 | CE51: 103.188 | CF51: 103.188 | CG51: 103.188 | CH51: 103.6995 | CI51: 103.6995 | CJ51: 103.6995 | CK51: 101.7254 | CL51: 101.7254 | CM51: 101.7254 | CN51: 95.5915 | CO51: 95.5915 | CP51: 95.5915 | CQ51: 91.7238 | CR51: 91.7238 | CS51: 91.7238 | CT51: 92.3915 | CU51: 92.3915 | CV51: 92.3915 | CW51: 92.3715 | CX51: 92.3715 | CY51: 92.3715 | CZ51: 91.4249 | DA51: 91.4249 | DB51: 91.4249 | DC51: 91.2962 | DD51: 91.2962 | DE51: 91.2962 | DF51: 89.8443 | DG51: 89.8443 | DH51: 89.8443 | DI51: 89.8443 | DJ51: 89.8853 | DK51: 89.8853 | DL51: 89.8853 | DM51: 90.2435 | DN51: 90.2435 | DO51: 90.2435 | DP51: 87.1827 | DQ51: 87.1827 | DR51: 87.1827 | DS51: 87.5213 | DT51: 87.5213 | DU51: 87.5213 | DV51: 87.3464 | DW51: 87.3464 | DX51: 87.3464 | DY51: 87.074 | DZ51: 87.074 | EA51: 87.074 | EB51: 85.8738 | EC51: 85.8738 | ED51: 85.8738 | EE51: 86.1073 | EF51: 86.1073 | EG51: 86.1073 | EH51: 85.8171 | EI51: 85.8171 | EJ51: 85.8171 | EK51: 85.4827 | EL51: 85.4827 | EM51: 85.4827 | EN51: 85.7732 | EO51: 85.7732 | EP51: 85.7732 | EQ51: 85.7043 | ER51: 85.7043 | ES51: 85.7043 | ET51: 85.9057 | EU51: 85.9057 | EV51: 85.9057 | EW51: 86.8454 | EX51: 86.8454 | EY51: 86.8454 | EZ51: 86.9003 | FA51: 86.9003 | FB51: 86.9003 | FC51: 85.9703 | FD51: 85.9703 | FE51: 85.9703 | FF51: 80.7733 | FG51: 80.7733 | FH51: 80.7733 | FI51: 78.6808 | FJ51: 78.6808 | FK51: 78.6808 | FL51: 78.6603 | FM51: 78.6603 | FN51: 78.6603 | FO51: 79.1307 | FP51: 79.1307 | FQ51: 79.1307 | FR51: 79.1286 | FS51: 79.1286 | FT51: 79.1286 | FU51: 78.3784 | FV51: 78.3784 | FW51: 78.3784 | FX51: 77.5634 | FY51: 77.5634 | FZ51: 77.5634 | GA51: 77.8609 | GB51: 77.8609 | GC51: 77.8609 | GD51: 77.3194 | GE51: 77.3194 | GF51: 77.3194 | GG51: 77.5665 | GH51: 77.5665 | GI51: 77.5665 | GJ51: 79.63 | GK51: 79.63 | GL51: 79.63 | GM51: 80.8246 | GN51: 80.8246 | GO51: 80.8246 | GP51: 81.8113 | GQ51: 81.8113 | GR51: 81.8113 | GS51: 82.9522 | GT51: 82.9522 | GU51: 82.9522 | GV51: 82.8871 | GW51: 82.8871 | GX51: 82.8871 | GY51: 82.5931 | GZ51: 82.5931 | HA51: 82.5931 | HB51: 82.6221 | HC51: 82.6221 | HD51: 82.6221 | HE51: 82.2838 | HF51: 82.2838 | HG51: 82.2838 | HH51: 81.1573 | HI51: 81.1573 | HJ51: 81.1573 | HK51: 80.7715 | HL51: 80.7715 | HM51: 80.7715 | HN51: 79.7025 | HO51: 79.7025 | HP51: 79.7025 | HQ51: 79.5414 | HR51: 79.5414 | HS51: 79.5414 | HT51: 79.9658 | HU51: 79.9658 | HV51: 79.9658 | HW51: 79.9591 | HX51: 79.9591 | HY51: 79.9591 | HZ51: 82.1173 | IA51: 82.1173 | IB51: 82.1173 | IC51: 89.8632 | ID51: 89.8632 | IE51: 89.8632 | IF51: 109.3579 | IG51: 109.3579 | IH51: 109.3579 | II51: 110.5508 | IJ51: 110.5508 | IK51: 110.5508 | IL51: 109.9156 | IM51: 109.9156 | IN51: 109.9156 | IO51: 122.7278 | IP51: 122.7278 | IQ51: 122.7278 | IR51: 117.3522 | IS51: 117.3522 | IT51: 117.3522 | IU51: 116.6589 | IV51: 116.6589 | IW51: 116.6589 | IX51: 115.6255 | IY51: 115.6255 | IZ51: 115.6255 | JA51: 112.268 | JB51: 112.268 | JC51: 112.268 | JD51: 105.5644 | JE51: 105.5644 | JF51: 105.5644 | JG51: 100.4509 | JH51: 100.4509 | JI51: 100.4509 | JJ51: 97.9464 | JK51: 97.9464 | JL51: 97.9464 | JM51: 99.6657 | JN51: 99.6657 | JO51: 99.6657 | JP51: 98.1545 | JQ51: 98.1545 | JR51: 98.1545 | JS51: 97.4261 | JT51: 97.4261 | JU51: 97.4261 | JV51: 98.516 | JW51: 98.516 | JX51: 98.516 | JY51: 99.2385 | JZ51: 99.2385 | KA51: 99.2385 | KB51: 99.8249 | KC51: 99.8249 | KD51: 99.8249 | KE51: 100 | KF51: 100 | KG51: 100 | KH51: 99.1026 | KI51: 99.1026 | KJ51: 99.1026 | KK51: 102.4049 | KL51: 102.4049 | KM51: 102.4049 | KN51: 104.4625 | KO51: 104.4625
A52: <KBOB.16.21.1> | E52: 16.21.1 | F52: =IFERROR(VLOOKUP(A52,PPI_IPI_PGA_PGAI!$A:$N,$R$1+1,FALSE),"") -> Sperrholzplatten | P52: 74.3524 | Q52: 74.3524 | R52: 74.3524 | S52: 74.1127 | T52: 74.1127 | U52: 74.1127 | V52: 74.1127 | W52: 72.7558 | X52: 72.7558 | Y52: 72.7558 | Z52: 73.2065 | AA52: 73.2065 | AB52: 73.2065 | AC52: 72.4426 | AD52: 72.4426 | AE52: 72.4426 | AF52: 73.5256 | AG52: 73.5256 | AH52: 73.5256 | AI52: 73.3413 | AJ52: 73.3413 | AK52: 73.3413 | AL52: 73.4804 | AM52: 73.4804 | AN52: 73.4804 | AO52: 74.4576 | AP52: 74.4576 | AQ52: 74.4576 | AR52: 74.6207 | AS52: 74.6207 | AT52: 74.6207 | AU52: 73.7105 | AV52: 73.7105 | AW52: 73.7105 | AX52: 73.825 | AY52: 73.825 | AZ52: 73.825 | BA52: 76.0412 | BB52: 76.0412 | BC52: 76.0412 | BD52: 76.4298 | BE52: 76.4298 | BF52: 76.4298 | BG52: 77.4409 | BH52: 77.4409 | BI52: 77.4409 | BJ52: 77.9003 | BK52: 77.9003 | BL52: 77.9003 | BM52: 77.8837 | BN52: 77.8837 | BO52: 77.8837 | BP52: 83.0906 | BQ52: 83.0906 | BR52: 83.0906 | BS52: 85.7132 | BT52: 85.7132 | BU52: 85.7132 | BV52: 88.4253 | BW52: 88.4253 | BX52: 88.4253 | BY52: 94.9538 | BZ52: 94.9538 | CA52: 94.9538 | CB52: 94.9672 | CC52: 94.9672 | CD52: 94.9672 | CE52: 95.1106 | CF52: 95.1106 | CG52: 95.1106 | CH52: 95.1226 | CI52: 95.1226 | CJ52: 95.1226 | CK52: 91.2577 | CL52: 91.2577 | CM52: 91.2577 | CN52: 87.894 | CO52: 87.894 | CP52: 87.894 | CQ52: 83.813 | CR52: 83.813 | CS52: 83.813 | CT52: 84.9893 | CU52: 84.9893 | CV52: 84.9893 | CW52: 84.8235 | CX52: 84.8235 | CY52: 84.8235 | CZ52: 83.1951 | DA52: 83.1951 | DB52: 83.1951 | DC52: 82.4124 | DD52: 82.4124 | DE52: 82.4124 | DF52: 82.0982 | DG52: 82.0982 | DH52: 82.0982 | DI52: 82.0982 | DJ52: 81.7334 | DK52: 81.7334 | DL52: 81.7334 | DM52: 83.0345 | DN52: 83.0345 | DO52: 83.0345 | DP52: 79.1231 | DQ52: 79.1231 | DR52: 79.1231 | DS52: 80.5224 | DT52: 80.5224 | DU52: 80.5224 | DV52: 80.1575 | DW52: 80.1575 | DX52: 80.1575 | DY52: 82.3743 | DZ52: 82.3743 | EA52: 82.3743 | EB52: 81.5884 | EC52: 81.5884 | ED52: 81.5884 | EE52: 81.4861 | EF52: 81.4861 | EG52: 81.4861 | EH52: 82.0304 | EI52: 82.0304 | EJ52: 82.0304 | EK52: 80.4871 | EL52: 80.4871 | EM52: 80.4871 | EN52: 81.5989 | EO52: 81.5989 | EP52: 81.5989 | EQ52: 81.0603 | ER52: 81.0603 | ES52: 81.0603 | ET52: 81.657 | EU52: 81.657 | EV52: 81.657 | EW52: 82.0093 | EX52: 82.0093 | EY52: 82.0093 | EZ52: 82.7147 | FA52: 82.7147 | FB52: 82.7147 | FC52: 82.3219 | FD52: 82.3219 | FE52: 82.3219 | FF52: 75.2893 | FG52: 75.2893 | FH52: 75.2893 | FI52: 74.1715 | FJ52: 74.1715 | FK52: 74.1715 | FL52: 74.784 | FM52: 74.784 | FN52: 74.784 | FO52: 75.8903 | FP52: 75.8903 | FQ52: 75.8903 | FR52: 76.4265 | FS52: 76.4265 | FT52: 76.4265 | FU52: 76.3683 | FV52: 76.3683 | FW52: 76.3683 | FX52: 75.6362 | FY52: 75.6362 | FZ52: 75.6362 | GA52: 78.3244 | GB52: 78.3244 | GC52: 78.3244 | GD52: 77.8002 | GE52: 77.8002 | GF52: 77.8002 | GG52: 79.6399 | GH52: 79.6399 | GI52: 79.6399 | GJ52: 82.1967 | GK52: 82.1967 | GL52: 82.1967 | GM52: 82.9667 | GN52: 82.9667 | GO52: 82.9667 | GP52: 84.5461 | GQ52: 84.5461 | GR52: 84.5461 | GS52: 86.5498 | GT52: 86.5498 | GU52: 86.5498 | GV52: 85.6705 | GW52: 85.6705 | GX52: 85.6705 | GY52: 85.7058 | GZ52: 85.7058 | HA52: 85.7058 | HB52: 85.9301 | HC52: 85.9301 | HD52: 85.9301 | HE52: 86.005 | HF52: 86.005 | HG52: 86.005 | HH52: 83.5502 | HI52: 83.5502 | HJ52: 83.5502 | HK52: 84.3277 | HL52: 84.3277 | HM52: 84.3277 | HN52: 82.4798 | HO52: 82.4798 | HP52: 82.4798 | HQ52: 81.6915 | HR52: 81.6915 | HS52: 81.6915 | HT52: 82.5035 | HU52: 82.5035 | HV52: 82.5035 | HW52: 81.9242 | HX52: 81.9242 | HY52: 81.9242 | HZ52: 83.9167 | IA52: 83.9167 | IB52: 83.9167 | IC52: 89.6398 | ID52: 89.6398 | IE52: 89.6398 | IF52: 100.4214 | IG52: 100.4214 | IH52: 100.4214 | II52: 101.8654 | IJ52: 101.8654 | IK52: 101.8654 | IL52: 103.2553 | IM52: 103.2553 | IN52: 103.2553 | IO52: 112.3269 | IP52: 112.3269 | IQ52: 112.3269 | IR52: 109.7487 | IS52: 109.7487 | IT52: 109.7487 | IU52: 108.6139 | IV52: 108.6139 | IW52: 108.6139 | IX52: 108.709 | IY52: 108.709 | IZ52: 108.709 | JA52: 106.8448 | JB52: 106.8448 | JC52: 106.8448 | JD52: 102.9136 | JE52: 102.9136 | JF52: 102.9136 | JG52: 99.7365 | JH52: 99.7365 | JI52: 99.7365 | JJ52: 96.8079 | JK52: 96.8079 | JL52: 96.8079 | JM52: 99.9455 | JN52: 99.9455 | JO52: 99.9455 | JP52: 98.4786 | JQ52: 98.4786 | JR52: 98.4786 | JS52: 97.1357 | JT52: 97.1357 | JU52: 97.1357 | JV52: 97.5271 | JW52: 97.5271 | JX52: 97.5271 | JY52: 99.2805 | JZ52: 99.2805 | KA52: 99.2805 | KB52: 99.6335 | KC52: 99.6335 | KD52: 99.6335 | KE52: 100 | KF52: 100 | KG52: 100 | KH52: 98.8153 | KI52: 98.8153 | KJ52: 98.8153 | KK52: 100.935 | KL52: 100.935 | KM52: 100.935 | KN52: 101.2634 | KO52: 101.2634
A53: <KBOB.16.21.2> | E53: 16.21.2 | F53: =IFERROR(VLOOKUP(A53,PPI_IPI_PGA_PGAI!$A:$N,$R$1+1,FALSE),"") -> Spanplatten | P53: 72.9168 | Q53: 72.6408 | R53: 72.6408 | S53: 72.6408 | T53: 73.1837 | U53: 73.1837 | V53: 73.1837 | W53: 73.4097 | X53: 73.4097 | Y53: 73.4097 | Z53: 73.2321 | AA53: 73.2321 | AB53: 73.2321 | AC53: 74.0089 | AD53: 74.0089 | AE53: 74.0089 | AF53: 72.7135 | AG53: 72.7135 | AH53: 72.7135 | AI53: 71.9117 | AJ53: 71.9117 | AK53: 71.9117 | AL53: 72.411 | AM53: 72.411 | AN53: 72.411 | AO53: 74.7497 | AP53: 74.7497 | AQ53: 74.7497 | AR53: 75.3211 | AS53: 75.3211 | AT53: 75.3211 | AU53: 75.2677 | AV53: 75.2677 | AW53: 75.2677 | AX53: 75.3816 | AY53: 75.3816 | AZ53: 75.3816 | BA53: 77.9088 | BB53: 77.9088 | BC53: 77.9088 | BD53: 81.1612 | BE53: 81.1612 | BF53: 81.1612 | BG53: 83.6517 | BH53: 83.6517 | BI53: 83.6517 | BJ53: 89.7228 | BK53: 89.7228 | BL53: 89.7228 | BM53: 91.9945 | BN53: 91.9945 | BO53: 91.9945 | BP53: 98.7332 | BQ53: 98.7332 | BR53: 98.7332 | BS53: 100.5288 | BT53: 100.5288 | BU53: 100.5288 | BV53: 100.7887 | BW53: 100.7887 | BX53: 100.7887 | BY53: 106.0841 | BZ53: 106.0841 | CA53: 106.0841 | CB53: 108.0544 | CC53: 108.0544 | CD53: 108.0544 | CE53: 107.5203 | CF53: 107.5203 | CG53: 107.5203 | CH53: 108.5518 | CI53: 108.5518 | CJ53: 108.5518 | CK53: 108.3543 | CL53: 108.3543 | CM53: 108.3543 | CN53: 98.9187 | CO53: 98.9187 | CP53: 98.9187 | CQ53: 95.062 | CR53: 95.062 | CS53: 95.062 | CT53: 95.5655 | CU53: 95.5655 | CV53: 95.5655 | CW53: 96.0104 | CX53: 96.0104 | CY53: 96.0104 | CZ53: 94.8131 | DA53: 94.8131 | DB53: 94.8131 | DC53: 95.7855 | DD53: 95.7855 | DE53: 95.7855 | DF53: 92.0964 | DG53: 92.0964 | DH53: 92.0964 | DI53: 92.0964 | DJ53: 92.9093 | DK53: 92.9093 | DL53: 92.9093 | DM53: 93.358 | DN53: 93.358 | DO53: 93.358 | DP53: 90.78 | DQ53: 90.78 | DR53: 90.78 | DS53: 90.6243 | DT53: 90.6243 | DU53: 90.6243 | DV53: 89.9403 | DW53: 89.9403 | DX53: 89.9403 | DY53: 89.7044 | DZ53: 89.7044 | EA53: 89.7044 | EB53: 88.4669 | EC53: 88.4669 | ED53: 88.4669 | EE53: 88.5397 | EF53: 88.5397 | EG53: 88.5397 | EH53: 88.643 | EI53: 88.643 | EJ53: 88.643 | EK53: 88.3491 | EL53: 88.3491 | EM53: 88.3491 | EN53: 88.6553 | EO53: 88.6553 | EP53: 88.6553 | EQ53: 88.5987 | ER53: 88.5987 | ES53: 88.5987 | ET53: 88.4498 | EU53: 88.4498 | EV53: 88.4498 | EW53: 89.4887 | EX53: 89.4887 | EY53: 89.4887 | EZ53: 89.3491 | FA53: 89.3491 | FB53: 89.3491 | FC53: 89.2211 | FD53: 89.2211 | FE53: 89.2211 | FF53: 84.3661 | FG53: 84.3661 | FH53: 84.3661 | FI53: 81.8298 | FJ53: 81.8298 | FK53: 81.8298 | FL53: 81.2803 | FM53: 81.2803 | FN53: 81.2803 | FO53: 81.7101 | FP53: 81.7101 | FQ53: 81.7101 | FR53: 82.5125 | FS53: 82.5125 | FT53: 82.5125 | FU53: 81.6991 | FV53: 81.6991 | FW53: 81.6991 | FX53: 81.1491 | FY53: 81.1491 | FZ53: 81.1491 | GA53: 81.0547 | GB53: 81.0547 | GC53: 81.0547 | GD53: 80.5161 | GE53: 80.5161 | GF53: 80.5161 | GG53: 80.1333 | GH53: 80.1333 | GI53: 80.1333 | GJ53: 82.096 | GK53: 82.096 | GL53: 82.096 | GM53: 83.361 | GN53: 83.361 | GO53: 83.361 | GP53: 84.2835 | GQ53: 84.2835 | GR53: 84.2835 | GS53: 85.4025 | GT53: 85.4025 | GU53: 85.4025 | GV53: 85.5603 | GW53: 85.5603 | GX53: 85.5603 | GY53: 85.1161 | GZ53: 85.1161 | HA53: 85.1161 | HB53: 85.2019 | HC53: 85.2019 | HD53: 85.2019 | HE53: 84.8455 | HF53: 84.8455 | HG53: 84.8455 | HH53: 83.9483 | HI53: 83.9483 | HJ53: 83.9483 | HK53: 83.2292 | HL53: 83.2292 | HM53: 83.2292 | HN53: 82.2009 | HO53: 82.2009 | HP53: 82.2009 | HQ53: 82.3817 | HR53: 82.3817 | HS53: 82.3817 | HT53: 82.3727 | HU53: 82.3727 | HV53: 82.3727 | HW53: 82.6334 | HX53: 82.6334 | HY53: 82.6334 | HZ53: 84.9892 | IA53: 84.9892 | IB53: 84.9892 | IC53: 95.0034 | ID53: 95.0034 | IE53: 95.0034 | IF53: 117.7813 | IG53: 117.7813 | IH53: 117.7813 | II53: 115.0316 | IJ53: 115.0316 | IK53: 115.0316 | IL53: 109.138 | IM53: 109.138 | IN53: 109.138 | IO53: 124.8141 | IP53: 124.8141 | IQ53: 124.8141 | IR53: 118.8345 | IS53: 118.8345 | IT53: 118.8345 | IU53: 118.0511 | IV53: 118.0511 | IW53: 118.0511 | IX53: 116.343 | IY53: 116.343 | IZ53: 116.343 | JA53: 112.3439 | JB53: 112.3439 | JC53: 112.3439 | JD53: 104.2773 | JE53: 104.2773 | JF53: 104.2773 | JG53: 99.5884 | JH53: 99.5884 | JI53: 99.5884 | JJ53: 96.5698 | JK53: 96.5698 | JL53: 96.5698 | JM53: 98.8539 | JN53: 98.8539 | JO53: 98.8539 | JP53: 97.6462 | JQ53: 97.6462 | JR53: 97.6462 | JS53: 96.8835 | JT53: 96.8835 | JU53: 96.8835 | JV53: 97.4708 | JW53: 97.4708 | JX53: 97.4708 | JY53: 98.3848 | JZ53: 98.3848 | KA53: 98.3848 | KB53: 99.4341 | KC53: 99.4341 | KD53: 99.4341 | KE53: 100 | KF53: 100 | KG53: 100 | KH53: 98.8311 | KI53: 98.8311 | KJ53: 98.8311 | KK53: 102.5811 | KL53: 102.5811 | KM53: 102.5811 | KN53: 105.1501 | KO53: 105.1501
A54: <KBOB.16.21.3> | E54: 16.21.3 | F54: =IFERROR(VLOOKUP(A54,PPI_IPI_PGA_PGAI!$A:$N,$R$1+1,FALSE),"") -> Holzfaserplatten | P54: 75.9986 | Q54: 75.9766 | R54: 75.9766 | S54: 75.9766 | T54: 74.2174 | U54: 74.2174 | V54: 74.2174 | W54: 74.2325 | X54: 74.2325 | Y54: 74.2325 | Z54: 74.0988 | AA54: 74.0988 | AB54: 74.0988 | AC54: 74.9124 | AD54: 74.9124 | AE54: 74.9124 | AF54: 74.7671 | AG54: 74.7671 | AH54: 74.7671 | AI54: 76.03 | AJ54: 76.03 | AK54: 76.03 | AL54: 77.4123 | AM54: 77.4123 | AN54: 77.4123 | AO54: 79.9842 | AP54: 79.9842 | AQ54: 79.9842 | AR54: 81.6174 | AS54: 81.6174 | AT54: 81.6174 | AU54: 81.3064 | AV54: 81.3064 | AW54: 81.3064 | AX54: 81.6506 | AY54: 81.6506 | AZ54: 81.6506 | BA54: 82.8976 | BB54: 82.8976 | BC54: 82.8976 | BD54: 85.0507 | BE54: 85.0507 | BF54: 85.0507 | BG54: 85.5252 | BH54: 85.5252 | BI54: 85.5252 | BJ54: 87.9334 | BK54: 87.9334 | BL54: 87.9334 | BM54: 91.0887 | BN54: 91.0887 | BO54: 91.0887 | BP54: 95.2249 | BQ54: 95.2249 | BR54: 95.2249 | BS54: 98.7325 | BT54: 98.7325 | BU54: 98.7325 | BV54: 98.82 | BW54: 98.82 | BX54: 98.82 | BY54: 103.2334 | BZ54: 103.2334 | CA54: 103.2334 | CB54: 103.2855 | CC54: 103.2855 | CD54: 103.2855 | CE54: 103.4168 | CF54: 103.4168 | CG54: 103.4168 | CH54: 104.3205 | CI54: 104.3205 | CJ54: 104.3205 | CK54: 104.2906 | CL54: 104.2906 | CM54: 104.2906 | CN54: 96.1044 | CO54: 96.1044 | CP54: 96.1044 | CQ54: 92.1042 | CR54: 92.1042 | CS54: 92.1042 | CT54: 91.7144 | CU54: 91.7144 | CV54: 91.7144 | CW54: 91.2616 | CX54: 91.2616 | CY54: 91.2616 | CZ54: 91.9779 | DA54: 91.9779 | DB54: 91.9779 | DC54: 91.4374 | DD54: 91.4374 | DE54: 91.4374 | DF54: 91.5266 | DG54: 91.5266 | DH54: 91.5266 | DI54: 91.5266 | DJ54: 89.7894 | DK54: 89.7894 | DL54: 89.7894 | DM54: 89.6259 | DN54: 89.6259 | DO54: 89.6259 | DP54: 86.3481 | DQ54: 86.3481 | DR54: 86.3481 | DS54: 86.7312 | DT54: 86.7312 | DU54: 86.7312 | DV54: 87.7464 | DW54: 87.7464 | DX54: 87.7464 | DY54: 86.3599 | DZ54: 86.3599 | EA54: 86.3599 | EB54: 84.6769 | EC54: 84.6769 | ED54: 84.6769 | EE54: 85.3801 | EF54: 85.3801 | EG54: 85.3801 | EH54: 83.6761 | EI54: 83.6761 | EJ54: 83.6761 | EK54: 83.6182 | EL54: 83.6182 | EM54: 83.6182 | EN54: 83.5544 | EO54: 83.5544 | EP54: 83.5544 | EQ54: 83.5108 | ER54: 83.5108 | ES54: 83.5108 | ET54: 84.3439 | EU54: 84.3439 | EV54: 84.3439 | EW54: 85.4532 | EX54: 85.4532 | EY54: 85.4532 | EZ54: 85.9607 | FA54: 85.9607 | FB54: 85.9607 | FC54: 82.991 | FD54: 82.991 | FE54: 82.991 | FF54: 78.2198 | FG54: 78.2198 | FH54: 78.2198 | FI54: 76.5564 | FJ54: 76.5564 | FK54: 76.5564 | FL54: 77.3358 | FM54: 77.3358 | FN54: 77.3358 | FO54: 77.5645 | FP54: 77.5645 | FQ54: 77.5645 | FR54: 75.6859 | FS54: 75.6859 | FT54: 75.6859 | FU54: 74.8998 | FV54: 74.8998 | FW54: 74.8998 | FX54: 73.5174 | FY54: 73.5174 | FZ54: 73.5174 | GA54: 73.3666 | GB54: 73.3666 | GC54: 73.3666 | GD54: 72.9289 | GE54: 72.9289 | GF54: 72.9289 | GG54: 73.479 | GH54: 73.479 | GI54: 73.479 | GJ54: 75.3367 | GK54: 75.3367 | GL54: 75.3367 | GM54: 76.4613 | GN54: 76.4613 | GO54: 76.4613 | GP54: 77.3333 | GQ54: 77.3333 | GR54: 77.3333 | GS54: 77.881 | GT54: 77.881 | GU54: 77.881 | GV54: 77.8385 | GW54: 77.8385 | GX54: 77.8385 | GY54: 77.744 | GZ54: 77.744 | HA54: 77.744 | HB54: 77.7034 | HC54: 77.7034 | HD54: 77.7034 | HE54: 77.2388 | HF54: 77.2388 | HG54: 77.2388 | HH54: 76.6646 | HI54: 76.6646 | HJ54: 76.6646 | HK54: 76.6099 | HL54: 76.6099 | HM54: 76.6099 | HN54: 75.9631 | HO54: 75.9631 | HP54: 75.9631 | HQ54: 75.6009 | HR54: 75.6009 | HS54: 75.6009 | HT54: 76.0465 | HU54: 76.0465 | HV54: 76.0465 | HW54: 75.9003 | HX54: 75.9003 | HY54: 75.9003 | HZ54: 77.6037 | IA54: 77.6037 | IB54: 77.6037 | IC54: 83.5515 | ID54: 83.5515 | IE54: 83.5515 | IF54: 98.5776 | IG54: 98.5776 | IH54: 98.5776 | II54: 104.9477 | IJ54: 104.9477 | IK54: 104.9477 | IL54: 110.5086 | IM54: 110.5086 | IN54: 110.5086 | IO54: 122.6483 | IP54: 122.6483 | IQ54: 122.6483 | IR54: 118.833 | IS54: 118.833 | IT54: 118.833 | IU54: 118.8328 | IV54: 118.8328 | IW54: 118.8328 | IX54: 118.81 | IY54: 118.81 | IZ54: 118.81 | JA54: 115.2743 | JB54: 115.2743 | JC54: 115.2743 | JD54: 108.7381 | JE54: 108.7381 | JF54: 108.7381 | JG54: 102.5372 | JH54: 102.5372 | JI54: 102.5372 | JJ54: 100.8024 | JK54: 100.8024 | JL54: 100.8024 | JM54: 101.1691 | JN54: 101.1691 | JO54: 101.1691 | JP54: 99.3071 | JQ54: 99.3071 | JR54: 99.3071 | JS54: 98.6897 | JT54: 98.6897 | JU54: 98.6897 | JV54: 100.6011 | JW54: 100.6011 | JX54: 100.6011 | JY54: 100.4104 | JZ54: 100.4104 | KA54: 100.4104 | KB54: 100.2458 | KC54: 100.2458 | KD54: 100.2458 | KE54: 100 | KF54: 100 | KG54: 100 | KH54: 99.4697 | KI54: 99.4697 | KJ54: 99.4697 | KK54: 103.5279 | KL54: 103.5279 | KM54: 103.5279 | KN54: 106.7582 | KO54: 106.7582
A55: <KBOB.16.21.4> | E55: 16.21.4 | F55: =IFERROR(VLOOKUP(A55,PPI_IPI_PGA_PGAI!$A:$N,$R$1+1,FALSE),"") -> Tischlerplatten | P55: 70.9561 | Q55: 70.9561 | R55: 70.9561 | S55: 70.9561 | T55: 68.9999 | U55: 68.9999 | V55: 68.9999 | W55: 68.2774 | X55: 68.2774 | Y55: 68.2774 | Z55: 67.6921 | AA55: 67.6921 | AB55: 67.6921 | AC55: 67.6188 | AD55: 67.6188 | AE55: 67.6188 | AF55: 69.862 | AG55: 69.862 | AH55: 69.862 | AI55: 69.6555 | AJ55: 69.6555 | AK55: 69.6555 | AL55: 69.8015 | AM55: 69.8015 | AN55: 69.8015 | AO55: 71.097 | AP55: 71.097 | AQ55: 71.097 | AR55: 71.3027 | AS55: 71.3027 | AT55: 71.3027 | AU55: 71.6272 | AV55: 71.6272 | AW55: 71.6272 | AX55: 71.8584 | AY55: 71.8584 | AZ55: 71.8584 | BA55: 73.1202 | BB55: 73.1202 | BC55: 73.1202 | BD55: 74.0244 | BE55: 74.0244 | BF55: 74.0244 | BG55: 78.6841 | BH55: 78.6841 | BI55: 78.6841 | BJ55: 82.8966 | BK55: 82.8966 | BL55: 82.8966 | BM55: 83.5546 | BN55: 83.5546 | BO55: 83.5546 | BP55: 85.772 | BQ55: 85.772 | BR55: 85.772 | BS55: 86.5274 | BT55: 86.5274 | BU55: 86.5274 | BV55: 86.5274 | BW55: 86.5274 | BX55: 86.5274 | BY55: 93.0628 | BZ55: 93.0628 | CA55: 93.0628 | CB55: 88.9897 | CC55: 88.9897 | CD55: 88.9897 | CE55: 89.1769 | CF55: 89.1769 | CG55: 89.1769 | CH55: 89.1769 | CI55: 89.1769 | CJ55: 89.1769 | CK55: 89.1528 | CL55: 89.1528 | CM55: 89.1528 | CN55: 88.5184 | CO55: 88.5184 | CP55: 88.5184 | CQ55: 88.5184 | CR55: 88.5184 | CS55: 88.5184 | CT55: 88.719 | CU55: 88.719 | CV55: 88.719 | CW55: 88.8252 | CX55: 88.8252 | CY55: 88.8252 | CZ55: 89.7147 | DA55: 89.7147 | DB55: 89.7147 | DC55: 90.8263 | DD55: 90.8263 | DE55: 90.8263 | DF55: 87.6636 | DG55: 87.6636 | DH55: 87.6636 | DI55: 87.6636 | DJ55: 89.0454 | DK55: 89.0454 | DL55: 89.0454 | DM55: 89.4991 | DN55: 89.4991 | DO55: 89.4991 | DP55: 82.8192 | DQ55: 82.8192 | DR55: 82.8192 | DS55: 86.8782 | DT55: 86.8782 | DU55: 86.8782 | DV55: 86.5517 | DW55: 86.5517 | DX55: 86.5517 | DY55: 87.2324 | DZ55: 87.2324 | EA55: 87.2324 | EB55: 88.0857 | EC55: 88.0857 | ED55: 88.0857 | EE55: 88.3372 | EF55: 88.3372 | EG55: 88.3372 | EH55: 89.4941 | EI55: 89.4941 | EJ55: 89.4941 | EK55: 89.3567 | EL55: 89.3567 | EM55: 89.3567 | EN55: 89.9267 | EO55: 89.9267 | EP55: 89.9267 | EQ55: 90.4392 | ER55: 90.4392 | ES55: 90.4392 | ET55: 90.6438 | EU55: 90.6438 | EV55: 90.6438 | EW55: 90.7782 | EX55: 90.7782 | EY55: 90.7782 | EZ55: 89.4521 | FA55: 89.4521 | FB55: 89.4521 | FC55: 88.9617 | FD55: 88.9617 | FE55: 88.9617 | FF55: 79.6852 | FG55: 79.6852 | FH55: 79.6852 | FI55: 78.2417 | FJ55: 78.2417 | FK55: 78.2417 | FL55: 78.9362 | FM55: 78.9362 | FN55: 78.9362 | FO55: 80.1212 | FP55: 80.1212 | FQ55: 80.1212 | FR55: 81.6076 | FS55: 81.6076 | FT55: 81.6076 | FU55: 80.4715 | FV55: 80.4715 | FW55: 80.4715 | FX55: 80.005 | FY55: 80.005 | FZ55: 80.005 | GA55: 81.4187 | GB55: 81.4187 | GC55: 81.4187 | GD55: 80.4143 | GE55: 80.4143 | GF55: 80.4143 | GG55: 81.3796 | GH55: 81.3796 | GI55: 81.3796 | GJ55: 84.3724 | GK55: 84.3724 | GL55: 84.3724 | GM55: 86.016 | GN55: 86.016 | GO55: 86.016 | GP55: 87.1746 | GQ55: 87.1746 | GR55: 87.1746 | GS55: 89.6811 | GT55: 89.6811 | GU55: 89.6811 | GV55: 89.189 | GW55: 89.189 | GX55: 89.189 | GY55: 88.6293 | GZ55: 88.6293 | HA55: 88.6293 | HB55: 88.3474 | HC55: 88.3474 | HD55: 88.3474 | HE55: 88.0551 | HF55: 88.0551 | HG55: 88.0551 | HH55: 85.0491 | HI55: 85.0491 | HJ55: 85.0491 | HK55: 83.9889 | HL55: 83.9889 | HM55: 83.9889 | HN55: 81.9759 | HO55: 81.9759 | HP55: 81.9759 | HQ55: 81.2725 | HR55: 81.2725 | HS55: 81.2725 | HT55: 83.7477 | HU55: 83.7477 | HV55: 83.7477 | HW55: 83.3613 | HX55: 83.3613 | HY55: 83.3613 | HZ55: 87.1666 | IA55: 87.1666 | IB55: 87.1666 | IC55: 95.0434 | ID55: 95.0434 | IE55: 95.0434 | IF55: 135.057 | IG55: 135.057 | IH55: 135.057 | II55: 130.2764 | IJ55: 130.2764 | IK55: 130.2764 | IL55: 122.6894 | IM55: 122.6894 | IN55: 122.6894 | IO55: 128.8527 | IP55: 128.8527 | IQ55: 128.8527 | IR55: 113.546 | IS55: 113.546 | IT55: 113.546 | IU55: 110.3008 | IV55: 110.3008 | IW55: 110.3008 | IX55: 105.6812 | IY55: 105.6812 | IZ55: 105.6812 | JA55: 104.5069 | JB55: 104.5069 | JC55: 104.5069 | JD55: 100.1023 | JE55: 100.1023 | JF55: 100.1023 | JG55: 95.1824 | JH55: 95.1824 | JI55: 95.1824 | JJ55: 92.162 | JK55: 92.162 | JL55: 92.162 | JM55: 95.6167 | JN55: 95.6167 | JO55: 95.6167 | JP55: 94.1899 | JQ55: 94.1899 | JR55: 94.1899 | JS55: 94.1084 | JT55: 94.1084 | JU55: 94.1084 | JV55: 94.8003 | JW55: 94.8003 | JX55: 94.8003 | JY55: 97.6841 | JZ55: 97.6841 | KA55: 97.6841 | KB55: 100.1177 | KC55: 100.1177 | KD55: 100.1177 | KE55: 100 | KF55: 100 | KG55: 100 | KH55: 100.0545 | KI55: 100.0545 | KJ55: 100.0545 | KK55: 102.5486 | KL55: 102.5486 | KM55: 102.5486 | KN55: 103.9174 | KO55: 103.9174
A56: <KBOB.16.22> | E56: 16.22 | F56: =IFERROR(VLOOKUP(A56,PPI_IPI_PGA_PGAI!$A:$N,$R$1+1,FALSE),"") -> Parkett | P56: 83.8858 | Q56: 83.9693 | R56: 83.9693 | S56: 83.9693 | T56: 83.5921 | U56: 83.5921 | V56: 83.5921 | W56: 83.5921 | X56: 83.5921 | Y56: 83.5921 | Z56: 83.5921 | AA56: 83.5921 | AB56: 82.7034 | AC56: 82.7034 | AD56: 82.7034 | AE56: 82.7034 | AF56: 82.7034 | AG56: 82.7034 | AH56: 82.0871 | AI56: 82.0871 | AJ56: 82.0871 | AK56: 82.0871 | AL56: 82.0871 | AM56: 82.0871 | AN56: 81.9779 | AO56: 81.9779 | AP56: 81.9779 | AQ56: 81.9779 | AR56: 81.9779 | AS56: 81.9779 | AT56: 81.4872 | AU56: 81.4872 | AV56: 81.4872 | AW56: 81.4872 | AX56: 81.4872 | AY56: 81.4872 | AZ56: 81.731 | BA56: 81.731 | BB56: 81.731 | BC56: 81.731 | BD56: 81.731 | BE56: 81.731 | BF56: 81.9748 | BG56: 81.9748 | BH56: 81.9748 | BI56: 81.9748 | BJ56: 81.9748 | BK56: 81.9748 | BL56: 82.17 | BM56: 82.17 | BN56: 82.17 | BO56: 82.17 | BP56: 82.17 | BQ56: 82.17 | BR56: 83.3597 | BS56: 83.3597 | BT56: 83.3597 | BU56: 83.3598 | BV56: 83.3598 | BW56: 83.3598 | BX56: 86.0343 | BY56: 86.0343 | BZ56: 86.0343 | CA56: 86.0343 | CB56: 86.0343 | CC56: 86.0343 | CD56: 87.5622 | CE56: 87.5622 | CF56: 87.5622 | CG56: 87.5622 | CH56: 87.5622 | CI56: 87.5622 | CJ56: 88.2286 | CK56: 88.2286 | CL56: 88.2286 | CM56: 88.2286 | CN56: 88.2286 | CO56: 88.2286 | CP56: 86.6956 | CQ56: 86.6956 | CR56: 86.6956 | CS56: 86.6956 | CT56: 86.6956 | CU56: 86.6956 | CV56: 86.7404 | CW56: 86.7404 | CX56: 86.7404 | CY56: 86.7404 | CZ56: 86.7404 | DA56: 86.7404 | DB56: 84.9153 | DC56: 84.9153 | DD56: 84.9153 | DE56: 84.9153 | DF56: 84.9153 | DG56: 84.9153 | DH56: 83.67 | DI56: 83.67 | DJ56: 84.7055 | DK56: 84.7055 | DL56: 84.7055 | DM56: 84.5462 | DN56: 84.5462 | DO56: 84.5462 | DP56: 81.7454 | DQ56: 81.7454 | DR56: 81.7454 | DS56: 82.5763 | DT56: 82.5763 | DU56: 82.5763 | DV56: 83.4215 | DW56: 83.4215 | DX56: 83.4215 | DY56: 83.1021 | DZ56: 83.1021 | EA56: 83.1021 | EB56: 83.203 | EC56: 83.203 | ED56: 83.203 | EE56: 83.0069 | EF56: 83.0069 | EG56: 83.0069 | EH56: 84.103 | EI56: 84.103 | EJ56: 84.103 | EK56: 84.1444 | EL56: 84.1444 | EM56: 84.1444 | EN56: 84.2917 | EO56: 84.2917 | EP56: 84.2917 | EQ56: 83.7467 | ER56: 83.7467 | ES56: 83.7467 | ET56: 83.9071 | EU56: 83.9071 | EV56: 83.9071 | EW56: 82.6556 | EX56: 82.6556 | EY56: 82.6556 | EZ56: 83.0912 | FA56: 83.0912 | FB56: 83.0912 | FC56: 82.6225 | FD56: 82.6225 | FE56: 82.6225 | FF56: 81.6517 | FG56: 81.6517 | FH56: 81.6517 | FI56: 79.4902 | FJ56: 79.4902 | FK56: 79.4902 | FL56: 79.8511 | FM56: 79.8511 | FN56: 79.8511 | FO56: 80.6164 | FP56: 80.6164 | FQ56: 80.6164 | FR56: 81.2337 | FS56: 81.2337 | FT56: 81.2337 | FU56: 82.1527 | FV56: 82.1527 | FW56: 82.1527 | FX56: 81.5572 | FY56: 81.5572 | FZ56: 81.5572 | GA56: 82.447 | GB56: 82.447 | GC56: 82.447 | GD56: 82.9836 | GE56: 82.9836 | GF56: 82.9836 | GG56: 83.8942 | GH56: 83.8942 | GI56: 83.8942 | GJ56: 85.5802 | GK56: 85.5802 | GL56: 85.5802 | GM56: 86.4065 | GN56: 86.4065 | GO56: 86.4065 | GP56: 86.3339 | GQ56: 86.3339 | GR56: 86.3339 | GS56: 86.2343 | GT56: 86.2343 | GU56: 86.2343 | GV56: 86.3016 | GW56: 86.3016 | GX56: 86.3016 | GY56: 85.1702 | GZ56: 85.1702 | HA56: 85.1702 | HB56: 84.9674 | HC56: 84.9674 | HD56: 84.9674 | HE56: 86.6352 | HF56: 86.6352 | HG56: 86.6352 | HH56: 84.3327 | HI56: 84.3327 | HJ56: 84.3327 | HK56: 84.0367 | HL56: 84.0367 | HM56: 84.0367 | HN56: 83.8073 | HO56: 83.8073 | HP56: 83.8073 | HQ56: 83.3293 | HR56: 83.3293 | HS56: 83.3293 | HT56: 85.0327 | HU56: 85.0327 | HV56: 85.0327 | HW56: 84.7673 | HX56: 84.7673 | HY56: 84.7673 | HZ56: 87.269 | IA56: 87.269 | IB56: 87.269 | IC56: 89.4102 | ID56: 89.4102 | IE56: 89.4102 | IF56: 91.6266 | IG56: 91.6266 | IH56: 91.6266 | II56: 93.9339 | IJ56: 93.9339 | IK56: 93.9339 | IL56: 98.4555 | IM56: 98.4555 | IN56: 98.4555 | IO56: 101.7924 | IP56: 101.7924 | IQ56: 101.7924 | IR56: 110.5856 | IS56: 110.5856 | IT56: 110.5856 | IU56: 111.5668 | IV56: 111.5668 | IW56: 111.5668 | IX56: 117.1773 | IY56: 117.1773 | IZ56: 117.1773 | JA56: 116.9084 | JB56: 116.9084 | JC56: 116.9084 | JD56: 115.001 | JE56: 115.001 | JF56: 115.001 | JG56: 115.1519 | JH56: 115.1519 | JI56: 115.1519 | JJ56: 101.81 | JK56: 101.81 | JL56: 101.81 | JM56: 102.5299 | JN56: 102.5299 | JO56: 102.5299 | JP56: 101.092 | JQ56: 101.092 | JR56: 101.092 | JS56: 98.799 | JT56: 98.799 | JU56: 98.799 | JV56: 103.342 | JW56: 103.342 | JX56: 103.342 | JY56: 101.1011 | JZ56: 101.1011 | KA56: 101.1011 | KB56: 99.157 | KC56: 99.157 | KD56: 99.157 | KE56: 100 | KF56: 100 | KG56: 100 | KH56: 99.9958 | KI56: 99.9958 | KJ56: 99.9958 | KK56: 102.4295 | KL56: 102.4295 | KM56: 102.4295 | KN56: 101.7286 | KO56: 101.7286
A57: <KBOB.16.23> | E57: 16.23 2) | F57: =IFERROR(VLOOKUP(A57,PPI_IPI_PGA_PGAI!$A:$N,$R$1+1,FALSE),"") -> Produkte der Bauschreinerei und des Innenausbaus | P57: 66.8434 | Q57: 66.8434 | R57: 66.8434 | S57: 66.8434 | T57: 66.8434 | U57: 66.8434 | V57: 66.3734 | W57: 66.3734 | X57: 66.3734 | Y57: 66.3734 | Z57: 66.3734 | AA57: 66.3734 | AB57: 66.4952 | AC57: 66.4952 | AD57: 66.4952 | AE57: 66.4952 | AF57: 66.4952 | AG57: 66.4952 | AH57: 66.1996 | AI57: 66.1996 | AJ57: 66.1996 | AK57: 66.1996 | AL57: 66.1996 | AM57: 66.1996 | AN57: 66.6822 | AO57: 66.6822 | AP57: 66.6822 | AQ57: 66.6822 | AR57: 66.6822 | AS57: 66.6822 | AT57: 67.1661 | AU57: 67.1661 | AV57: 67.1661 | AW57: 67.1661 | AX57: 67.1661 | AY57: 67.1661 | AZ57: 68.1966 | BA57: 68.1966 | BB57: 68.1966 | BC57: 68.1966 | BD57: 68.1966 | BE57: 68.1966 | BF57: 67.479 | BG57: 67.479 | BH57: 67.479 | BI57: 67.479 | BJ57: 67.479 | BK57: 67.479 | BL57: 68.3123 | BM57: 68.3123 | BN57: 68.3123 | BO57: 68.3123 | BP57: 68.3123 | BQ57: 68.3123 | BR57: 70.2204 | BS57: 70.2204 | BT57: 70.2204 | BU57: 70.2204 | BV57: 70.2204 | BW57: 70.2204 | BX57: 72.2801 | BY57: 72.2801 | BZ57: 72.2801 | CA57: 72.2801 | CB57: 72.2801 | CC57: 72.2801 | CD57: 73.4658 | CE57: 73.4658 | CF57: 73.4658 | CG57: 73.4658 | CH57: 73.4658 | CI57: 73.4658 | CJ57: 74.415 | CK57: 74.415 | CL57: 74.415 | CM57: 74.415 | CN57: 74.415 | CO57: 74.415 | CP57: 73.1039 | CQ57: 73.1039 | CR57: 73.1039 | CS57: 73.1039 | CT57: 73.1039 | CU57: 73.1039 | CV57: 73.866 | CW57: 73.866 | CX57: 73.866 | CY57: 73.866 | CZ57: 73.866 | DA57: 73.866 | DB57: 72.7206 | DC57: 72.7206 | DD57: 72.7206 | DE57: 72.7206 | DF57: 72.7206 | DG57: 72.7206 | DH57: 73.6011 | DI57: 73.6011 | DJ57: 73.6011 | DK57: 73.6011 | DL57: 73.6011 | DM57: 73.6011 | DN57: 73.7098 | DO57: 73.7098 | DP57: 73.7098 | DQ57: 73.7098 | DR57: 73.7098 | DS57: 73.7098 | DT57: 75.5538 | DU57: 75.5538 | DV57: 75.5538 | DW57: 75.5538 | DX57: 75.5538 | DY57: 75.5538 | DZ57: 74.8018 | EA57: 74.8018 | EB57: 74.8018 | EC57: 74.8018 | ED57: 74.8018 | EE57: 74.8018 | EF57: 75.4493 | EG57: 75.4493 | EH57: 75.4493 | EI57: 75.4493 | EJ57: 75.4493 | EK57: 75.4493 | EL57: 75.1791 | EM57: 75.1791 | EN57: 75.1791 | EO57: 75.1791 | EP57: 75.1791 | EQ57: 75.1791 | ER57: 75.575 | ES57: 75.575 | ET57: 75.575 | EU57: 75.575 | EV57: 75.575 | EW57: 75.575 | EX57: 74.8999 | EY57: 74.8999 | EZ57: 74.8999 | FA57: 74.8999 | FB57: 74.8999 | FC57: 74.8999 | FD57: 74.7869 | FE57: 74.7869 | FF57: 74.7869 | FG57: 74.7869 | FH57: 74.7869 | FI57: 74.7869 | FJ57: 74.4238 | FK57: 74.4238 | FL57: 74.4238 | FM57: 74.4238 | FN57: 74.4238 | FO57: 74.4238 | FP57: 73.0436 | FQ57: 73.0436 | FR57: 73.0436 | FS57: 73.0436 | FT57: 73.0436 | FU57: 73.0436 | FV57: 74.1644 | FW57: 74.1644 | FX57: 74.1644 | FY57: 74.1644 | FZ57: 74.1644 | GA57: 74.1644 | GB57: 74.1576 | GC57: 74.1576 | GD57: 74.1576 | GE57: 74.1576 | GF57: 74.1576 | GG57: 74.1576 | GH57: 71.3305 | GI57: 71.3305 | GJ57: 71.3305 | GK57: 71.3305 | GL57: 71.3305 | GM57: 71.3305 | GN57: 71.8067 | GO57: 71.8067 | GP57: 71.8067 | GQ57: 71.8067 | GR57: 71.8067 | GS57: 71.8067 | GT57: 75.3353 | GU57: 75.3353 | GV57: 75.3353 | GW57: 75.3353 | GX57: 75.3353 | GY57: 75.3353 | GZ57: 76.6604 | HA57: 76.6604 | HB57: 76.6604 | HC57: 76.6604 | HD57: 76.6604 | HE57: 76.6604 | HF57: 77.5629 | HG57: 77.5629 | HH57: 77.5629 | HI57: 77.5629 | HJ57: 77.5629 | HK57: 77.5629 | HL57: 77.841 | HM57: 77.841 | HN57: 77.841 | HO57: 77.841 | HP57: 77.841 | HQ57: 77.841 | HR57: 77.7853 | HS57: 77.7853 | HT57: 77.7853 | HU57: 77.7853 | HV57: 77.7853 | HW57: 77.7853 | HX57: 78.424 | HY57: 78.424 | HZ57: 78.424 | IA57: 78.424 | IB57: 78.424 | IC57: 78.424 | ID57: 79.2529 | IE57: 79.2529 | IF57: 79.2529 | IG57: 79.2529 | IH57: 79.2529 | II57: 79.2529 | IJ57: 82.934 | IK57: 82.934 | IL57: 82.934 | IM57: 82.934 | IN57: 82.934 | IO57: 82.934 | IP57: 87.6384 | IQ57: 87.6384 | IR57: 87.6384 | IS57: 87.6384 | IT57: 87.6384 | IU57: 87.6384 | IV57: 90.313 | IW57: 90.313 | IX57: 90.313 | IY57: 90.313 | IZ57: 90.313 | JA57: 90.313 | JB57: 95.8932 | JC57: 95.8932 | JD57: 95.8932 | JE57: 95.8932 | JF57: 95.8932 | JG57: 95.8932 | JH57: 97.8313 | JI57: 97.8313 | JJ57: 97.8313 | JK57: 97.8313 | JL57: 97.8313 | JM57: 97.8313 | JN57: 98.3191 | JO57: 98.3191 | JP57: 98.3191 | JQ57: 98.3191 | JR57: 98.3191 | JS57: 98.3191 | JT57: 99.1937 | JU57: 99.1937 | JV57: 99.1937 | JW57: 99.1937 | JX57: 99.1937 | JY57: 99.1937 | JZ57: 99.6159 | KA57: 99.6159 | KB57: 99.6159 | KC57: 99.6159 | KD57: 99.6159 | KE57: 99.6159 | KF57: 100 | KG57: 100 | KH57: 99.9791 | KI57: 99.9791 | KJ57: 99.9791 | KK57: 100.129 | KL57: 100.6526 | KM57: 100.6526 | KN57: 100.6526 | KO57: 100.6526
A58: <KBOB.16.23.1> | E58: 16.23.1 | F58: =IFERROR(VLOOKUP(A58,PPI_IPI_PGA_PGAI!$A:$N,$R$1+1,FALSE),"") -> Fenster und Türen | P58: … | Q58: … | R58: … | S58: … | T58: … | U58: 64.9211 | V58: 64.2395 | W58: 64.2395 | X58: 64.2395 | Y58: 64.2395 | Z58: 64.2395 | AA58: 64.2395 | AB58: 64.9093 | AC58: 64.9093 | AD58: 64.9093 | AE58: 64.9093 | AF58: 64.9093 | AG58: 64.9093 | AH58: 64.6246 | AI58: 64.6246 | AJ58: 64.6246 | AK58: 64.6246 | AL58: 64.6246 | AM58: 64.6246 | AN58: 64.7447 | AO58: 64.7447 | AP58: 64.7447 | AQ58: 64.7447 | AR58: 64.7447 | AS58: 64.7447 | AT58: 65.6307 | AU58: 65.6307 | AV58: 65.6307 | AW58: 65.6307 | AX58: 65.6307 | AY58: 65.6307 | AZ58: 67.5034 | BA58: 67.5034 | BB58: 67.5034 | BC58: 67.5034 | BD58: 67.5034 | BE58: 67.5034 | BF58: 66.3898 | BG58: 66.3898 | BH58: 66.3898 | BI58: 66.3898 | BJ58: 66.3898 | BK58: 66.3898 | BL58: 67.4727 | BM58: 67.4727 | BN58: 67.4727 | BO58: 67.4727 | BP58: 67.4727 | BQ58: 67.4727 | BR58: 69.8761 | BS58: 69.8761 | BT58: 69.8761 | BU58: 69.8761 | BV58: 69.8761 | BW58: 69.8761 | BX58: 71.8056 | BY58: 71.8056 | BZ58: 71.8056 | CA58: 71.8056 | CB58: 71.8056 | CC58: 71.8056 | CD58: 72.6964 | CE58: 72.6964 | CF58: 72.6964 | CG58: 72.6964 | CH58: 72.6964 | CI58: 72.6964 | CJ58: 74.0293 | CK58: 74.0293 | CL58: 74.0293 | CM58: 74.0293 | CN58: 74.0293 | CO58: 74.0293 | CP58: 72.1617 | CQ58: 72.1617 | CR58: 72.1617 | CS58: 72.1617 | CT58: 72.1617 | CU58: 72.1617 | CV58: 73.4393 | CW58: 73.4393 | CX58: 73.4393 | CY58: 73.4393 | CZ58: 73.4393 | DA58: 73.4393 | DB58: 72.0051 | DC58: 72.0051 | DD58: 72.0051 | DE58: 72.0051 | DF58: 72.0051 | DG58: 72.0051 | DH58: 73.8648 | DI58: 73.8648 | DJ58: 73.8648 | DK58: 73.8648 | DL58: 73.8648 | DM58: 73.8648 | DN58: 73.752 | DO58: 73.752 | DP58: 73.752 | DQ58: 73.752 | DR58: 73.752 | DS58: 73.752 | DT58: 75.648 | DU58: 75.648 | DV58: 75.648 | DW58: 75.648 | DX58: 75.648 | DY58: 75.648 | DZ58: 75.1083 | EA58: 75.1083 | EB58: 75.1083 | EC58: 75.1083 | ED58: 75.1083 | EE58: 75.1083 | EF58: 75.7233 | EG58: 75.7233 | EH58: 75.7233 | EI58: 75.7233 | EJ58: 75.7233 | EK58: 75.7233 | EL58: 75.4448 | EM58: 75.4448 | EN58: 75.4448 | EO58: 75.4448 | EP58: 75.4448 | EQ58: 75.4448 | ER58: 75.6843 | ES58: 75.6843 | ET58: 75.6843 | EU58: 75.6843 | EV58: 75.6843 | EW58: 75.6843 | EX58: 75.0226 | EY58: 75.0226 | EZ58: 75.0226 | FA58: 75.0226 | FB58: 75.0226 | FC58: 75.0226 | FD58: 74.8806 | FE58: 74.8806 | FF58: 74.8806 | FG58: 74.8806 | FH58: 74.8806 | FI58: 74.8806 | FJ58: 74.6685 | FK58: 74.6685 | FL58: 74.6685 | FM58: 74.6685 | FN58: 74.6685 | FO58: 74.6685 | FP58: 73.0159 | FQ58: 73.0159 | FR58: 73.0159 | FS58: 73.0159 | FT58: 73.0159 | FU58: 73.0159 | FV58: 74.7211 | FW58: 74.7211 | FX58: 74.7211 | FY58: 74.7211 | FZ58: 74.7211 | GA58: 74.7211 | GB58: 74.8586 | GC58: 74.8586 | GD58: 74.8586 | GE58: 74.8586 | GF58: 74.8586 | GG58: 74.8586 | GH58: 71.6464 | GI58: 71.6464 | GJ58: 71.6464 | GK58: 71.6464 | GL58: 71.6464 | GM58: 71.6464 | GN58: 72.1637 | GO58: 72.1637 | GP58: 72.1637 | GQ58: 72.1637 | GR58: 72.1637 | GS58: 72.1637 | GT58: 75.7036 | GU58: 75.7036 | GV58: 75.7036 | GW58: 75.7036 | GX58: 75.7036 | GY58: 75.7036 | GZ58: 77.3379 | HA58: 77.3379 | HB58: 77.3379 | HC58: 77.3379 | HD58: 77.3379 | HE58: 77.3379 | HF58: 78.2475 | HG58: 78.2475 | HH58: 78.2475 | HI58: 78.2475 | HJ58: 78.2475 | HK58: 78.2475 | HL58: 78.5129 | HM58: 78.5129 | HN58: 78.5129 | HO58: 78.5129 | HP58: 78.5129 | HQ58: 78.5129 | HR58: 78.6357 | HS58: 78.6357 | HT58: 78.6357 | HU58: 78.6357 | HV58: 78.6357 | HW58: 78.6357 | HX58: 79.2869 | HY58: 79.2869 | HZ58: 79.2869 | IA58: 79.2869 | IB58: 79.2869 | IC58: 79.2869 | ID58: 78.989 | IE58: 78.989 | IF58: 78.989 | IG58: 78.989 | IH58: 78.989 | II58: 78.989 | IJ58: 83.3041 | IK58: 83.3041 | IL58: 83.3041 | IM58: 83.3041 | IN58: 83.3041 | IO58: 83.3041 | IP58: 89.4491 | IQ58: 89.4491 | IR58: 89.4491 | IS58: 89.4491 | IT58: 89.4491 | IU58: 89.4491 | IV58: 91.952 | IW58: 91.952 | IX58: 91.952 | IY58: 91.952 | IZ58: 91.952 | JA58: 91.952 | JB58: 95.989 | JC58: 95.989 | JD58: 95.989 | JE58: 95.989 | JF58: 95.989 | JG58: 95.989 | JH58: 96.9294 | JI58: 96.9294 | JJ58: 96.9294 | JK58: 96.9294 | JL58: 96.9294 | JM58: 96.9294 | JN58: 98.2148 | JO58: 98.2148 | JP58: 98.2148 | JQ58: 98.2148 | JR58: 98.2148 | JS58: 98.2148 | JT58: 99.1043 | JU58: 99.1043 | JV58: 99.1043 | JW58: 99.1043 | JX58: 99.1043 | JY58: 99.1043 | JZ58: 99.1409 | KA58: 99.1409 | KB58: 99.1409 | KC58: 99.1409 | KD58: 99.1409 | KE58: 99.1409 | KF58: 100 | KG58: 100 | KH58: 100 | KI58: 100 | KJ58: 100 | KK58: 100 | KL58: 100.6839 | KM58: 100.6839 | KN58: 100.6839 | KO58: 100.6839
A59: <KBOB.16.23.11> | E59: 16.23.11 | F59: =IFERROR(VLOOKUP(A59,PPI_IPI_PGA_PGAI!$A:$N,$R$1+1,FALSE),"") -> Fenster | P59: 63.2705 | Q59: 63.2705 | R59: 63.2705 | S59: 63.2705 | T59: 63.2705 | U59: 63.2705 | V59: 62.9972 | W59: 62.9972 | X59: 62.9972 | Y59: 62.9972 | Z59: 62.9972 | AA59: 62.9972 | AB59: 63.7709 | AC59: 63.7709 | AD59: 63.7709 | AE59: 63.7709 | AF59: 63.7709 | AG59: 63.7709 | AH59: 63.5462 | AI59: 63.5462 | AJ59: 63.5462 | AK59: 63.5462 | AL59: 63.5462 | AM59: 63.5462 | AN59: 63.167 | AO59: 63.167 | AP59: 63.167 | AQ59: 63.167 | AR59: 63.167 | AS59: 63.167 | AT59: 63.6937 | AU59: 63.6937 | AV59: 63.6937 | AW59: 63.6937 | AX59: 63.6937 | AY59: 63.6937 | AZ59: 65.2683 | BA59: 65.2683 | BB59: 65.2683 | BC59: 65.2683 | BD59: 65.2683 | BE59: 65.2683 | BF59: 63.5943 | BG59: 63.5943 | BH59: 63.5943 | BI59: 63.5943 | BJ59: 63.5943 | BK59: 63.5943 | BL59: 65.1585 | BM59: 65.1585 | BN59: 65.1585 | BO59: 65.1585 | BP59: 65.1585 | BQ59: 65.1585 | BR59: 67.4702 | BS59: 67.4702 | BT59: 67.4702 | BU59: 67.4702 | BV59: 67.4702 | BW59: 67.4702 | BX59: 69.3079 | BY59: 69.3079 | BZ59: 69.3079 | CA59: 69.3079 | CB59: 69.3079 | CC59: 69.3079 | CD59: 69.708 | CE59: 69.708 | CF59: 69.708 | CG59: 69.708 | CH59: 69.708 | CI59: 69.708 | CJ59: 71.3143 | CK59: 71.3143 | CL59: 71.3143 | CM59: 71.3143 | CN59: 71.3143 | CO59: 71.3143 | CP59: 69.3194 | CQ59: 69.3194 | CR59: 69.3194 | CS59: 69.3194 | CT59: 69.3194 | CU59: 69.3194 | CV59: 70.9382 | CW59: 70.9382 | CX59: 70.9382 | CY59: 70.9382 | CZ59: 70.9382 | DA59: 70.9382 | DB59: 69.6304 | DC59: 69.6304 | DD59: 69.6304 | DE59: 69.6304 | DF59: 69.6304 | DG59: 69.6304 | DH59: 70.8908 | DI59: 70.8908 | DJ59: 70.8908 | DK59: 70.8908 | DL59: 70.8908 | DM59: 70.8908 | DN59: 71.0019 | DO59: 71.0019 | DP59: 71.0019 | DQ59: 71.0019 | DR59: 71.0019 | DS59: 71.0019 | DT59: 73.3791 | DU59: 73.3791 | DV59: 73.3791 | DW59: 73.3791 | DX59: 73.3791 | DY59: 73.3791 | DZ59: 72.6005 | EA59: 72.6005 | EB59: 72.6005 | EC59: 72.6005 | ED59: 72.6005 | EE59: 72.6005 | EF59: 73.2781 | EG59: 73.2781 | EH59: 73.2781 | EI59: 73.2781 | EJ59: 73.2781 | EK59: 73.2781 | EL59: 72.9495 | EM59: 72.9495 | EN59: 72.9495 | EO59: 72.9495 | EP59: 72.9495 | EQ59: 72.9495 | ER59: 72.8395 | ES59: 72.8395 | ET59: 72.8395 | EU59: 72.8395 | EV59: 72.8395 | EW59: 72.8395 | EX59: 72.3073 | EY59: 72.3073 | EZ59: 72.3073 | FA59: 72.3073 | FB59: 72.3073 | FC59: 72.3073 | FD59: 71.967 | FE59: 71.967 | FF59: 71.967 | FG59: 71.967 | FH59: 71.967 | FI59: 71.967 | FJ59: 71.5675 | FK59: 71.5675 | FL59: 71.5675 | FM59: 71.5675 | FN59: 71.5675 | FO59: 71.5675 | FP59: 69.2678 | FQ59: 69.2678 | FR59: 69.2678 | FS59: 69.2678 | FT59: 69.2678 | FU59: 69.2678 | FV59: 72.51 | FW59: 72.51 | FX59: 72.51 | FY59: 72.51 | FZ59: 72.51 | GA59: 72.51 | GB59: 73.1288 | GC59: 73.1288 | GD59: 73.1288 | GE59: 73.1288 | GF59: 73.1288 | GG59: 73.1288 | GH59: 69.0284 | GI59: 69.0284 | GJ59: 69.0284 | GK59: 69.0284 | GL59: 69.0284 | GM59: 69.0284 | GN59: 69.6126 | GO59: 69.6126 | GP59: 69.6126 | GQ59: 69.6126 | GR59: 69.6126 | GS59: 69.6126 | GT59: 72.7206 | GU59: 72.7206 | GV59: 72.7206 | GW59: 72.7206 | GX59: 72.7206 | GY59: 72.7206 | GZ59: 74.1993 | HA59: 74.1993 | HB59: 74.1993 | HC59: 74.1993 | HD59: 74.1993 | HE59: 74.1993 | HF59: 75.3982 | HG59: 75.3982 | HH59: 75.3982 | HI59: 75.3982 | HJ59: 75.3982 | HK59: 75.3982 | HL59: 75.8554 | HM59: 75.8554 | HN59: 75.8554 | HO59: 75.8554 | HP59: 75.8554 | HQ59: 75.8554 | HR59: 76.0527 | HS59: 76.0527 | HT59: 76.0527 | HU59: 76.0527 | HV59: 76.0527 | HW59: 76.0527 | HX59: 76.6699 | HY59: 76.6699 | HZ59: 76.6699 | IA59: 76.6699 | IB59: 76.6699 | IC59: 76.6699 | ID59: 77.4492 | IE59: 77.4492 | IF59: 77.4492 | IG59: 77.4492 | IH59: 77.4492 | II59: 77.4492 | IJ59: 83.3227 | IK59: 83.3227 | IL59: 83.3227 | IM59: 83.3227 | IN59: 83.3227 | IO59: 83.3227 | IP59: 91.4656 | IQ59: 91.4656 | IR59: 91.4656 | IS59: 91.4656 | IT59: 91.4656 | IU59: 91.4656 | IV59: 94.2002 | IW59: 94.2002 | IX59: 94.2002 | IY59: 94.2002 | IZ59: 94.2002 | JA59: 94.2002 | JB59: 96.9097 | JC59: 96.9097 | JD59: 96.9097 | JE59: 96.9097 | JF59: 96.9097 | JG59: 96.9097 | JH59: 96.4125 | JI59: 96.4125 | JJ59: 96.4125 | JK59: 96.4125 | JL59: 96.4125 | JM59: 96.4125 | JN59: 97.7243 | JO59: 97.7243 | JP59: 97.7243 | JQ59: 97.7243 | JR59: 97.7243 | JS59: 97.7243 | JT59: 98.3431 | JU59: 98.3431 | JV59: 98.3431 | JW59: 98.3431 | JX59: 98.3431 | JY59: 98.3431 | JZ59: 99.4251 | KA59: 99.4251 | KB59: 99.4251 | KC59: 99.4251 | KD59: 99.4251 | KE59: 99.4251 | KF59: 100 | KG59: 100 | KH59: 100 | KI59: 100 | KJ59: 100 | KK59: 100 | KL59: 101.4064 | KM59: 101.4064 | KN59: 101.4064 | KO59: 101.4064
A60: <KBOB.16.23.12> | E60: 16.23.12 | F60: =IFERROR(VLOOKUP(A60,PPI_IPI_PGA_PGAI!$A:$N,$R$1+1,FALSE),"") -> Türen (Innen- und Aussentüren) | P60: … | Q60: … | R60: … | S60: … | T60: … | U60: 63.3804 | V60: 61.348 | W60: 61.348 | X60: 61.348 | Y60: 61.348 | Z60: 61.348 | AA60: 61.348 | AB60: 61.5793 | AC60: 61.5793 | AD60: 61.5793 | AE60: 61.5793 | AF60: 61.5793 | AG60: 61.5793 | AH60: 61.1169 | AI60: 61.1169 | AJ60: 61.1169 | AK60: 61.1169 | AL60: 61.1169 | AM60: 61.1169 | AN60: 62.9687 | AO60: 62.9687 | AP60: 62.9687 | AQ60: 62.9687 | AR60: 62.9687 | AS60: 62.9687 | AT60: 65.0111 | AU60: 65.0111 | AV60: 65.0111 | AW60: 65.0111 | AX60: 65.0111 | AY60: 65.0111 | AZ60: 67.715 | BA60: 67.715 | BB60: 67.715 | BC60: 67.715 | BD60: 67.715 | BE60: 67.715 | BF60: 68.6858 | BG60: 68.6858 | BH60: 68.6858 | BI60: 68.6858 | BJ60: 68.6858 | BK60: 68.6858 | BL60: 67.9643 | BM60: 67.9643 | BN60: 67.9643 | BO60: 67.9643 | BP60: 67.9643 | BQ60: 67.9643 | BR60: 70.4179 | BS60: 70.4179 | BT60: 70.4179 | BU60: 70.4179 | BV60: 70.4179 | BW60: 70.4179 | BX60: 72.4507 | BY60: 72.4507 | BZ60: 72.4507 | CA60: 72.4507 | CB60: 72.4507 | CC60: 72.4507 | CD60: 74.956 | CE60: 74.956 | CF60: 74.956 | CG60: 74.956 | CH60: 74.956 | CI60: 74.956 | CJ60: 75.1837 | CK60: 75.1837 | CL60: 75.1837 | CM60: 75.1837 | CN60: 75.1837 | CO60: 75.1837 | CP60: 73.9712 | CQ60: 73.9712 | CR60: 73.9712 | CS60: 73.9712 | CT60: 73.9712 | CU60: 73.9712 | CV60: 73.9123 | CW60: 73.9123 | CX60: 73.9123 | CY60: 73.9123 | CZ60: 73.9123 | DA60: 73.9123 | DB60: 72.1977 | DC60: 72.1977 | DD60: 72.1977 | DE60: 72.1977 | DF60: 72.1977 | DG60: 72.1977 | DH60: 75.943 | DI60: 75.943 | DJ60: 75.943 | DK60: 75.943 | DL60: 75.943 | DM60: 75.943 | DN60: 74.9917 | DO60: 74.9917 | DP60: 74.9917 | DQ60: 74.9917 | DR60: 74.9917 | DS60: 74.9917 | DT60: 74.8187 | DU60: 74.8187 | DV60: 74.8187 | DW60: 74.8187 | DX60: 74.8187 | DY60: 74.8187 | DZ60: 75.2572 | EA60: 75.2572 | EB60: 75.2572 | EC60: 75.2572 | ED60: 75.2572 | EE60: 75.2572 | EF60: 75.5561 | EG60: 75.5561 | EH60: 75.5561 | EI60: 75.5561 | EJ60: 75.5561 | EK60: 75.5561 | EL60: 75.5029 | EM60: 75.5029 | EN60: 75.5029 | EO60: 75.5029 | EP60: 75.5029 | EQ60: 75.5029 | ER60: 77.043 | ES60: 77.043 | ET60: 77.043 | EU60: 77.043 | EV60: 77.043 | EW60: 77.043 | EX60: 75.9717 | EY60: 75.9717 | EZ60: 75.9717 | FA60: 75.9717 | FB60: 75.9717 | FC60: 75.9717 | FD60: 76.6016 | FE60: 76.6016 | FF60: 76.6016 | FG60: 76.6016 | FH60: 76.6016 | FI60: 76.6016 | FJ60: 77.1298 | FK60: 77.1298 | FL60: 77.1298 | FM60: 77.1298 | FN60: 77.1298 | FO60: 77.1298 | FP60: 78.147 | FQ60: 78.147 | FR60: 78.147 | FS60: 78.147 | FT60: 78.147 | FU60: 78.147 | FV60: 75.2812 | FW60: 75.2812 | FX60: 75.2812 | FY60: 75.2812 | FZ60: 75.2812 | GA60: 75.2812 | GB60: 74.0179 | GC60: 74.0179 | GD60: 74.0179 | GE60: 74.0179 | GF60: 74.0179 | GG60: 74.0179 | GH60: 73.6215 | GI60: 73.6215 | GJ60: 73.6215 | GK60: 73.6215 | GL60: 73.6215 | GM60: 73.6215 | GN60: 73.9049 | GO60: 73.9049 | GP60: 73.9049 | GQ60: 73.9049 | GR60: 73.9049 | GS60: 73.9049 | GT60: 78.4163 | GU60: 78.4163 | GV60: 78.4163 | GW60: 78.4163 | GX60: 78.4163 | GY60: 78.4163 | GZ60: 80.3722 | HA60: 80.3722 | HB60: 80.3722 | HC60: 80.3722 | HD60: 80.3722 | HE60: 80.3722 | HF60: 80.3756 | HG60: 80.3756 | HH60: 80.3756 | HI60: 80.3756 | HJ60: 80.3756 | HK60: 80.3756 | HL60: 80.0664 | HM60: 80.0664 | HN60: 80.0664 | HO60: 80.0664 | HP60: 80.0664 | HQ60: 80.0664 | HR60: 79.9648 | HS60: 79.9648 | HT60: 79.9648 | HU60: 79.9648 | HV60: 79.9648 | HW60: 79.9648 | HX60: 80.6634 | HY60: 80.6634 | HZ60: 80.6634 | IA60: 80.6634 | IB60: 80.6634 | IC60: 80.6634 | ID60: 79.799 | IE60: 79.799 | IF60: 79.799 | IG60: 79.799 | IH60: 79.799 | II60: 79.799 | IJ60: 83.2942 | IK60: 83.2942 | IL60: 83.2942 | IM60: 83.2942 | IN60: 83.2942 | IO60: 83.2942 | IP60: 88.3886 | IQ60: 88.3886 | IR60: 88.3886 | IS60: 88.3886 | IT60: 88.3886 | IU60: 88.3886 | IV60: 90.7694 | IW60: 90.7694 | IX60: 90.7694 | IY60: 90.7694 | IZ60: 90.7694 | JA60: 90.7694 | JB60: 95.5048 | JC60: 95.5048 | JD60: 95.5048 | JE60: 95.5048 | JF60: 95.5048 | JG60: 95.5048 | JH60: 97.2012 | JI60: 97.2012 | JJ60: 97.2012 | JK60: 97.2012 | JL60: 97.2012 | JM60: 97.2012 | JN60: 98.4728 | JO60: 98.4728 | JP60: 98.4728 | JQ60: 98.4728 | JR60: 98.4728 | JS60: 98.4728 | JT60: 99.5046 | JU60: 99.5046 | JV60: 99.5046 | JW60: 99.5046 | JX60: 99.5046 | JY60: 99.5046 | JZ60: 98.9914 | KA60: 98.9914 | KB60: 98.9914 | KC60: 98.9914 | KD60: 98.9914 | KE60: 98.9914 | KF60: 100 | KG60: 100 | KH60: 100 | KI60: 100 | KJ60: 100 | KK60: 100 | KL60: 100.3279 | KM60: 100.3279 | KN60: 100.3279 | KO60: 100.3279
A61: <KBOB.16.23.2> | E61: 16.23.2 | F61: =IFERROR(VLOOKUP(A61,PPI_IPI_PGA_PGAI!$A:$N,$R$1+1,FALSE),"") -> Innenausbau (Wandschränke) | P61: 69.1107 | Q61: 69.1107 | R61: 69.1107 | S61: 69.1107 | T61: 69.1107 | U61: 69.1107 | V61: 67.1089 | W61: 67.1089 | X61: 67.1089 | Y61: 67.1089 | Z61: 67.1089 | AA61: 67.1089 | AB61: 66.2851 | AC61: 66.2851 | AD61: 66.2851 | AE61: 66.2851 | AF61: 66.2851 | AG61: 66.2851 | AH61: 65.416 | AI61: 65.416 | AJ61: 65.416 | AK61: 65.416 | AL61: 65.416 | AM61: 65.416 | AN61: 66.9768 | AO61: 66.9768 | AP61: 66.9768 | AQ61: 66.9768 | AR61: 66.9768 | AS61: 66.9768 | AT61: 68.5631 | AU61: 68.5631 | AV61: 68.5631 | AW61: 68.5631 | AX61: 68.5631 | AY61: 68.5631 | AZ61: 67.7351 | BA61: 67.7351 | BB61: 67.7351 | BC61: 67.7351 | BD61: 67.7351 | BE61: 67.7351 | BF61: 70.1102 | BG61: 70.1102 | BH61: 70.1102 | BI61: 70.1102 | BJ61: 70.1102 | BK61: 70.1102 | BL61: 69.5875 | BM61: 69.5875 | BN61: 69.5875 | BO61: 69.5875 | BP61: 69.5875 | BQ61: 69.5875 | BR61: 71.5477 | BS61: 71.5477 | BT61: 71.5477 | BU61: 71.5477 | BV61: 71.5477 | BW61: 71.5477 | BX61: 73.6395 | BY61: 73.6395 | BZ61: 73.6395 | CA61: 73.6395 | CB61: 73.6395 | CC61: 73.6395 | CD61: 75.9862 | CE61: 75.9862 | CF61: 75.9862 | CG61: 75.9862 | CH61: 75.9862 | CI61: 75.9862 | CJ61: 74.0855 | CK61: 74.0855 | CL61: 74.0855 | CM61: 74.0855 | CN61: 74.0855 | CO61: 74.0855 | CP61: 75.5672 | CQ61: 75.5672 | CR61: 75.5672 | CS61: 75.5672 | CT61: 75.5672 | CU61: 75.5672 | CV61: 74.7842 | CW61: 74.7842 | CX61: 74.7842 | CY61: 74.7842 | CZ61: 74.7842 | DA61: 74.7842 | DB61: 75.6402 | DC61: 75.6402 | DD61: 75.6402 | DE61: 75.6402 | DF61: 75.6402 | DG61: 75.6402 | DH61: 78.6061 | DI61: 78.6061 | DJ61: 78.6061 | DK61: 78.6061 | DL61: 78.6061 | DM61: 78.6061 | DN61: 81.0804 | DO61: 81.0804 | DP61: 81.0804 | DQ61: 81.0804 | DR61: 81.0804 | DS61: 81.0804 | DT61: 82.5668 | DU61: 82.5668 | DV61: 82.5668 | DW61: 82.5668 | DX61: 82.5668 | DY61: 82.5668 | DZ61: 79.4794 | EA61: 79.4794 | EB61: 79.4794 | EC61: 79.4794 | ED61: 79.4794 | EE61: 79.4794 | EF61: 80.542 | EG61: 80.542 | EH61: 80.542 | EI61: 80.542 | EJ61: 80.542 | EK61: 80.542 | EL61: 80.3318 | EM61: 80.3318 | EN61: 80.3318 | EO61: 80.3318 | EP61: 80.3318 | EQ61: 80.3318 | ER61: 82.4302 | ES61: 82.4302 | ET61: 82.4302 | EU61: 82.4302 | EV61: 82.4302 | EW61: 82.4302 | EX61: 81.5406 | EY61: 81.5406 | EZ61: 81.5406 | FA61: 81.5406 | FB61: 81.5406 | FC61: 81.5406 | FD61: 81.7241 | FE61: 81.7241 | FF61: 81.7241 | FG61: 81.7241 | FH61: 81.7241 | FI61: 81.7241 | FJ61: 79.7187 | FK61: 79.7187 | FL61: 79.7187 | FM61: 79.7187 | FN61: 79.7187 | FO61: 79.7187 | FP61: 81.0852 | FQ61: 81.0852 | FR61: 81.0852 | FS61: 81.0852 | FT61: 81.0852 | FU61: 81.0852 | FV61: 76.4837 | FW61: 76.4837 | FX61: 76.4837 | FY61: 76.4837 | FZ61: 76.4837 | GA61: 76.4837 | GB61: 75.034 | GC61: 75.034 | GD61: 75.034 | GE61: 75.034 | GF61: 75.034 | GG61: 75.034 | GH61: 75.7537 | GI61: 75.7537 | GJ61: 75.7537 | GK61: 75.7537 | GL61: 75.7537 | GM61: 75.7537 | GN61: 75.8719 | GO61: 75.8719 | GP61: 75.8719 | GQ61: 75.8719 | GR61: 75.8719 | GS61: 75.8719 | GT61: 79.6618 | GU61: 79.6618 | GV61: 79.6618 | GW61: 79.6618 | GX61: 79.6618 | GY61: 79.6618 | GZ61: 78.0376 | HA61: 78.0376 | HB61: 78.0376 | HC61: 78.0376 | HD61: 78.0376 | HE61: 78.0376 | HF61: 78.9648 | HG61: 78.9648 | HH61: 78.9648 | HI61: 78.9648 | HJ61: 78.9648 | HK61: 78.9648 | HL61: 79.3984 | HM61: 79.3984 | HN61: 79.3984 | HO61: 79.3984 | HP61: 79.3984 | HQ61: 79.3984 | HR61: 77.5528 | HS61: 77.5528 | HT61: 77.5528 | HU61: 77.5528 | HV61: 77.5528 | HW61: 77.5528 | HX61: 78.1351 | HY61: 78.1351 | HZ61: 78.1351 | IA61: 78.1351 | IB61: 78.1351 | IC61: 78.1351 | ID61: 79.3412 | IE61: 79.3412 | IF61: 79.3412 | IG61: 79.3412 | IH61: 79.3412 | II61: 79.3412 | IJ61: 82.8101 | IK61: 82.8101 | IL61: 82.8101 | IM61: 82.8101 | IN61: 82.8101 | IO61: 82.8101 | IP61: 87.0322 | IQ61: 87.0322 | IR61: 87.0322 | IS61: 87.0322 | IT61: 87.0322 | IU61: 87.0322 | IV61: 89.7643 | IW61: 89.7643 | IX61: 89.7643 | IY61: 89.7643 | IZ61: 89.7643 | JA61: 89.7643 | JB61: 95.8612 | JC61: 95.8612 | JD61: 95.8612 | JE61: 95.8612 | JF61: 95.8612 | JG61: 95.8612 | JH61: 98.1331 | JI61: 98.1331 | JJ61: 98.1331 | JK61: 98.1331 | JL61: 98.1331 | JM61: 98.1331 | JN61: 98.354 | JO61: 98.354 | JP61: 98.354 | JQ61: 98.354 | JR61: 98.354 | JS61: 98.354 | JT61: 99.2236 | JU61: 99.2236 | JV61: 99.2236 | JW61: 99.2236 | JX61: 99.2236 | JY61: 99.2236 | JZ61: 99.7748 | KA61: 99.7748 | KB61: 99.7748 | KC61: 99.7748 | KD61: 99.7748 | KE61: 99.7748 | KF61: 100 | KG61: 100 | KH61: 100 | KI61: 100 | KJ61: 100 | KK61: 100 | KL61: 100.6429 | KM61: 100.6429 | KN61: 100.6429 | KO61: 100.6429
A62: <KBOB.19.20.1> | E62: 19.20.1 | F62: =IFERROR(VLOOKUP(A62,PPI_IPI_PGA_PGAI!$A:$N,$R$1+1,FALSE),"") -> Treibstoff | P62: 82.8202 | Q62: 85.5713 | R62: 86.4838 | S62: 88.2989 | T62: 86.4014 | U62: 83.3891 | V62: 83.4579 | W62: 84.4131 | X62: 86.1438 | Y62: 87.6766 | Z62: 86.7568 | AA62: 84.7841 | AB62: 84.8024 | AC62: 85.2175 | AD62: 85.1728 | AE62: 88.2318 | AF62: 89.2137 | AG62: 94.0345 | AH62: 93.0861 | AI62: 90.5832 | AJ62: 95.2302 | AK62: 93.717 | AL62: 97.6957 | AM62: 95.921 | AN62: 92.3026 | AO62: 89.1909 | AP62: 93.2251 | AQ62: 94.0978 | AR62: 102.1167 | AS62: 98.4732 | AT62: 99.6356 | AU62: 104.6588 | AV62: 108.1506 | AW62: 120.3578 | AX62: 118.0569 | AY62: 106.3886 | AZ62: 105.1918 | BA62: 107.1206 | BB62: 107.7668 | BC62: 106.5347 | BD62: 112.0507 | BE62: 115.281 | BF62: 114.3526 | BG62: 116.7259 | BH62: 119.8599 | BI62: 109.161 | BJ62: 104.1959 | BK62: 102.1916 | BL62: 103.7377 | BM62: 102.5759 | BN62: 101.3243 | BO62: 107.2785 | BP62: 110.2931 | BQ62: 117.4792 | BR62: 116.4581 | BS62: 116.0291 | BT62: 113.1889 | BU62: 114.0712 | BV62: 112.9085 | BW62: 120.5783 | BX62: 118.6662 | BY62: 121.6671 | BZ62: 115.1272 | CA62: 119.8456 | CB62: 119.6009 | CC62: 126.394 | CD62: 135.736 | CE62: 137.9297 | CF62: 132.5622 | CG62: 131.2744 | CH62: 124.671 | CI62: 105.9641 | CJ62: 97.0835 | CK62: 91.2799 | CL62: 94.699 | CM62: 92.6792 | CN62: 95.8286 | CO62: 97.4634 | CP62: 104.4446 | CQ62: 103.0941 | CR62: 107.194 | CS62: 104.8311 | CT62: 103.5445 | CU62: 107.2959 | CV62: 104.7704 | CW62: 107.3617 | CX62: 105.4305 | CY62: 109.0458 | CZ62: 112.9527 | DA62: 115.5238 | DB62: 110.6616 | DC62: 107.2025 | DD62: 108.128 | DE62: 104.597 | DF62: 105.6449 | DG62: 107.9474 | DH62: 110.6227 | DI62: 110.1623 | DJ62: 112.876 | DK62: 117.4992 | DL62: 122.0779 | DM62: 121.738 | DN62: 117.2307 | DO62: 113.786 | DP62: 112.0029 | DQ62: 115.2502 | DR62: 115.5252 | DS62: 115.7878 | DT62: 117.7674 | DU62: 117.8499 | DV62: 119.7884 | DW62: 123.4431 | DX62: 126.2656 | DY62: 122.3168 | DZ62: 118.5423 | EA62: 116.8378 | EB62: 122.2831 | EC62: 125.9387 | ED62: 124.7244 | EE62: 118.0197 | EF62: 118.3311 | EG62: 118.162 | EH62: 121.0771 | EI62: 120.0121 | EJ62: 119.9285 | EK62: 115.3089 | EL62: 116.3546 | EM62: 115.983 | EN62: 119.4526 | EO62: 120.8171 | EP62: 116.006 | EQ62: 115.1456 | ER62: 116.1406 | ES62: 115.5086 | ET62: 113.7952 | EU62: 115.0867 | EV62: 115.0806 | EW62: 115.2059 | EX62: 115.5482 | EY62: 117.6428 | EZ62: 114.5685 | FA62: 114.8162 | FB62: 113.3881 | FC62: 108.102 | FD62: 101.8613 | FE62: 93.7127 | FF62: 91.0744 | FG62: 97.7553 | FH62: 96.0522 | FI62: 99.9421 | FJ62: 100.2216 | FK62: 99.3827 | FL62: 97.2005 | FM62: 94.373 | FN62: 93.0383 | FO62: 95.8399 | FP62: 90.8379 | FQ62: 86.6707 | FR62: 83.2606 | FS62: 82.8428 | FT62: 85.6556 | FU62: 88.3335 | FV62: 91.4205 | FW62: 89.8824 | FX62: 85.38 | FY62: 88.7985 | FZ62: 91.0462 | GA62: 92.4529 | GB62: 92.8481 | GC62: 97.1562 | GD62: 95.5039 | GE62: 94.7544 | GF62: 93.5866 | GG62: 91.6145 | GH62: 91.6199 | GI62: 90.6169 | GJ62: 93.0699 | GK62: 95.927 | GL62: 94.7797 | GM62: 97.9911 | GN62: 97.2921 | GO62: 98.6533 | GP62: 98.7453 | GQ62: 96.2725 | GR62: 99.8457 | GS62: 103.4625 | GT62: 105.3222 | GU62: 105.4641 | GV62: 106.0686 | GW62: 107.6399 | GX62: 111.4029 | GY62: 112.1727 | GZ62: 103.5558 | HA62: 94.5972 | HB62: 97.2585 | HC62: 100.9414 | HD62: 101.8535 | HE62: 105.7771 | HF62: 100.7016 | HG62: 101.3368 | HH62: 100.9227 | HI62: 98.5335 | HJ62: 100.3279 | HK62: 98.8346 | HL62: 98.4719 | HM62: 100.1558 | HN62: 93.2268 | HO62: 89.5664 | HP62: 76.711 | HQ62: 76.3414 | HR62: 81.2892 | HS62: 83.8058 | HT62: 83.0017 | HU62: 83.4307 | HV62: 82.2345 | HW62: 79.4909 | HX62: 84.016 | HY62: 88.5622 | HZ62: 90.5439 | IA62: 96.4176 | IB62: 97.2206 | IC62: 98.5485 | ID62: 98.8727 | IE62: 102.0616 | IF62: 101.6156 | IG62: 101.865 | IH62: 105.9073 | II62: 110.3329 | IJ62: 105.3043 | IK62: 105.5476 | IL62: 112.1885 | IM62: 122.6808 | IN62: 130.9493 | IO62: 136.3146 | IP62: 145.5769 | IQ62: 142.7246 | IR62: 136.3719 | IS62: 133.0962 | IT62: 128.2282 | IU62: 131.9088 | IV62: 120.6863 | IW62: 119.7512 | IX62: 117.02 | IY62: 117.0068 | IZ62: 114.844 | JA62: 108.2289 | JB62: 108.5733 | JC62: 110.3959 | JD62: 117.5344 | JE62: 117.7317 | JF62: 119.1485 | JG62: 116.4883 | JH62: 110.3415 | JI62: 106.327 | JJ62: 108.9733 | JK62: 111.5665 | JL62: 115.1445 | JM62: 112.1487 | JN62: 109.3219 | JO62: 111.8639 | JP62: 106.477 | JQ62: 103.1771 | JR62: 101.4252 | JS62: 102.3057 | JT62: 102.2037 | JU62: 104.9677 | JV62: 106.0814 | JW62: 104.0243 | JX62: 105.4585 | JY62: 100.3979 | JZ62: 98.8837 | KA62: 100.4422 | KB62: 100.7749 | KC62: 100.1811 | KD62: 99.7826 | KE62: 101.0602 | KF62: 100 | KG62: 95.5951 | KH62: 98.1128 | KI62: 106.7811 | KJ62: 124.3339 | KK62: 124.5237 | KL62: 116.6742 | KM62: 115.4576 | KN62: 131.1008 | KO62: 136.6061
A63: <KBOB.19.20.11> | E63: 19.20.11 | F63: =IFERROR(VLOOKUP(A63,PPI_IPI_PGA_PGAI!$A:$N,$R$1+1,FALSE),"") -> Benzin | P63: 83.0835 | Q63: 85.9403 | R63: 87.1824 | S63: 88.2792 | T63: 87.0963 | U63: 84.0184 | V63: 84.2617 | W63: 85.2792 | X63: 87.157 | Y63: 89.1117 | Z63: 87.0621 | AA63: 84.8838 | AB63: 85.143 | AC63: 85.2299 | AD63: 85.917 | AE63: 88.9285 | AF63: 90.1729 | AG63: 95.9064 | AH63: 94.8035 | AI63: 91.5328 | AJ63: 95.7108 | AK63: 93.7207 | AL63: 97.1841 | AM63: 94.9993 | AN63: 90.9536 | AO63: 87.9287 | AP63: 93.3779 | AQ63: 92.9954 | AR63: 101.7313 | AS63: 98.2184 | AT63: 98.9685 | AU63: 104.0168 | AV63: 108.5921 | AW63: 122.4204 | AX63: 118.7444 | AY63: 105.2547 | AZ63: 104.3295 | BA63: 106.8115 | BB63: 107.2144 | BC63: 105.6439 | BD63: 112.2503 | BE63: 115.8264 | BF63: 115.3009 | BG63: 117.9576 | BH63: 121.483 | BI63: 108.0262 | BJ63: 102.8515 | BK63: 100.7469 | BL63: 102.8488 | BM63: 102.3746 | BN63: 100.5669 | BO63: 107.8831 | BP63: 110.9936 | BQ63: 119.9926 | BR63: 118.5063 | BS63: 117.3553 | BT63: 113.2843 | BU63: 114.6382 | BV63: 112.224 | BW63: 119.9235 | BX63: 116.988 | BY63: 120.879 | BZ63: 114.1875 | CA63: 118.1983 | CB63: 118.1856 | CC63: 123.7909 | CD63: 133.1074 | CE63: 135.479 | CF63: 130.6479 | CG63: 129.984 | CH63: 122.1745 | CI63: 101.0086 | CJ63: 94.0538 | CK63: 88.6284 | CL63: 93.1022 | CM63: 92.6518 | CN63: 95.9432 | CO63: 98.4227 | CP63: 106.2516 | CQ63: 105.0296 | CR63: 108.8993 | CS63: 106.0464 | CT63: 103.8592 | CU63: 108.117 | CV63: 105.759 | CW63: 108.1729 | CX63: 106.7161 | CY63: 110.283 | CZ63: 114.2365 | DA63: 116.333 | DB63: 111.3253 | DC63: 107.926 | DD63: 108.7918 | DE63: 104.9184 | DF63: 105.5217 | DG63: 107.866 | DH63: 111.0688 | DI63: 110.3097 | DJ63: 112.1959 | DK63: 116.5663 | DL63: 122.3481 | DM63: 123.4091 | DN63: 118.0545 | DO63: 114.3201 | DP63: 112.8869 | DQ63: 116.2312 | DR63: 114.7641 | DS63: 113.3477 | DT63: 114.6811 | DU63: 116.8469 | DV63: 119.8123 | DW63: 124.1755 | DX63: 129.0605 | DY63: 123.0067 | DZ63: 119.7384 | EA63: 117.4349 | EB63: 123.3127 | EC63: 127.1325 | ED63: 125.9191 | EE63: 115.7185 | EF63: 117.26 | EG63: 118.2569 | EH63: 122.0484 | EI63: 121.0372 | EJ63: 120.7544 | EK63: 116.0392 | EL63: 118.0667 | EM63: 116.4866 | EN63: 120.5222 | EO63: 121.431 | EP63: 115.7128 | EQ63: 114.1324 | ER63: 115.5241 | ES63: 115.2538 | ET63: 113.6045 | EU63: 115.4488 | EV63: 116.3736 | EW63: 116.6557 | EX63: 117.5446 | EY63: 120.3666 | EZ63: 115.6664 | FA63: 116.5746 | FB63: 115.0884 | FC63: 108.008 | FD63: 102.1742 | FE63: 93.3312 | FF63: 91.3715 | FG63: 98.2516 | FH63: 97.7312 | FI63: 101.92 | FJ63: 102.805 | FK63: 102.3064 | FL63: 101.4465 | FM63: 96.3241 | FN63: 93.5729 | FO63: 95.5031 | FP63: 92.3621 | FQ63: 89.1452 | FR63: 86.5694 | FS63: 84.4805 | FT63: 89.5435 | FU63: 91.3624 | FV63: 93.8737 | FW63: 91.5717 | FX63: 87.7866 | FY63: 90.7048 | FZ63: 92.7573 | GA63: 94.1748 | GB63: 93.8364 | GC63: 97.8668 | GD63: 96.9263 | GE63: 96.3366 | GF63: 96.2723 | GG63: 93.783 | GH63: 94.1948 | GI63: 92.5065 | GJ63: 94.8731 | GK63: 99.8083 | GL63: 94.8442 | GM63: 99.1738 | GN63: 98.3018 | GO63: 98.8802 | GP63: 100.094 | GQ63: 97.2276 | GR63: 101.3856 | GS63: 104.9052 | GT63: 106.4318 | GU63: 106.7935 | GV63: 107.6165 | GW63: 108.2049 | GX63: 110.2706 | GY63: 108.0302 | GZ63: 100.2948 | HA63: 93.3746 | HB63: 94.7931 | HC63: 98.5919 | HD63: 103.3128 | HE63: 107.9637 | HF63: 103.0097 | HG63: 103.3164 | HH63: 102.8393 | HI63: 99.355 | HJ63: 100.6725 | HK63: 99.6539 | HL63: 98.4048 | HM63: 99.9905 | HN63: 94.529 | HO63: 90.3166 | HP63: 73.4552 | HQ63: 75.6619 | HR63: 81.7721 | HS63: 85.0015 | HT63: 83.6196 | HU63: 85.507 | HV63: 84.7845 | HW63: 80.9919 | HX63: 84.7667 | HY63: 89.9711 | HZ63: 92.2307 | IA63: 98.9376 | IB63: 100.8867 | IC63: 102.1193 | ID63: 101.8527 | IE63: 105.619 | IF63: 105.6594 | IG63: 105.7379 | IH63: 108.489 | II63: 112.92 | IJ63: 106.5239 | IK63: 107.5046 | IL63: 113.4879 | IM63: 122.4343 | IN63: 128.1418 | IO63: 132.3615 | IP63: 150.6244 | IQ63: 143.2079 | IR63: 133.9983 | IS63: 124.7048 | IT63: 121.6425 | IU63: 126.3059 | IV63: 115.2342 | IW63: 115.9146 | IX63: 116.3689 | IY63: 116.5939 | IZ63: 118.4227 | JA63: 112.325 | JB63: 112.7334 | JC63: 113.9777 | JD63: 119.7294 | JE63: 118.9558 | JF63: 115.2664 | JG63: 114.518 | JH63: 108.7167 | JI63: 105.6385 | JJ63: 107.0779 | JK63: 111.5795 | JL63: 117.2679 | JM63: 116.0067 | JN63: 112.0587 | JO63: 113.2351 | JP63: 108.2537 | JQ63: 103.6156 | JR63: 102.3187 | JS63: 102.5506 | JT63: 102.1671 | JU63: 105.13 | JV63: 106.6088 | JW63: 104.055 | JX63: 106.5742 | JY63: 102.0345 | JZ63: 101.0545 | KA63: 100.3017 | KB63: 101.5447 | KC63: 101.3762 | KD63: 100.3022 | KE63: 100.5086 | KF63: 100 | KG63: 95.4143 | KH63: 96.9686 | KI63: 102.3333 | KJ63: 115.2697 | KK63: 120.7809 | KL63: 114.7407 | KM63: 115.5977 | KN63: 126.0591 | KO63: 132.3204
A64: <KBOB.19.20.12> | E64: 19.20.12 | F64: =IFERROR(VLOOKUP(A64,PPI_IPI_PGA_PGAI!$A:$N,$R$1+1,FALSE),"") -> Diesel | P64: 83.6718 | Q64: 86.0348 | R64: 85.5541 | S64: 90.4975 | T64: 85.4859 | U64: 82.6823 | V64: 82.1935 | W64: 82.9644 | X64: 84.2503 | Y64: 84.457 | Z64: 87.1405 | AA64: 85.795 | AB64: 85.0418 | AC64: 86.5145 | AD64: 84.126 | AE64: 87.3858 | AF64: 87.542 | AG64: 89.5154 | AH64: 89.0472 | AI64: 88.9637 | AJ64: 95.1854 | AK64: 95.1757 | AL64: 100.8671 | AM64: 100.3781 | AN64: 98.0717 | AO64: 94.633 | AP64: 94.1987 | AQ64: 99.1048 | AR64: 104.9532 | AS64: 100.8344 | AT64: 103.3353 | AU64: 108.3572 | AV64: 108.4334 | AW64: 115.6409 | AX64: 117.7082 | AY64: 111.6892 | AZ64: 109.6035 | BA64: 109.7908 | BB64: 111.2273 | BC64: 111.059 | BD64: 113.1702 | BE64: 115.3433 | BF64: 113.1106 | BG64: 114.6134 | BH64: 116.5434 | BI64: 114.5083 | BJ64: 110.1369 | BK64: 108.4218 | BL64: 108.2124 | BM64: 104.8303 | BN64: 105.3395 | BO64: 107.0253 | BP64: 109.7808 | BQ64: 111.2733 | BR64: 111.7267 | BS64: 113.6021 | BT64: 114.6593 | BU64: 114.0448 | BV64: 116.872 | BW64: 124.5675 | BX64: 125.9025 | BY64: 126.0998 | BZ64: 119.9427 | CA64: 127.0014 | CB64: 126.0101 | CC64: 136.7131 | CD64: 146.2837 | CE64: 147.9419 | CF64: 140.7726 | CG64: 137.4673 | CH64: 134.6227 | CI64: 123.496 | CJ64: 108.3093 | CK64: 101.2035 | CL64: 101.2992 | CM64: 94.2207 | CN64: 96.9654 | CO64: 95.9208 | CP64: 100.2967 | CQ64: 98.5135 | CR64: 103.4148 | CS64: 102.5839 | CT64: 104.1611 | CU64: 106.35 | CV64: 103.2488 | CW64: 106.4487 | CX64: 102.9681 | CY64: 106.7952 | CZ64: 110.6143 | DA64: 114.7456 | DB64: 110.273 | DC64: 106.5678 | DD64: 107.6991 | DE64: 105.2094 | DF64: 107.6969 | DG64: 109.9014 | DH64: 110.9304 | DI64: 110.8678 | DJ64: 114.7181 | DK64: 119.7192 | DL64: 122.7161 | DM64: 120.4878 | DN64: 117.0842 | DO64: 114.0011 | DP64: 111.7325 | DQ64: 114.8756 | DR64: 117.4977 | DS64: 120.0222 | DT64: 122.8878 | DU64: 120.1671 | DV64: 120.7393 | DW64: 123.4704 | DX64: 123.5401 | DY64: 122.3922 | DZ64: 117.9055 | EA64: 116.9931 | EB64: 121.9011 | EC64: 125.3654 | ED64: 124.1398 | EE64: 122.0856 | EF64: 120.744 | EG64: 119.004 | EH64: 120.7632 | EI64: 119.6174 | EJ64: 119.8014 | EK64: 115.2723 | EL64: 115.0051 | EM64: 116.2571 | EN64: 118.9937 | EO64: 120.9822 | EP64: 117.3528 | EQ64: 117.4546 | ER64: 117.9237 | ES64: 116.7994 | ET64: 114.9857 | EU64: 115.544 | EV64: 114.2848 | EW64: 114.1999 | EX64: 113.8096 | EY64: 114.9425 | EZ64: 114.0308 | FA64: 113.3916 | FB64: 112.0303 | FC64: 109.116 | FD64: 102.2762 | FE64: 94.9952 | FF64: 91.4221 | FG64: 97.8895 | FH64: 94.5807 | FI64: 98.1003 | FJ64: 97.5672 | FK64: 96.2632 | FL64: 92.2838 | FM64: 92.5215 | FN64: 93.0823 | FO64: 97.0798 | FP64: 89.5319 | FQ64: 83.4465 | FR64: 80.4302 | FS64: 81.4401 | FT64: 82.3304 | FU64: 85.7421 | FV64: 89.3206 | FW64: 88.4352 | FX64: 83.3203 | FY64: 87.166 | FZ64: 89.5804 | GA64: 90.9778 | GB64: 91.9997 | GC64: 96.5451 | GD64: 94.2846 | GE64: 93.3985 | GF64: 91.2879 | GG64: 89.758 | GH64: 89.4162 | GI64: 88.9989 | GJ64: 91.5254 | GK64: 92.6069 | GL64: 94.7206 | GM64: 96.9766 | GN64: 96.4255 | GO64: 98.4553 | GP64: 97.5889 | GQ64: 95.4523 | GR64: 98.5259 | GS64: 102.2255 | GT64: 104.37 | GU64: 104.3239 | GV64: 104.7417 | GW64: 107.1526 | GX64: 112.3654 | GY64: 115.7071 | GZ64: 106.3375 | HA64: 95.6379 | HB64: 99.3606 | HC64: 102.9443 | HD64: 100.6024 | HE64: 103.9045 | HF64: 98.7253 | HG64: 99.6412 | HH64: 99.2811 | HI64: 97.8274 | HJ64: 100.0293 | HK64: 98.1305 | HL64: 98.5252 | HM64: 100.2926 | HN64: 92.1104 | HO64: 88.9217 | HP64: 79.4894 | HQ64: 76.9186 | HR64: 80.8731 | HS64: 82.7807 | HT64: 82.4704 | HU64: 81.6532 | HV64: 80.0524 | HW64: 78.2053 | HX64: 83.371 | HY64: 87.3519 | HZ64: 89.0947 | IA64: 94.2525 | IB64: 94.0707 | IC64: 95.4806 | ID64: 96.3124 | IE64: 99.0052 | IF64: 98.1413 | IG64: 98.5375 | IH64: 103.6892 | II64: 108.1102 | IJ64: 104.2566 | IK64: 103.8662 | IL64: 111.0722 | IM64: 122.8926 | IN64: 133.3615 | IO64: 139.7109 | IP64: 141.2403 | IQ64: 142.3092 | IR64: 138.4113 | IS64: 140.3055 | IT64: 133.8863 | IU64: 136.7227 | IV64: 125.3706 | IW64: 123.0475 | IX64: 117.5794 | IY64: 117.3616 | IZ64: 111.7695 | JA64: 104.7095 | JB64: 104.9991 | JC64: 107.3185 | JD64: 115.6486 | JE64: 116.68 | JF64: 122.4838 | JG64: 118.1811 | JH64: 111.7375 | JI64: 106.9185 | JJ64: 110.6017 | JK64: 111.5553 | JL64: 113.3203 | JM64: 108.834 | JN64: 106.9705 | JO64: 110.6857 | JP64: 104.9504 | JQ64: 102.8004 | JR64: 100.6575 | JS64: 102.0953 | JT64: 102.235 | JU64: 104.8282 | JV64: 105.6283 | JW64: 103.9979 | JX64: 104.4999 | JY64: 98.9917 | JZ64: 97.0186 | KA64: 100.5628 | KB64: 100.1136 | KC64: 99.1544 | KD64: 99.3362 | KE64: 101.5342 | KF64: 100 | KG64: 95.7576 | KH64: 99.1413 | KI64: 110.7793 | KJ64: 132.4817 | KK64: 127.888 | KL64: 118.4123 | KM64: 115.3317 | KN64: 135.6327 | KO64: 140.4585
